Workbook
Name BESTAND: '[1]Opbr N-1'!#REF!
Name BESTAND: '[1]Opbr N-1'!#REF!
Name d: '[1]Opbr N-1'!#REF!
Name d: '[1]Opbr N-1'!#REF!
Name EURO: '[1]Opbr N-1'!#REF!
Name EURO: '[1]Opbr N-1'!#REF!

Sheet Aanbevolen Inhoud
A1: Soort | B1: Productnaam | C1: Productnr | D1: Contract Tariff Id | E1: 2024 | F1: DEF | G1: Acceptatie OVC | H1: Verkoop Servicebalie OVC | I1: Verkoop Servicebalie Overig | J1: DC Light | K1: DC 800 | L1: Verkoop Backoffice | M1: Verkoop Webshop
H2: Gewijzigde kolomnaam | I2: Nieuwe Kolom | J2: Nieuwe Kolom | K2: Nieuwe Kolom | L2: ZZ-LB: Assist -> Backoffice
A3: OV-Chipkaart tarieven | B3: Altijd invullen | C3: Nvt | D3: Nvt | E3: Altijd invullen | F3: Optioneel | G3: Ja | H3: Nvt | I3: Nvt | J3: Nvt | K3: Nvt | L3: Nvt | M3: Nvt
A4: OV-Chipkaart producten | B4: Altijd invullen | C4: Altijd Invullen | D4: Altijd Invullen | E4: Altijd invullen | F4: Optioneel | G4: Ja | H4: Ja of Nee | I4: Nvt | J4: Nvt | K4: Nvt | L4: Ja of Nee | M4: Ja of Nee
A5: CT-producten | B5: Altijd invullen | C5: Altijd Invullen | D5: Nvt | E5: Altijd invullen | F5: Optioneel | G5: Ja | H5: Nvt | I5: Ja of Nee | J5: Nvt | K5: Nvt | L5: Nvt | M5: Nvt
A6: Papieren kaartjes | B6: Altijd invullen | C6: Altijd Invullen | D6: Nvt | E6: Altijd invullen | F6: Optioneel | G6: Nvt | H6: Nvt | I6: Ja of Nee | J6: Ja of Nee | K6: Ja of Nee | L6: Nvt | M6: Nvt
A7: e-tickets | B7: Altijd invullen | C7: Nvt | D7: Nvt | E7: Altijd invullen | F7: Optioneel | G7: Nvt | H7: Nvt | I7: Ja of Nee | J7: Nvt | K7: Nvt | L7: Ja of Nee | M7: Ja of Nee

Sheet LOG
D2: d.d. 14-12-2023
B4: datum: | C4: concessie: | D4: wijziging:
B5: 45127 | C5: Oost | D5: TO DO: nieuwe producten Twente moeten toegevoegd worden. Mail naar Peter Fokkema gestuurd met, Maja/Remco in cc voor vullen sheet als basis om producten ingeregeld te krijgen
B6: 45250 | C6: all | D6: 0.4 Noord en Oost toegevoegd. Vastrecht NS document moet ik nog ontvangen. Prijzen zijn gelijk.
B7: 45253 | C7: Limburg / NS | D7: 0.5 Limburg correct + update Oost + vastrecht NS
B8: 45268 | C8: Oost | D8: 0.9 Aanpassing Twente + tariff ID netabonnementen
B9: 45274 | C9: Oost / Noord | D9: 1.0 Aanpassing Altijd Vrij RRReis maand en jaarprijzen voor 2023 en toevoeging Noord verkoopkanaal

Sheet 01 Vastrechten
A1: 01 | B1: Vastrechten & losse vervoersbewijzen
A3: Eret | B3: =0 -> 0
A4: Altijd Vrij/Traject Vrij | B4: =0 -> 0
A5: CPI | B5: ='[2]A Versie'!C14 -> 0.038
A6: Tariefruimte | B6: ='[2]A Versie'!C9 -> 0
A8: Consumenten portfolio
A9: Abonnementen
A10: Contract Tariff | B10: VAR-code / kl / red | E10: Productnaam | F10: Tarief | G10: Klasse | I10: P-2023 | J10: P-2024 | K10: Delta | L10: Opmerkingen
A11: 212 | B11: 5066 2 0000 | E11: Weekend Vrij | F11: Vol | G11: 2e | I11: 38.35 | J11: =J36 -> 38.35 | K11: =IF(J11<>0,(J11-I11)/I11,0) -> 0
A12: 211 | B12: 5066 1 0000 | E12: Weekend Vrij | F12: Vol | G12: 1e | I12: 47.35 | J12: =J37 -> 47.35 | K12: =IF(J12<>0,(J12-I12)/I12,0) -> 0
A13: 212 | B13: 5066 2 6500 & 5082 2 0000 | E13: Weekend Vrij | F13: Red | G13: 2e | I13: 28.35 | J13: =24.95+J51 -> 28.35 | K13: =IF(J13<>0,(J13-I13)/I13,0) -> 0
A14: 211 | B14: 5066 1 6500 & 5082 1 0000 | E14: Weekend Vrij | F14: Red | G14: 1e | I14: 36.35 | J14: =32.95+J51 -> 36.35 | K14: =IF(J14<>0,(J14-I14)/I14,0) -> 0
A15: 214 | B15: 5065 2 0000 | E15: Dal Vrij | F15: Vol | G15: 2e | I15: 119.95 | J15: =J39 -> 119.95 | K15: =IF(J15<>0,(J15-I15)/I15,0) -> 0
A16: 213 | B16: 5065 1 0000 | E16: Dal Vrij | F16: Vol | G16: 1e | I16: 159.95 | J16: =J40 -> 159.95 | K16: =IF(J16<>0,(J16-I16)/I16,0) -> 0
A17: 214 | B17: 5065 2 6500 & 5081 2 0000 | E17: Dal Vrij | F17: Red | G17: 2e | I17: 54.95 | J17: =I17 -> 54.95 | K17: =IF(J17<>0,(J17-I17)/I17,0) -> 0
A18: 213 | B18: 5065 1 6500 & 5081 1 0000 | E18: Dal Vrij | F18: Red | G18: 1e | I18: 87.95 | J18: =I18 -> 87.95 | K18: =IF(J18<>0,(J18-I18)/I18,0) -> 0
A19: 215 & 216 1 / 2 | B19: 5067 1 / 2 | E19: Altijd Voordeel | F19: nvt | I19: 26.7 | J19: =J41 -> 26.7 | K19: =IF(J19<>0,(J19-I19)/I19,0) -> 0
A20: 30 | B20: 5078 0 0000 | E20: Kids Vrij | F20: Vol | I20: 0 | J20: 0 | K20: =IF(J20<>0,(J20-I20)/I20,0) -> 0
A21: 220 | B21: 5069 2 0000 | E21: Altijd Vrij | F21: Vol | G21: 2e | I21: 353.8 | J21: =J42 -> 353.8 | K21: =IF(J21<>0,(J21-I21)/I21,0) -> 0
A22: 219 | B22: 5069 1 0000 | E22: Altijd Vrij | F22: Vol | G22: 1e | I22: 601.5 | J22: =J43 -> 601.5 | K22: =IF(J22<>0,(J22-I22)/I22,0) -> 0
A23: 55 | B23: 5329 2 0000 | E23: Maandkaart Altijd Vrij 1 maand | F23: Vol | G23: 2e | I23: 424.6 | J23: ='[2]03 Traject Vrij'!F16 -> 424.6 | K23: =IF(J23<>0,(J23-I23)/I23,0) -> 0 | L23: Prepaid kaart, geen abonnement. Te koop sinds april 2021
A24: 56 | B24: 5330 2 0000 | E24: Maandkaart Altijd Vrij 3 maanden | F24: Vol | G24: 2e | I24: 1061.4 | J24: =J21*3 -> 1061.4 | K24: =IF(J24<>0,(J24-I24)/I24,0) -> 0 | L24: Prepaid kaart, geen abonnement. Te koop sinds april 2021
A25: 55 | B25: 5329 1 0000 | E25: Maandkaart Altijd Vrij 1 maand | F25: Vol | G25: 1e | I25: 721.8 | J25: ='[2]03 Traject Vrij'!L16 -> 721.8 | K25: =IF(J25<>0,(J25-I25)/I25,0) -> 0 | L25: Prepaid kaart, geen abonnement. Te koop sinds april 2021
A26: 56 | B26: 5330 1 0000 | E26: Maandkaart Altijd Vrij 3 maanden | F26: Vol | G26: 1e | I26: 1804.5 | J26: =3*J22 -> 1804.5 | K26: =IF(J26<>0,(J26-I26)/I26,0) -> 0 | L26: Prepaid kaart, geen abonnement. Te koop sinds april 2021
A27: 209 & 210 1 / 2 | B27: 5064 1 / 2 | E27: Dal Voordeel | F27: nvt | G27: nvt | I27: 67.2 | J27: =12*J38 -> 67.2 | K27: =IF(J27<>0,(J27-I27)/I27,0) -> 0
A28: 91 / 90 | B28: 5134 2 / 5083 2 | E28: Keuzedagen | G28: 2e | I28: 27.5 | J28: =I28 -> 27.5 | K28: =IF(J28<>0,(J28-I28)/I28,0) -> 0
A29: 91 / 90 | B29: 5134 1 / 5083 1 | E29: Keuzedagen | G29: 1e | I29: 53.7 | J29: =I29 -> 53.7 | K29: =IF(J29<>0,(J29-I29)/I29,0) -> 0
E30: Toeslag Keuzedagen op Papier | I30: 11.6 | J30: =ROUND(I30*(1+$B$6),1) -> 11.6 | K30: =IF(J30<>0,(J30-I30)/I30,0) -> 0
E31: NS Flex administratie kosten | I31: 10 | J31: 10 | K31: =IF(J31<>0,(J31-I31)/I31,0) -> 0
E32: NS Flex basis | G32: nvt | I32: 0 | J32: 0 | K32: =IF(J32<>0,(J32-I32)/I32,0) -> 0
E33: NS Flex Weekend Voordeel | G33: nvt | I33: 2.2 | J33: =J50 -> 2.2 | K33: =IF(J33<>0,(J33-I33)/I33,0) -> 0
E34: NS Flex Weekend Vrij zonder dalkorting | G34: 2e | I34: 34.95 | J34: =J53 -> 34.95 | K34: =IF(J34<>0,(J34-I34)/I34,0) -> 0 | L34: Korting 65+ is 10 euro
E35: NS Flex Weekend Vrij zonder dalkorting | G35: 1e | I35: 43.95 | J35: =J53+J56 -> 43.95 | K35: =IF(J35<>0,(J35-I35)/I35,0) -> 0 | L35: Korting 65+ is 11 euro
E36: NS Flex Weekend Vrij met dalkorting | G36: 2e | I36: 38.35 | J36: =J53+J51 -> 38.35 | K36: =IF(J36<>0,(J36-I36)/I36,0) -> 0 | L36: Korting 65+ is 10 euro
E37: NS Flex Weekend Vrij met dalkorting | G37: 1e | I37: 47.35 | J37: =J53+J51+J56 -> 47.35 | K37: =IF(J37<>0,(J37-I37)/I37,0) -> 0 | L37: Korting 65+ is 11 euro
E38: NS Flex Dal Voordeel | G38: nvt | I38: 5.6 | J38: =J50+J51 -> 5.6 | K38: =IF(J38<>0,(J38-I38)/I38,0) -> 0
E39: NS Flex Dal Vrij | G39: 2e | I39: 119.95 | J39: =J53+J54 -> 119.95 | K39: =IF(J39<>0,(J39-I39)/I39,0) -> 0 | L39: Prijs 65+ is 54,95 euro
E40: NS Flex Dal Vrij | G40: 1e | I40: 159.95 | J40: =J53+J54+J56+J57 -> 159.95 | K40: =IF(J40<>0,(J40-I40)/I40,0) -> 0 | L40: Prijs 65+ is 87,95 euro
E41: NS Flex Altijd Voordeel | G41: nvt | I41: 26.7 | J41: =J50+J51+J52 -> 26.7 | K41: =IF(J41<>0,(J41-I41)/I41,0) -> 0
E42: NS Flex Altijd Vrij | G42: 2e | I42: 353.8 | J42: =J53+J54+J55 -> 353.8 | K42: =IF(J42<>0,(J42-I42)/I42,0) -> 0
E43: NS Flex Altijd Vrij | G43: 1e | I43: 601.5 | J43: =SUM(J53:J58) -> 601.5 | K43: =IF(J43<>0,(J43-I43)/I43,0) -> 0
E44: NS IC Direct Toeslag Vrij | G44: nvt | I44: 67.8 | J44: =I44 -> 67.8 | K44: =IF(J44<>0,(J44-I44)/I44,0) -> 0
E45: NS Flex 1e klas factor | F45: nvt | G45: nvt | I45: 0.7 | J45: ='[2]02 ERET'!C20-1 -> 0.7 | K45: =IF(J45<>0,(J45-I45)/I45,0) -> 0
E46: NS Flex 1e klas factor weekend | F46: nvt | G46: nvt | I46: 0.7 | J46: =J45 -> 0.7 | K46: =IF(J46<>0,(J46-I46)/I46,0) -> 0
E47: NS Flex Vol tarief in het weekend | F47: Vol | G47: 2e | I47: 0 | J47: =ROUND(I47*(1+$B$5),1) -> 0 | K47: =IF(J47<>0,(J47-I47)/I47,0) -> 0
E48: NS Flex Vol tarief reizen buiten de spits | F48: Vol | G48: 2e | I48: 0 | J48: =ROUND(I48*(1+$B$5),1) -> 0 | K48: =IF(J48<>0,(J48-I48)/I48,0) -> 0
E49: NS Flex Vol tarief reizen tijdens de spits | F49: Vol | G49: 2e | I49: 0 | J49: =ROUND(I49*(1+$B$5),1) -> 0 | K49: =IF(J49<>0,(J49-I49)/I49,0) -> 0
E50: NS Flex 40% korting in het weekend | F50: Red | G50: 2e | I50: 2.2 | J50: =I50 -> 2.2 | K50: =IF(J50<>0,(J50-I50)/I50,0) -> 0
E51: NS Flex 40% korting buiten de spits | F51: Red | G51: 2e | I51: 3.4 | J51: =I51 -> 3.4 | K51: =IF(J51<>0,(J51-I51)/I51,0) -> 0
E52: NS Flex 20% korting tijdens de spits | F52: Red | G52: 2e | I52: 21.1 | J52: =I52 -> 21.1 | K52: =IF(J52<>0,(J52-I52)/I52,0) -> 0
E53: NS Flex Vrij reizen in het weekend | F53: Red | G53: 2e | I53: 34.95 | J53: =I53 -> 34.95 | K53: =IF(J53<>0,(J53-I53)/I53,0) -> 0
E54: NS Flex Vrij reizen buiten de spits | F54: Red | G54: 2e | I54: 85 | J54: =I54 -> 85 | K54: =IF(J54<>0,(J54-I54)/I54,0) -> 0
E55: NS Flex Vrij reizen tijdens de spits | F55: Red | G55: 2e | I55: 233.85 | J55: =I55 -> 233.85 | K55: =IF(J55<>0,(J55-I55)/I55,0) -> 0
E56: NS Flex Vrij reizen in het weekend - toeslag 1e klas | F56: Red | G56: 1e | I56: 9 | J56: =I56 -> 9 | K56: =IF(J56<>0,(J56-I56)/I56,0) -> 0 | L56: toeslag boven op 2e klas
E57: NS Flex Vrij reizen buiten de spits - toeslag 1e klas | F57: Red | G57: 1e | I57: 31 | J57: =I57 -> 31 | K57: =IF(J57<>0,(J57-I57)/I57,0) -> 0 | L57: toeslag boven op 2e klas
E58: NS Flex Vrij reizen tijdens de spits - toeslag 1e klas | F58: Red | G58: 1e | I58: 207.7 | J58: =I58 -> 207.7 | K58: =IF(J58<>0,(J58-I58)/I58,0) -> 0 | L58: toeslag boven op 2e klas
E59: Landelijk Opstaptarief | G59: 1e en 2e | I59: 1.08 | J59: 1.08 | K59: =IF(J59<>0,(J59-I59)/I59,0) -> 0
A60: *) In systeem SAP ECC: Prijs is basisprijs - kortingbedrag = nettobedrag
A63: Losse vervoersbewijzen
A64: ET-product | C64: CT-product
A65: Contract Tariff | B65: VAR-code / kl / red | C65: Contract Tariff | D65: VAR-code / kl / red | E65: Productnaam | F65: Tarief | G65: Klasse | I65: P-2023 | J65: P-2024 | K65: Delta | L65: Opmerkingen
A66: 85 | B66: 5052 2 0000 | C66: 405 | D66: 5150 0 0000 | E66: Dagkaart | G66: 2e | I66: 58.8 | J66: ='[2]02 ERET'!H17*2 -> 58.8 | K66: =IF(J66<>0,(J66-I66)/I66,0) -> 0
A67: 85 | B67: 5052 1 0000 | C67: 405 | D67: 5150 0 0000 | E67: Dagkaart | G67: 1e | I67: 99.96 | J67: ='[2]02 ERET'!M17*2 -> 99.96 | K67: =IF(J67<>0,(J67-I67)/I67,0) -> 0
A68: Niet als ET-product | C68: 427 | D68: 5170 | E68: Euregioticket | G68: 2e | I68: 20 | J68: 20 | K68: =IF(J68<>0,(J68-I68)/I68,0) -> 0
C69: 984 | D69: 5325 | E69: Jongeren Dagkaart Dal | G69: 2e | I69: 7.95 | J69: =I69 -> 7.95 | K69: =IF(J69<>0,(J69-I69)/I69,0) -> 0
A70: 84 | B70: 5132 2 | C70: 404 | D70: 5144 | E70: Railrunner | G70: Klasseloos | I70: 2.5 | J70: 2.5 | K70: =IF(J70<>0,(J70-I70)/I70,0) -> 0
C71: 425 | D71: 5146 2 | E71: Easy ticket to Amsterdam | F71: Vol | G71: 2e | I71: 4.9 | J71: ='[2]02 ERET'!H39 -> 4.9 | K71: =IF(J71<>0,(J71-I71)/I71,0) -> 0
C72: 425 | D72: 5146 1 | E72: Easy ticket to Amsterdam | F72: Vol | G72: 1e | I72: 8.33 | J72: ='[2]02 ERET'!M39 -> 8.33 | K72: =IF(J72<>0,(J72-I72)/I72,0) -> 0
C73: 426 | D73: 5151 2 | E73: Easy ticket to Schiphol Airport | F73: Vol | G73: 2e | I73: 4.9 | J73: ='[2]02 ERET'!H39 -> 4.9 | K73: =IF(J73<>0,(J73-I73)/I73,0) -> 0
C74: 426 | D74: 5151 1 | E74: Easy ticket to Schiphol Airport | F74: Vol | G74: 1e | I74: 8.33 | J74: ='[2]02 ERET'!M39 -> 8.33 | K74: =IF(J74<>0,(J74-I74)/I74,0) -> 0
C75: 988 | D75: 5301 | E75: NS Groepsticket Daluren 2 of 3 pers. Enkele reis (= e-ticket) | F75: Vol | G75: 2e | I75: 34 | J75: =I75 -> 34 | K75: =IF(J75<>0,(J75-I75)/I75,0) -> 0
C76: 988 | D76: 5301 | E76: NS Groepsticket Daluren extra persoon (4e t/m 7e) | F76: Vol | G76: 2e | I76: 4 | J76: 4 | K76: =IF(J76<>0,(J76-I76)/I76,0) -> 0
C77: 481 | D77: 5191 / 2 / 0000 & 0001 | E77: 1-day Amsterdam Travel Ticket | G77: 2e | I77: 18 | J77: =I77 -> 18 | K77: =IF(J77<>0,(J77-I77)/I77,0) -> 0
C78: 482 | D78: 5192 / 2 / 0000 & 0001 | E78: 2-day Amsterdam Travel Ticket | G78: 2e | I78: 24 | J78: =I78 -> 24 | K78: =IF(J78<>0,(J78-I78)/I78,0) -> 0
C79: 483 | D79: 5193 / 2 / 0000 & 0001 | E79: 3-day Amsterdam Travel Ticket | G79: 2e | I79: 30 | J79: =I79 -> 30 | K79: =IF(J79<>0,(J79-I79)/I79,0) -> 0
C80: 471 | D80: 5195 /2 | E80: 1-Dag Amsterdam & Region Travel Ticket | G80: 2e | I80: 21 | J80: =I80 -> 21 | K80: =IF(J80<>0,(J80-I80)/I80,0) -> 0
C81: 472 | D81: 5196 /2 | E81: 2-Dag Amsterdam & Region Travel Ticket | G81: 2e | I81: 31.5 | J81: =I81 -> 31.5 | K81: =IF(J81<>0,(J81-I81)/I81,0) -> 0
C82: 473 | D82: 5197 /2 | E82: 3-Dag Amsterdam & Region Travel Ticket | G82: 2e | I82: 40.5 | J82: =I82 -> 40.5 | K82: =IF(J82<>0,(J82-I82)/I82,0) -> 0
C83: 440 | D83: 5254 / 2 | E83: Holland Travel Ticket | G83: 2e | I83: 70 | J83: =I83 -> 70 | K83: =IF(J83<>0,(J83-I83)/I83,0) -> 0
C84: 443 | D84: 5255 / 2 | E84: Holland Travel Ticket off-peak | G84: 2e | I84: 48 | J84: =I84 -> 48 | K84: =IF(J84<>0,(J84-I84)/I84,0) -> 0
C85: 491 | D85: 5256 | E85: 1 dag GouweDal (Dag Daluren) | G85: 2e | I85: 4.7 | J85: =I85 -> 4.7 | K85: =IF(J85<>0,(J85-I85)/I85,0) -> 0
C86: 491 | D86: 5256 | E86: 1 dag GouweDal (Dag Daluren) | G86: 1e | I86: 6.4 | J86: =I86 -> 6.4 | K86: =IF(J86<>0,(J86-I86)/I86,0) -> 0
C87: 493 | D87: 5258 | E87: 1 dag Gouwe Kind | G87: 2e | I87: 1 | J87: 1 | K87: =IF(J87<>0,(J87-I87)/I87,0) -> 0
C88: 492 | D88: 5257 | E88: 5 GouweDal (Dag Daluren) | G88: 2e | I88: 22.3 | J88: =I88 -> 22.3 | K88: =IF(J88<>0,(J88-I88)/I88,0) -> 0
C89: 492 | D89: 5257 | E89: 5 GouweDal (Dag Daluren) | G89: 1e | I89: 30.4 | J89: =I89 -> 30.4 | K89: =IF(J89<>0,(J89-I89)/I89,0) -> 0
C90: 494 | D90: 5259 | E90: Gouwe dagkaart fietskaart | I90: 3.5 | J90: =I90 -> 3.5 | K90: =IF(J90<>0,(J90-I90)/I90,0) -> 0
A92: Bouwblokken Resell
A93: ET-product | C93: CT-product
A94: Contract Tariff | B94: VAR-code / kl / red | C94: Contract Tariff | D94: VAR-code / kl / red | E94: Productnaam | F94: Tarief | G94: Klasse | I94: P-2023 | J94: P-2024 | K94: Delta | L94: Opmerkingen
A95: 238 | E95: Kind 4 t/m 11 jaar dag | G95: 2e | I95: 3.75 | J95: 3.75 | K95: =IF(J95<>0,(J95-I95)/I95,0) -> 0
A96: 239 | E96: Jongere 12 t/m 18 jaar dal | G96: 2e | I96: 10.9 | J96: =ROUND(I96*(1+K69),1) -> 10.9 | K96: =IF(J96<>0,(J96-I96)/I96,0) -> 0
A98: Toeslagen
A99: ET-product | C99: CT-product en e-ticket
A100: Contract Tariff | B100: VAR-code / kl | C100: Contract Tariff | D100: VAR-code / kl | E100: Naam | F100: Tarief | G100: Klasse | I100: P-2023 | J100: P-2024 | K100: Delta | L100: Opmerkingen
A101: 122 | B101: 5137 | C101: 422 | D101: 5149 | E101: ICE toeslag enkele reis | G101: klasseloos | I101: 2.9 | J101: =I101 -> 2.9 | K101: =IF(J101<>0,(J101-I101)/I101,0) -> 0
A102: 301 | B102: 5053 | C102: 423 | D102: 5160 | E102: IC direct enkele reis | G102: klasseloos | I102: 2.9 | J102: =I102 -> 2.9 | K102: =IF(J102<>0,(J102-I102)/I102,0) -> 0
A103: 302 | B103: 5054 | C103: 424 | D103: 5161 | E103: IC direct retour | G103: klasseloos | I103: 5.8 | J103: =J101*2 -> 5.8 | K103: =IF(J103<>0,(J103-I103)/I103,0) -> 0
E104: IC direct daltoeslag | G104: klasseloos | I104: 1.74 | J104: =J102*0.6 -> 1.74 | K104: =IF(J104<>0,(J104-I104)/I104,0) -> 0
A105: 303 | B105: 5055 | C105: Niet op CT | E105: IC direct maandtoeslag | G105: klasseloos | I105: 84.2 | J105: =I105 -> 84.2 | K105: =IF(J105<>0,(J105-I105)/I105,0) -> 0
A106: 304 | B106: 5058 | C106: Add-on | E106: IC direct / Altijd Toeslag Vrij JAAR (maandprijs) | G106: klasseloos | I106: 67.8 | J106: =I106 -> 67.8 | K106: =IF(J106<>0,(J106-I106)/I106,0) -> 0 | L106: Alleen nog bij Flex
...

Sheet Arriva Flow
A1: PEname | B1: pricePeriod | C1: fromStationCode | D1: toStationCode | E1: starValue | F1: amount
A2: Arriva Flow 1eKlas | B2: 2021 regulier | F2: 0
A3: Arriva Flow 20% korting tijdens de spits | B3: 2021 regulier | F3: 21.1
A4: Arriva Flow 40% korting buiten de spits | B4: 2021 regulier | F4: 3.4
A5: Arriva Flow 40% korting in het weekend | B5: 2021 regulier | F5: 2.2
A6: Arriva Flow Vrij reizen buiten de spits | B6: 2021 regulier | F6: 85
A7: Arriva Flow Vrij reizen buiten de spits - toeslag 1e klas | B7: 2021 regulier | F7: 31
A8: Arriva Flow Weekend Vrij zonder dalkorting | B8: 2021 regulier | F8: 34.95
A9: Arriva Flow Vrij reizen in het weekend - toeslag 1e klas | B9: 2021 regulier | F9: 9
A10: Arriva Flow Vrij reizen tijdens de spits | B10: 2021 regulier | F10: 233.85
A11: Arriva Flow Vrij reizen tijdens de spits - toeslag 1e klas | B11: 2021 regulier | F11: 207.7

Sheet Landelijk spoor NS
B3: Productnaam | C3: tarief | D3: klasse | E3: Productnr 1 | F3: Productnr 2 | G3: Contract Tariff Id | H3: 2021 | I3: 2022 | J3: 2023 | K3: 2024 | L3: Acceptatie OVC | M3: Verkoop POS/quarto | N3: Verkoop Backoffice | O3: Verkoop Webshop | P3: opmerkingen
B4: Weekend Vrij | C4: Vol | D4: 2e | E4: 5066 2 0000 | G4: 212 | H4: 34 | I4: 34.7 | J4: 38.35 | K4: 38.35 | L4: ja | M4: nee | N4: nee | O4: nee
B5: Weekend Vrij | C5: Vol | D5: 1e | E5: 5066 1 0000 | G5: 211 | H5: 40 | I5: 40.8 | J5: 47.35 | K5: 47.35 | L5: ja | M5: nee | N5: nee | O5: nee
B6: Weekend Vrij (Bijabonnement) | C6: Red | D6: 2e | E6: 5066 2 6500 & 5082 2 0000 | G6: 212 | H6: 24 | I6: 24.4 | J6: 28.35 | K6: 28.35 | L6: ja | M6: nee | N6: nee | O6: nee
B7: Weekend Vrij (Bijabonnement) | C7: Red | D7: 1e | E7: 5066 1 6500 & 5082 1 0000 | G7: 211 | H7: 30 | I7: 30.5 | J7: 36.35 | K7: 36.35 | L7: ja | M7: nee | N7: nee | O7: nee
B8: Dal Vrij | C8: Vol | D8: 2e | E8: 5065 2 0000 | G8: 214 | H8: 106 | I8: 107.9 | J8: 119.95 | K8: 119.95 | L8: ja | M8: nee | N8: nee | O8: nee
B9: Dal Vrij | C9: Vol | D9: 1e | E9: 5065 1 0000 | G9: 213 | H9: 134 | I9: 136.4 | J9: 159.95 | K9: 159.95 | L9: ja | M9: nee | N9: nee | O9: nee
B10: Dal Vrij (Bijabonnement) | C10: Red | D10: 2e | E10: 5065 2 6500 & 5081 2 0000 | G10: 214 | H10: 46 | I10: 46.8 | J10: 54.95 | K10: 54.95 | L10: ja | M10: nee | N10: nee | O10: nee
B11: Dal Vrij (Bijabonnement) | C11: Red | D11: 1e | E11: 5065 1 6500 & 5081 1 0000 | G11: 213 | H11: 72 | I11: 73.3 | J11: 87.95 | K11: 87.95 | L11: ja | M11: nee | N11: nee | O11: nee
B12: BTM vrij particulier (OV-deel bij Dal Vrij) | C12: Vol | D12: nvt | G12: - | H12: 255.29167 | I12: 260.66667 | L12: ja | M12: nee | N12: nee | O12: nee
B13: BTM vrij particulier (OV-deel bij Dal Vrij bijabonnement) | G13: - | H13: 36.4 | I13: 37.2 | L13: ja | M13: nee | N13: nee | O13: nee
B14: Altijd Voordeel | C14: nvt | E14: 5067 1 / 2 | G14: 215 & 216 1 / 2 | H14: 23 | I14: 24.2 | J14: 26.7 | K14: 26.7 | L14: ja | M14: nee | N14: nee | O14: nee
B15: Altijd Voordeel MAAND | C15: nvt | E15: 5077 1 & 5095 2 | G15: 51 & 52 | H15: 28 | I15: 28.5 | J15: x | K15: x | L15: ja | M15: nee | N15: nee | O15: nee
B16: Kids Vrij | C16: Vol | E16: 5078 0 0000 | G16: 30 | H16: 0 | I16: 0 | J16: - | K16: - | L16: ja | M16: nee | N16: nee | O16: nee
B17: Kids Vrij (Bijabonnement) | C17: Red | E17: 5079 0 0000 | G17: 30 | H17: 0 | I17: 0 | J17: - | K17: - | L17: ja | M17: nee | N17: nee | O17: nee
B18: Altijd Vrij | C18: Vol | D18: 2e | E18: 5069 2 0000 | G18: 220 | H18: 356 | I18: 362.4 | J18: 353.8 | K18: 353.8 | L18: ja | M18: nee | N18: nee | O18: nee
B19: Altijd Vrij | C19: Vol | D19: 1e | E19: 5069 1 0000 | G19: 219 | H19: 602 | I19: 612.5 | J19: 601.5 | K19: 601.5 | L19: ja | M19: nee | N19: nee | O19: nee
B20: Maandkaart Altijd Vrij 1 maand | C20: Vol | D20: 2e | E20: 5329 2 0000 | G20: 55 | H20: 427.2 | I20: 434.9 | J20: 424.6 | K20: 424.6 | L20: ja | M20: nee | N20: nee | O20: nee | P20: Prepaid kaart, geen abonnement. Te koop sinds april 2021
B21: Maandkaart Altijd Vrij 3 maanden | C21: Vol | D21: 2e | E21: 5330 2 0000 | G21: 56 | H21: 1068 | I21: 1087.2 | J21: 1061.4 | K21: 1061.4 | L21: ja | M21: nee | N21: nee | O21: nee | P21: Prepaid kaart, geen abonnement. Te koop sinds april 2021
B22: Maandkaart Altijd Vrij 1 maand | C22: Vol | D22: 1e | E22: 5329 1 0000 | G22: 55 | H22: 722.4 | I22: 735 | J22: 721.8 | K22: 721.8 | L22: ja | M22: nee | N22: nee | O22: nee | P22: Prepaid kaart, geen abonnement. Te koop sinds april 2021
B23: Maandkaart Altijd Vrij 3 maanden | C23: Vol | D23: 1e | E23: 5330 1 0000 | G23: 56 | H23: 1806 | I23: 1837.5 | J23: 1804.5 | K23: 1804.5 | L23: ja | M23: nee | N23: nee | O23: nee | P23: Prepaid kaart, geen abonnement. Te koop sinds april 2021
B24: Altijd Vrij (Bijabonnement) | C24: Red | D24: 2e | E24: 5069 2 ZK 16 (= kortingscode in ECC) *) | G24: 220 | H24: 165 | I24: 168 | L24: ja | M24: nee | N24: nee | O24: nee
B25: Altijd Vrij (Bijabonnement) | C25: Red | D25: 1e | E25: 5069 1 ZK 16 (= kortingscode in ECC) *) | G25: 219 | H25: 356 | I25: 362.4 | L25: ja | M25: nee | N25: nee | O25: nee
B26: BTM Vrij (OV-deel bij Altijd Vrij) | C26: Vol | D26: nvt | E26: 5176 | G26: 600 | H26: 60.55 | I26: 61.85 | L26: nee | M26: nee | N26: nee | O26: nee
B27: BTM Vrij (OV-deel bij Altijd Vrij) (Bijabonnement) | C27: Red | D27: nvt | E27: 5176 (met kortingscode in ECC) | G27: 600 | H27: 36.4 | I27: 37.2 | L27: nee | M27: nee | N27: nee | O27: nee
B28: Dal Voordeel | C28: nvt | D28: nvt | E28: 5064 1 / 2 | G28: 209 & 210 1 / 2 | H28: 60 | I28: 61.2 | J28: 67.2 | K28: 67.2 | L28: ja | M28: nee | N28: nee | O28: nee
B29: OV Voordeel MAAND (OV-deel i.c.m. Altijd Voordeel) | C29: nvt | E29: 5125 0 0000 | G29: 610 | H29: 12 | I29: 12 | L29: nee | M29: nee | N29: nee | O29: nee
B30: OV Voordeel JAAR (OV-deel i.c.m. Altijd Voordeel) | C30: nvt | E30: 5126 0 0000 | G30: 601 | H30: 144 | I30: 144 | L30: nee | M30: nee | N30: nee | O30: nee
B31: VDU | C31: nvt | E31: 1042 | G31: nvt | H31: 60 | I31: 61.2 | J31: 67.2 | K31: 67.2 | L31: ja | M31: nee | N31: nee | O31: nee
B32: Keuzedagen | D32: 2e | E32: 5134 2 / 5083 2 | G32: 91 / 90 | H32: 26 | I32: 26.5 | J32: 27.5 | K32: 27.5 | L32: ja | M32: nee | N32: nee | O32: nee
B33: Keuzedagen | D33: 1e | E33: 5134 1 / 5083 1 | G33: 91 / 90 | H33: 51 | I33: 51.9 | J33: 53.7 | K33: 53.7 | L33: ja | M33: nee | N33: nee | O33: nee
B34: Toeslag Keuzedagen op Papier | G34: - | H34: 11 | I34: 11.2 | J34: 11.6 | K34: 11.6 | L34: ja | M34: nee | N34: nee | O34: nee
B35: Totaalprijs VDU +Keuzedagen op CT | D35: 2e | G35: - | H35: 97 | I35: 98.9 | J35: 106.3 | K35: 106.3 | L35: ja | M35: nee | N35: nee | O35: nee
B36: Totaalprijs VDU +Keuzedagen op CT | D36: 1e | G36: - | H36: 122 | I36: 124.3 | J36: 132.5 | K36: 132.5 | L36: ja | M36: nee | N36: nee | O36: nee
B37: NS Flex administratie kosten | G37: - | H37: 10 | I37: 10 | J37: 10 | K37: 10 | L37: nee | M37: nee | N37: nee | O37: nee
B38: NS Flex basis | D38: nvt | G38: 550 | H38: 0 | I38: 0 | J38: - | K38: - | L38: nee | M38: nee | N38: nee | O38: nee
B39: NS Flex Weekend Voordeel | D39: nvt | G39: 550 | H39: 2 | I39: 2 | J39: 2.2 | K39: 2.2 | L39: ja | M39: nee | N39: nee | O39: ja
B40: NS Flex Weekend Vrij zonder dalkorting | D40: 2e | G40: 550 | H40: 31 | I40: 31.6 | J40: 34.95 | K40: 34.95 | L40: ja | M40: nee | N40: nee | O40: ja | P40: Korting 65+ is 10,30 euro
B41: NS Flex Weekend Vrij zonder dalkorting | D41: 1e | G41: 550 | H41: 37 | I41: 37.7 | J41: 43.95 | K41: 43.95 | L41: ja | M41: nee | N41: nee | O41: ja | P41: Korting 65+ is 10,30 euro
B42: NS Flex Weekend Vrij met dalkorting | D42: 2e | G42: 550 | H42: 34 | I42: 34.7 | J42: 38.35 | K42: 38.35 | L42: ja | M42: nee | N42: nee | O42: ja | P42: Korting 65+ is 10,30 euro
B43: NS Flex Weekend Vrij met dalkorting | D43: 1e | G43: 550 | H43: 40 | I43: 40.8 | J43: 47.35 | K43: 47.35 | L43: ja | M43: nee | N43: nee | O43: ja | P43: Korting 65+ is 10,30 euro
B44: NS Flex Dal Voordeel | D44: nvt | G44: 550 | H44: 5 | I44: 5.1 | J44: 5.6 | K44: 5.6 | L44: ja | M44: nee | N44: nee | O44: ja
B45: NS Flex Dal Vrij | D45: 2e | G45: 550 | H45: 106 | I45: 107.9 | J45: 119.95 | K45: 119.95 | L45: ja | M45: nee | N45: nee | O45: ja | P45: Korting 65+ is 61,10 euro
B46: NS Flex Dal Vrij | D46: 1e | G46: 550 | H46: 134 | I46: 136.4 | J46: 159.95 | K46: 159.95 | L46: ja | M46: nee | N46: nee | O46: ja | P46: Korting 65+ is 63,10 euro
B47: NS Flex Altijd Voordeel | D47: nvt | G47: 550 | H47: 23 | I47: 24.2 | J47: 26.7 | K47: 26.7 | L47: ja | M47: nee | N47: nee | O47: ja
B48: NS Flex Altijd Vrij | D48: 2e | G48: 550 | H48: 356 | I48: 362.4 | J48: 353.8 | K48: 353.8 | L48: ja | M48: nee | N48: nee | O48: ja
B49: NS Flex Altijd Vrij | D49: 1e | G49: 550 | H49: 602 | I49: 612.5 | J49: 601.5 | K49: 601.5 | L49: ja | M49: nee | N49: nee | O49: ja
B50: NS IC Direct Toeslag Vrij | D50: nvt | G50: - | H50: 62 | I50: 63.1 | J50: 67.8 | K50: 67.8 | L50: ja | M50: nee | N50: nee | O50: ja
B51: NS Flex 1e klas factor | C51: nvt | D51: nvt | G51: 550 | H51: 0.65 | I51: 0.67 | J51: 0.67 | K51: 0.67 | L51: ja | M51: nee | N51: nee | O51: ja
B52: NS Flex 1e klas factor weekend | C52: nvt | D52: nvt | G52: 550 | H52: 0.5 | I52: 0.67 | J52: 0.67 | K52: 0.67 | L52: ja | M52: nee | N52: nee | O52: ja | P52: Check @MRP: communiceren jullie dit ook aan TLS?
B53: NS Flex Vol tarief in het weekend | C53: Vol | D53: 2e | G53: 550 | H53: 0 | I53: 0 | L53: ja | M53: nee | N53: nee | O53: ja
B54: NS Flex Vol tarief reizen buiten de spits | C54: Vol | D54: 2e | G54: 550 | H54: 0 | I54: 0 | L54: ja | M54: nee | N54: nee | O54: ja
B55: NS Flex Vol tarief reizen tijdens de spits | C55: Vol | D55: 2e | G55: 550 | H55: 0 | I55: 0 | L55: ja | M55: nee | N55: nee | O55: ja
B56: NS Flex 40% korting in het weekend | C56: Red | D56: 2e | G56: 550 | H56: 2 | I56: 2 | J56: 2.2 | K56: 2.2 | L56: ja | M56: nee | N56: nee | O56: ja
B57: NS Flex 40% korting buiten de spits | C57: Red | D57: 2e | G57: 550 | H57: 3 | I57: 3.1 | J57: 3.4 | K57: 3.4 | L57: ja | M57: nee | N57: nee | O57: ja
B58: NS Flex 20% korting tijdens de spits | C58: Red | D58: 2e | G58: 550 | H58: 18 | I58: 19.1 | J58: 21.1 | K58: 21.1 | L58: ja | M58: nee | N58: nee | O58: ja
B59: NS Flex Vrij reizen in het weekend | C59: Red | D59: 2e | G59: 550 | H59: 31 | I59: 31.6 | J59: 34.95 | K59: 34.95 | L59: ja | M59: nee | N59: nee | O59: ja
B60: NS Flex Vrij reizen buiten de spits | C60: Red | D60: 2e | G60: 550 | H60: 75 | I60: 76.3 | J60: 85 | K60: 85 | L60: ja | M60: nee | N60: nee | O60: ja
B61: NS Flex Vrij reizen tijdens de spits | C61: Red | D61: 2e | G61: 550 | H61: 250 | I61: 254.5 | J61: 233.85 | K61: 233.85 | L61: ja | M61: nee | N61: nee | O61: ja
B62: NS Flex Vrij reizen in het weekend - toeslag 1e klas | C62: Red | D62: 1e | G62: 550 | H62: 6 | I62: 6.1 | J62: 9 | K62: 9 | L62: ja | M62: nee | N62: nee | O62: ja | P62: toeslag boven op 2e klas
B63: NS Flex Vrij reizen buiten de spits - toeslag 1e klas | C63: Red | D63: 1e | G63: 550 | H63: 22 | I63: 22.4 | J63: 31 | K63: 31 | L63: ja | M63: nee | N63: nee | O63: ja | P63: toeslag boven op 2e klas
B64: NS Flex Vrij reizen tijdens de spits - toeslag 1e klas | C64: Red | D64: 1e | G64: 550 | H64: 218 | I64: 221.6 | J64: 207.7 | K64: 207.7 | L64: ja | M64: nee | N64: nee | O64: ja | P64: toeslag boven op 2e klas
B65: Landelijk Opstaptarief | D65: 1e en 2e | G65: - | H65: 0.99 | I65: 1.01 | J65: 1.08 | K65: 1.08 | L65: ja | M65: nee | N65: nee | O65: nee
B66: Dagkaart | D66: 2e | E66: 5052 2 0000 | G66: 85 | H66: 54.8 | I66: 56 | J66: 58.8 | K66: 58.8 | L66: ja | M66: nee | N66: nee | O66: nee
B67: Dagkaart | D67: 1e | E67: 5052 1 0000 | G67: 85 | H67: 90.42 | I67: 93.52 | J67: 99.96 | K67: 99.96 | L67: ja | M67: nee | N67: nee | O67: nee
B68: Euregioticket | D68: 2e | G68: 427 | H68: 19 | I68: 19 | J68: 20 | K68: 20 | L68: ja | M68: ja | N68: nee | O68: ja
B69: Railrunner | D69: Klasseloos | E69: 5132 2 | G69: 84 | H69: 2.5 | I69: 2.5 | J69: 2.5 | K69: 2.5 | L69: ja | M69: ja | N69: nee | O69: nee | P69: Toevoegen van CT Toeslag (1 euro)
B70: Easy ticket to Amsterdam | C70: Vol | D70: 2e | G70: - | H70: 4.6 | I70: 4.7 | J70: 4.9 | K70: 4.9 | L70: nee | M70: nee | N70: nee | O70: nee
B71: Easy ticket to Amsterdam | C71: Vol | D71: 1e | G71: - | H71: 7.59 | I71: 7.85 | J71: 8.33 | K71: 8.33 | L71: nee | M71: nee | N71: nee | O71: nee
B72: Easy ticket to Schiphol Airport | C72: Vol | D72: 2e | G72: - | H72: 4.6 | I72: 4.7 | J72: 4.9 | K72: 4.9 | L72: nee | M72: nee | N72: nee | O72: nee
B73: Easy ticket to Schiphol Airport | C73: Vol | D73: 1e | G73: - | H73: 7.59 | I73: 7.85 | J73: 8.33 | K73: 8.33 | L73: nee | M73: nee | N73: nee | O73: nee
B74: NS Groepsticket Daluren 4 pers. Enkele reis (= e-ticket) | C74: Vol | D74: 2e | G74: - | H74: 32 | I74: 32 | J74: 34 | K74: 34 | L74: ja | M74: nee | N74: nee | O74: nee
B75: NS Groepsticket Daluren extra persoon (5e t/m 7e) | C75: Vol | D75: 2e | G75: - | H75: 2 | I75: 3 | J75: 4 | K75: 4 | L75: ja | M75: nee | N75: nee | O75: nee
B76: 1-day Amsterdam Travel Ticket | D76: 2e | G76: 481 | H76: 17 | I76: 17 | J76: 18 | K76: 18 | L76: ja | M76: nee | N76: nee | O76: nee | P76: Geen verhoging
B77: 2-day Amsterdam Travel Ticket | D77: 2e | G77: 482 | H77: 22.5 | I77: 22.5 | J77: 24 | K77: 24 | L77: ja | M77: nee | N77: nee | O77: nee | P77: Geen verhoging
B78: 3-day Amsterdam Travel Ticket | D78: 2e | G78: 483 | H78: 28 | I78: 28 | J78: 30 | K78: 30 | L78: ja | M78: nee | N78: nee | O78: nee | P78: Geen verhoging
B79: 1-Dag Amsterdam & Region Travel Ticket | D79: 2e | G79: 471 | H79: 19.5 | I79: 19.5 | J79: 21 | K79: 21 | L79: ja | M79: nee | N79: nee | O79: nee | P79: Geen verhoging
B80: 2-Dag Amsterdam & Region Travel Ticket | D80: 2e | G80: 472 | H80: 28 | I80: 28 | J80: 31.5 | K80: 31.5 | L80: ja | M80: nee | N80: nee | O80: nee | P80: Geen verhoging
B81: 3-Dag Amsterdam & Region Travel Ticket | D81: 2e | G81: 473 | H81: 36.5 | I81: 36.5 | J81: 40.5 | K81: 40.5 | L81: ja | M81: nee | N81: nee | O81: nee | P81: Geen verhoging
B82: 4-Dag Amsterdam & Region Travel Ticket | D82: 2e | G82: 474 | H82: 45 | I82: 45 | J82: - | K82: - | L82: ja | M82: nee | N82: nee | O82: nee | P82: Geen verhoging
B83: 5-Dag Amsterdam & Region Travel Ticket | D83: 2e | G83: 475 | H83: - | I83: - | L83: ja | M83: nee | N83: nee | O83: nee | P83: Geen verhoging
B84: Holland Travel Ticket | D84: 2e | G84: - | H84: 63 | I84: 64 | J84: 70 | K84: 70 | L84: ja | M84: nee | N84: nee | O84: nee
B85: Holland Travel Ticket off-peak | D85: 2e | G85: - | H85: 43 | I85: 44 | J85: 48 | K85: 48 | L85: ja | M85: nee | N85: nee | O85: nee
B86: Almere Ticket 10 ritten dal | G86: - | H86: 26.5 | I86: 29.5 | J86: 31.65 | K86: 31.65 | L86: nee | M86: nee | N86: nee | O86: nee | P86: Nog niet bekend
B87: Almere Ticket 10 ritten dag | G87: - | H87: 37 | I87: 37 | J87: 39.7 | K87: 39.7 | L87: nee | M87: nee | N87: nee | O87: nee
B88: 1 dag GouweDal (Dag Daluren) | D88: 2e | G88: - | H88: 4.4 | I88: 4.4 | J88: 4.7 | K88: 4.7 | L88: nee | M88: nee | N88: nee | O88: nee | P88: geen verhoging, in overleg met Derk Querido en Bart van Zaalen
B89: 1 dag GouweDal (Dag Daluren) | D89: 1e | G89: - | H89: 5.9 | I89: 5.9 | J89: 6.4 | K89: 6.4 | L89: nee | M89: nee | N89: nee | O89: nee
B90: 1 dag Gouwe Kind | D90: 2e | G90: - | H90: 1 | I90: 1 | J90: 1 | K90: 1 | L90: nee | M90: nee | N90: nee | O90: nee
B91: 5 GouweDal (Dag Daluren) | D91: 2e | G91: - | H91: 20.5 | I91: 20.5 | J91: 22.3 | K91: 22.3 | L91: nee | M91: nee | N91: nee | O91: nee
B92: 5 GouweDal (Dag Daluren) | D92: 1e | G92: - | H92: 28 | I92: 28 | J92: 30.4 | K92: 30.4 | L92: nee | M92: nee | N92: nee | O92: nee
B93: Gouwe fietskaart | G93: - | H93: 3.3 | I93: 3.3 | J93: 3.5 | K93: 3.5 | L93: nee | M93: nee | N93: nee | O93: nee
B94: OV Vrij | C94: Vol | D94: 2e | E94: 5069 2 0000 | F94: & 5176 | G94: 220 & 600 | H94: 416.55 | I94: 424.25 | L94: ja | M94: nee | N94: nee | O94: nee | P94: *) In systeem SAP ECC: Prijs is basisprijs - kortingbedrag = nettobedrag
B95: OV Vrij | C95: Vol | D95: 1e | E95: 5069 1 0000 | F95: & 5176 | G95: 219 & 600 | H95: 662.55 | I95: 674.35 | L95: ja | M95: nee | N95: nee | O95: nee | P95: Samengestelde producten staan niet als zodanig in GPP: betreft combinatie van Trein- en BTM product met aparte codering
B96: OV Vrij Bijabo | C96: Red | D96: 2e | E96: 5069 2 ZK 16 (= kortingscode in ECC) *) | F96: & 5176 (met kortingscode in ECC) *) | G96: 220 & 600 | H96: 201.4 | I96: 205.2 | L96: ja | M96: nee | N96: nee | O96: nee
B97: OV Vrij Bijabo | C97: Red | D97: 1e | E97: 5069 1 ZK 16 (= kortingscode in ECC) *) | F97: & 5176 (met kortingscode in ECC) *) | G97: 219 & 600 | H97: 392.4 | I97: 399.6 | L97: ja | M97: nee | N97: nee | O97: nee
B98: Dal Vrij Bijabo + BTM Vrij | C98: Red | D98: 2e | E98: 5065 2 6500 & 5081 2 0000 | F98: & 5176 (met kortingscode in ECC) *) | G98: 214 & 600 | H98: 82.4 | I98: 84 | L98: ja | M98: nee | N98: nee | O98: nee
B99: Dal Vrij Bijabo + BTM Vrij | C99: Red | D99: 1e | E99: 5065 1 6500 & 5081 1 0000 | F99: & 5176 (met kortingscode in ECC) *) | G99: 213 & 600 | H99: 108.4 | I99: 110.5 | L99: ja | M99: nee | N99: nee | O99: nee
B100: Overgang 2-1 enkele reis zonder korting | E100: Geen regulier product meer. | F100: 23 t.b.v. ORP | G100: - | L100: ja | M100: nee | N100: nee | O100: nee
B101: Fietskaart dal | D101: Geen | F101: 239 t.b.v.ORP | G101: 120 | H101: 7.5 | I101: 7.5 | J101: 7.5 | K101: 7.5 | L101: ja | M101: ja | N101: nee | O101: nee
B102: Dagkaart hond | D102: Geen | F102: 73 t.b.v. ORP | G102: 121 | H102: 3.3 | I102: 3.3 | J102: 3.3 | K102: 3.3 | L102: ja | M102: nee | N102: nee | O102: nee
...

Sheet LTK
B3: Productnaam | C3: Productnr | D3: Contract Tariff Id | E3: 2018 | F3: 2019 | G3: 2020 | H3: 2021 | I3: 2022 | J3: 2023 | K3: 2024 | L3: Acceptatie OVC | M3: Verkoop POS/quarto | N3: Verkoop Backoffice | O3: Verkoop Webshop
B4: Reisproducten OV-Chipkaart
B5: Opstaptarief (bus en trein)* | C5: nvt | D5: nvt | E5: 0.9 | F5: 0.96 | G5: 0.98 | H5: 0.99 | I5: 1.01 | J5: 1.08 | K5: =J5 -> 1.08 | L5: ja | M5: nee | N5: nee | O5: nee
B6: Opstaptarief met 20% korting | C6: nvt | D6: nvt | E6: 0.72 | F6: 0.77 | G6: 0.78 | H6: 0.79 | I6: 0.81 | J6: =0.8*J5 -> 0.864 | K6: =J6 -> 0.864 | L6: ja | M6: nee | N6: nee | O6: nee
B7: Opstaptarief met 34% korting | C7: nvt | D7: nvt | E7: 0.59 | F7: 0.63 | G7: 0.65 | H7: 0.65 | I7: 0.67 | J7: =0.66*J5 -> 0.7128 | K7: =J7 -> 0.7128 | L7: ja | M7: nee | N7: nee | O7: nee
B8: Opstaptarief met 40% korting | C8: nvt | D8: nvt | E8: 0.54 | F8: 0.58 | G8: 0.59 | H8: 0.59 | I8: 0.61 | J8: =0.6*J5 -> 0.648 | K8: =J8 -> 0.648 | L8: ja | M8: nee | N8: nee | O8: nee
B9: Opstaptarief met 34% + 20% korting | C9: nvt | D9: nvt | E9: 0.48 | F9: 0.51 | G9: 0.52 | H9: 0.52 | I9: 0.53 | J9: =(0.66*J5)*0.8 -> 0.57024 | K9: =J9 -> 0.57024 | L9: ja | M9: nee | N9: nee | O9: nee
B11: Altijd Korting (LTK2) maandabonnement (kind) | C11: 4010 | D11: 4011 | E11: 17.5 | F11: 19 | G11: 19.5 | H11: 19.5 | I11: 20 | J11: 21.55 | K11: =J11 -> 21.55 | L11: ja | M11: ja | N11: ja | O11: ja
B12: Altijd Korting (LTK2) maandabonnement (tiener) | C12: 4010 | D12: 4012 | E12: 17.5 | F12: 19 | G12: 19.5 | H12: 19.5 | I12: 20 | J12: 21.55 | K12: =J12 -> 21.55 | L12: ja | M12: ja | N12: ja | O12: ja
B13: Altijd Korting (LTK2) maandabonnement (volwassene) | C13: 4010 | D13: 4013 | E13: 17.5 | F13: 19 | G13: 19.5 | H13: 19.5 | I13: 20 | J13: 21.55 | K13: =J13 -> 21.55 | L13: ja | M13: ja | N13: ja | O13: ja
B14: Altijd Korting (LTK2) maandabonnement (senior) | C14: 4010 | D14: 4014 | E14: 17.5 | F14: 19 | G14: 19.5 | H14: 19.5 | I14: 20 | J14: 21.55 | K14: =J14 -> 21.55 | L14: ja | M14: ja | N14: ja | O14: ja
B15: Altijd Korting (LTK2) jaarabonnement (kind) | C15: 4000 | D15: 4001 | E15: 175 | F15: 190 | G15: 195 | H15: 195 | I15: =I14*10 -> 200 | J15: 215.5 | K15: =J15 -> 215.5 | L15: ja | M15: ja | N15: ja | O15: ja
B16: Altijd Korting (LTK2) jaarabonnement (tiener) | C16: 4000 | D16: 4002 | E16: 175 | F16: 190 | G16: 195 | H16: 195 | I16: 200 | J16: 215.5 | L16: ja | M16: ja | N16: ja | O16: ja
B17: Altijd Korting (LTK2) jaarabonnement (volwassene) | C17: 4000 | D17: 4003 | E17: 175 | F17: 190 | G17: 195 | H17: 195 | I17: 200 | J17: 215.5 | L17: ja | M17: ja | N17: ja | O17: ja
B18: Altijd Korting (LTK2) jaarabonnement (senior) | C18: 4000 | D18: 4004 | E18: 175 | F18: 190 | G18: 195 | H18: 195 | I18: 200 | J18: 215.5 | L18: ja | M18: ja | N18: ja | O18: ja
B20: OV jaarkaart 1 persoon (BTM deel) | C20: 600 | D20: 600 | E20: 666 | F20: 704.4 | G20: 720 | H20: 726.6 | I20: 742.2 | J20: 796 | K20: =J20 -> 796 | L20: nee | M20: nee | N20: nee | O20: nee
B21: Bij-abonnementen (i.c.m. Dal Vrij en Spoor Vrij) | C21: 7 | D21: 7 | E21: 400.8 | F21: 423.6 | G21: 433.2 | H21: 436.8 | I21: 446.4 | J21: - | K21: =J21 -> - | L21: ja | M21: nee | N21: nee | O21: nee
B22: 1 Dag OV vrij (BTM-deel) | C22: 453 | D22: 453 | E22: 9.5 | F22: 9.5 | G22: 10 | H22: 10 | I22: 10 | J22: 10 | K22: =J22 -> 10 | L22: ja | M22: nee | N22: nee | O22: nee
B23: Holland Travel Ticket (BTM deel) | C23: 440 | D23: 440 | E23: 7.5 | F23: 8 | G23: 8.2 | H23: 8.45 | I23: 8.63 | J23: 9.25 | K23: =J23 -> 9.25 | L23: ja | M23: nee | N23: nee | O23: nee
B24: Holland Travel Ticket off peak (BTM deel) | C24: 443 | D24: 443 | E24: 7.5 | F24: 8 | G24: 8.2 | H24: 8.45 | I24: 8.63 | J24: 9.25 | K24: =J24 -> 9.25 | L24: ja | M24: nee | N24: nee | O24: nee
B25: Holland Travel Ticket | C25: 440 | D25: 440 | G25: 62 | H25: 63 | L25: ja | M25: nee | N25: nee | O25: nee
B26: Holland Travel Ticket off peak | C26: 443 | D26: 443 | G26: 42 | H26: 43 | L26: ja | M26: nee | N26: nee | O26: nee
B27: OV voordeel supplement (maand) | C27: 610 | D27: 610 | E27: 11 | F27: 11.5 | G27: 12 | H27: 12 | I27: 12 | J27: - | L27: nee | M27: nee | N27: nee | O27: nee
B28: OV voordeel supplement (jaar) | C28: 601 | D28: 601 | E28: 132 | F28: 138 | G28: 144 | H28: 144 | I28: =I27*12 -> 144 | J28: - | L28: nee | M28: nee | N28: nee | O28: nee
B30: Budget Zeker (small) | C30: 611 | D30: 611 | E30: 509 | F30: 538 | G30: 550 | H30: 555 | I30: 567 | J30: 607.5 | K30: =J30 -> 607.5 | L30: ja | M30: nee | N30: nee | O30: nee
B31: Budget Zeker (medium) | C31: 611 | D31: 611 | E31: 796 | F31: 842 | G31: 860 | H31: 868 | I31: 887 | J31: 951 | K31: =J31 -> 951 | L31: ja | M31: nee | N31: nee | O31: nee
B32: Budget Zeker (large) | C32: 611 | D32: 611 | E32: 1207 | F32: 1276 | G32: 1305 | H32: 1317 | I32: 1345 | J32: 1442 | K32: =J32 -> 1442 | L32: ja | M32: nee | N32: nee | O32: nee
B34: Netabonnement voltarief (maand) (volwassene) | C34: 8285 | D34: 8288 | E34: 280.8 | F34: 296.95 | G34: 303.55 | H34: 306.35 | I34: 312.8 | J34: 335.45 | K34: =J34 -> 335.45 | L34: ja | M34: ja | N34: ja | O34: ja
B35: Netabonnement reductietarief (maand) (kind) | C35: 8285 | D35: 8286 | E35: 185.35 | F35: 196 | G35: 200.35 | H35: 202.2 | I35: 206.45 | J35: 221.4 | K35: =J35 -> 221.4 | L35: ja | M35: ja | N35: ja | O35: ja
B36: Netabonnement reductietarief (maand) (tiener) | C36: 8285 | D36: 8287 | E36: 185.35 | F36: 196 | G36: 200.35 | H36: 202.2 | I36: 206.45 | J36: 221.4 | K36: =J36 -> 221.4 | L36: ja | M36: ja | N36: ja | O36: ja
B37: Netabonnement reductietarief (maand) (senior) | C37: 8285 | D37: 8289 | E37: 185.35 | F37: 196 | G37: 200.35 | H37: 202.2 | I37: 206.45 | J37: 221.4 | K37: =J37 -> 221.4 | L37: ja | M37: ja | N37: ja | O37: ja
B38: Netabonnement Particulier voltarief (jaar) (volwassene) | C38: 8275 | D38: 8278 | E38: 2808 | F38: 2969.5 | G38: 3035.5 | H38: 3063.5 | I38: 3128 | J38: 3354.5 | K38: =J38 -> 3354.5 | L38: ja | M38: ja | N38: ja | O38: ja
B39: Netabonnement Particulier reductietarief (jaar) (kind) | C39: 8275 | D39: 8276 | E39: 1853.5 | F39: 1960 | G39: 2003.5 | H39: 2022 | I39: 2064.5 | J39: 2214 | K39: =J39 -> 2214 | L39: ja | M39: ja | N39: ja | O39: ja
B40: Netabonnement Particulier reductietarief (jaar) (tiener) | C40: 8275 | D40: 8277 | E40: 1853.5 | F40: 1960 | G40: 2003.5 | H40: 2022 | I40: 2064.5 | J40: 2214 | K40: =J40 -> 2214 | L40: ja | M40: ja | N40: ja | O40: ja
B41: Netabonnement Particulier reductietarief (jaar) (senior) | C41: 8275 | D41: 8279 | E41: 1853.5 | F41: 1960 | G41: 2003.5 | H41: 2022 | I41: 2064.5 | J41: 2214 | K41: =J41 -> 2214 | L41: ja | M41: ja | N41: ja | O41: ja
B42: Netabonnement Jaar (zakelijk) (volwassene) | C42: 8290 | D42: 8293 | E42: 1367.8 | F42: 2969.5 | G42: 3035.5 | H42: =H38 -> 3063.5 | I42: 3128 | J42: =J38 -> 3354.5 | K42: =J42 -> 3354.5 | L42: ja | M42: nee | N42: nee | O42: nee
B43: Netabonnement Jaar (zakelijk) (kind) | C43: 8290 | D43: 8291 | E43: 1367.8 | F43: 1960 | G43: 2003.5 | H43: =H41 -> 2022 | I43: 2064.5 | J43: 2214 | K43: =J43 -> 2214 | L43: ja | M43: nee | N43: nee | O43: nee
B44: Netabonnement Jaar (zakelijk) (tiener) | C44: 8290 | D44: 8292 | E44: 1367.8 | F44: 1960 | G44: 2003.5 | H44: 2022 | I44: 2064.5 | J44: 2214 | K44: =J44 -> 2214 | L44: ja | M44: nee | N44: nee | O44: nee
B45: Netabonnement Jaar (zakelijk) (senior) | C45: 8290 | D45: 8294 | E45: 1367.8 | F45: 1960 | G45: 2003.5 | H45: =H43 -> 2022 | I45: 2064.5 | J45: 2214 | K45: =J45 -> 2214 | L45: ja | M45: nee | N45: nee | O45: nee
B46: Netabonnement zakelijk (jaar) | C46: 8280 | D46: 8280 | E46: 1367.8 | F46: 1446.5 | G46: 1478.7 | H46: 1492.2 | I46: 1523.8 | J46: 1634 | K46: =J46 -> 1634 | L46: ja | M46: nee | N46: ja | O46: nee
B48: Sentire (kind) | C48: 2010 | D48: 2011 | E48: 0 | F48: 0 | G48: 0 | H48: 0 | I48: 0 | L48: ja | M48: ja | N48: nee | O48: nee
B49: Sentire (tiener) | C49: 2010 | D49: 2012 | E49: 0 | F49: 0 | G49: 0 | H49: 0 | I49: 0 | L49: ja | M49: ja | N49: nee | O49: nee
B50: Sentire (volwassene) | C50: 2010 | D50: 2013 | E50: 0 | F50: 0 | G50: 0 | H50: 0 | I50: 0 | L50: ja | M50: ja | N50: nee | O50: nee
B51: Sentire (senior) | C51: 2010 | D51: 2014 | E51: 0 | F51: 0 | G51: 0 | H51: 0 | I51: 0 | L51: ja | M51: ja | N51: nee | O51: nee

Sheet Sales producten
A2: Productnaam | B2: Regionale tarieven | C2: Productnr | D2: Contract Tariff Id | E2: 2017 | F2: 2018 | G2: 2019 | H2: 2020 | I2: 2021 | J2: 2022 def | K2: 2023 | L2: 2024
A3: SALES
A4: Brabant Altijd Vrij jaar zakelijk | B4: Zuid- Brabant West | C4: 1283 | D4: 1283 | E4: 1164 | F4: 1189 | G4: 1269.1 | H4: 1310.14 | J4: ? | K4: ?
A5: Meedoen / Dalvrij West-Brabant Streek kind | B5: Zuid- Brabant West | C5: 8125 | D5: 8126 | F5: 87.5 | G5: 90 | H5: 90 | I5: 90 | J5: 94.5 | K5: 101.35
A6: Meedoen / Dalvrij West-Brabant Streek jeugd | B6: Zuid- Brabant West | C6: 8125 | D6: 8127 | F6: 87.5 | G6: 90 | H6: 90 | I6: 90 | J6: 94.5 | K6: 101.35
A7: Meedoen / Dalvrij West-Brabant Streek volwassen | B7: Zuid- Brabant West | C7: 8125 | D7: 8128 | F7: 87.5 | G7: 90 | H7: 90 | I7: 90 | J7: 94.5 | K7: 101.35
A8: Meedoen / Dalvrij West-Brabant Streek senior | B8: Zuid- Brabant West | C8: 8125 | D8: 8129 | F8: 87.5 | G8: 90 | H8: 90 | I8: 90 | J8: 94.5 | K8: 101.35
A9: Meedoen / Dalvrij West-Brabant Stad (Breda) en Streek kind | B9: Zuid- Brabant West | C9: 8130 | D9: 8131 | F9: 127.5 | G9: 131 | H9: 131 | I9: 131 | J9: 137.5 | K9: 147.45
A10: Meedoen / Dalvrij West-Brabant Stad (Breda) en Streek jeugd | B10: Zuid- Brabant West | C10: 8130 | D10: 8132 | F10: 127.5 | G10: 131 | H10: 131 | I10: 131 | J10: 137.5 | K10: 147.45
A11: Meedoen / Dalvrij West-Brabant Stad (Breda) en Streek volwassen | B11: Zuid- Brabant West | C11: 8130 | D11: 8133 | F11: 127.5 | G11: 131 | H11: 131 | I11: 131 | J11: 137.5 | K11: 147.45
A12: Meedoen / Dalvrij West-Brabant Stad (Breda) en Streek senior | B12: Zuid- Brabant West | C12: 8130 | D12: 8134 | F12: 127.5 | G12: 131 | H12: 131 | I12: 131 | J12: 137.5 | K12: 147.45
A13: zakelijk divers | B13: Zuid- Brabant West | K13: ?
A14: WMO divers | B14: Zuid- Brabant West | K14: ?
A15: sales divers CT kaarten | B15: Zuid- Brabant West | K15: ?
A16: Brabant Altijd Vrij jaar zakelijk | B16: Zuid - Brabant Oost | C16: 1283 | D16: 1283 | E16: 1189 | F16: 1269.1 | G16: 1310.14 | J16: ? | K16: ?
A17: Meedoen / Dalvrij Tilburg stad kind | B17: Zuid - Brabant Oost | C17: 8120 | D17: 8121 | E17: 87.5 | F17: 100 | G17: 110 | J17: 115.5 | K17: 125
A18: Meedoen / Dalvrij Tilburg stad jeugd | B18: Zuid - Brabant Oost | C18: 8120 | D18: 8122 | E18: 87.5 | F18: 100 | G18: 110 | J18: 115.5 | K18: 125
A19: Meedoen / Dalvrij Tilburg stad volwassen | B19: Zuid - Brabant Oost | C19: 8120 | D19: 8123 | E19: 87.5 | F19: 100 | G19: 110 | J19: 115.5 | K19: 125
A20: Meedoen / Dalvrij Tilburg stad senior | B20: Zuid - Brabant Oost | C20: 8120 | D20: 8124 | E20: 87.5 | F20: 100 | G20: 110 | J20: 115.5 | K20: 125
A21: zakelijk divers | B21: Zuid - Brabant Oost | K21: ?
A22: WMO divers | B22: Zuid - Brabant Oost | K22: ?
A23: sales divers CT kaarten | B23: Zuid - Brabant Oost | K23: ?

Sheet Z-BW
C2: “Verkoop Servicebalie OVC” betreft OV-Chip producten die op een OV-Chipkaart worden geschreven.
C3: “Verkoop Servicebalie Overig” betreft alle overige producten: CT-kaarten, papieren kaartjes etc.
C4: “Verkoop Backoffice” betreft verkoop van OV-Chip producten via Assist/klantenservice (backoffice).
B6: Regionale tarieven Brabant West | V6: Voorwaarden
B7: Productnaam | C7: Productnr | D7: Contract Tariff Id | E7: 2017 | F7: 2018 | G7: 2019 | H7: 2020 | I7: 2021 | J7: 2022 def | K7: 2023 | L7: 2024 | M7: DEF | N7: Acceptatie OVC | O7: Verkoop Servicebalie OVC | P7: Verkoop Servicebalie Overig | Q7: DC Light | R7: Handheld Toezichthouder | S7: Verkoop Backoffice | T7: Verkoop Webshop | V7: Geldigheid (dal/spits) | W7: Modaliteit (trein/(buurtbus)/HOV) | X7: Leeftijd (65+/kind/etc) | Y7: Gebied (landelijk/1 regio of meer) | Z7: Productvoorwaarden
B8: BRABANT OV-chipkaart
B9: Kilometertarief | C9: nvt | D9: nvt | E9: 0.151 | F9: 0.157 | G9: 0.167 | H9: 0.172 | I9: 0.17542151 | J9: 0.181 | K9: 0.188 | L9: =K9 -> 0.188 | N9: ja | O9: nee | P9: nee | Q9: nee | R9: nee | S9: nee | T9: nee
B10: Kilometer tarief Nightliner flatfare | C10: nvt | D10: nvt | G10: 6.63 | H10: 4.5 | I10: 5 | J10: 5.16 | K10: 5.58 | L10: =K10 -> 5.58 | N10: ja | O10: nee | P10: nee | Q10: nee | R10: nee | S10: nee | T10: nee | Z10: Voor reizigers die met de OV-chipkaart of met OVpay willen reizen is een flatfare-tarief op de Nightliner beschikbaar van € 5,58 voor één enkele rit, zonder overstap.
B11: Bravo Flex Bergen op Zoom lijn 820 flatfare van/naar station. | C11: nvt | D11: nvt | H11: 1.5 | I11: 1.5 | J11: 1.5 | K11: 1.5 | L11: =K11 -> 1.5 | N11: ja | O11: nee | P11: nee | Q11: nee | R11: nee | S11: nee | T11: nee
B12: Bravo Flex Bergen op Zoom lijn 820 flatfare kris kras | C12: n.v.t. | D12: nvt | H12: 1.5 | J12: 3.5 | K12: 3.5 | L12: =K12 -> 3.5 | N12: ja | O12: nee | P12: nee | Q12: nee | R12: nee | S12: nee | T12: nee
B13: BARABANT Reisproducten OV-chipkaart maand (doorlopend)
B14: Brabant Jeugd maandabonnement 12 t/m 18 jarigen | C14: 1586 | D14: 1586 | E14: 87.6 | F14: 89.45 | G14: 95.47 | H14: 98.55 | I14: 100.44 | J14: 103.57 | K14: 112.1 | L14: =K14 -> 112.1 | N14: ja | O14: ja | P14: nee | Q14: nee | R14: nee | S14: ja | T14: ja | Z14: Personen van 12 tot en met 18 jaar kunnen voor € 112,10 per maand een abonnement voor busvervoer verkrijgen. Dit abonnement is te laden op een persoonlijke OV-chipkaart en geeft vrij reisrecht in het Brabantse stads- en streekvervoer gedurende alle dagen van de betreffende maand. Het abonnement is niet geldig op de Nightliner, Transferiumbussen en de Arriva buslijn 165/166 (Gelderland: ’s-Hertogenbosch-Druten). Het is wel geldig op de Arriva/Breng-buslijn 99 (Nijmegen-Grave). NB: Het Jeugdabonnement wordt door Arriva zakelijk met maximaal 34% korting geboden aan Jeugdspelers bij voetbalclub NAC Breda, Willem II en FC Den Bosch.
B15: Brabant Altijd Vrij Anoniem | C15: 8020 | D15: 8020 | E15: 116.4 | F15: 118.9 | G15: 126.91 | H15: 131.01 | I15: 133.52 | J15: 137.68 | K15: 149.03 | L15: =K15 -> 149.03 | N15: ja | O15: ja | P15: nee | Q15: nee | R15: nee | S15: ja | T15: nee | Z15: Brabant Altijd Vrij biedt onbeperkt reizen in de Brabantse OV-concessies voor een vast bedrag. De prijs van het product bedraagt € 149,03 per maand en € 1.490,27 per jaar. Het OV-chipkaartproduct is niet geldig op de Nightliner, de Transferiumbussen en de Arriva-buslijn 165/166 (Gelderland: ’s-Hertogenbosch- Druten). Het is wel geldig op de Arriva/Breng buslijn 99 (Nijmegen-Grave).
B16: Brabant Altijd Vrij Kind | C16: 8020 | D16: 8021 | E16: 116.4 | F16: 118.9 | G16: 126.91 | H16: 131.01 | I16: 133.52 | J16: 137.68 | K16: =K15 -> 149.03 | L16: =K16 -> 149.03 | N16: ja | O16: ja | P16: nee | Q16: nee | R16: nee | S16: ja | T16: ja
B17: Brabant Altijd Vrij Tiener | C17: 8020 | D17: 8022 | E17: 116.4 | F17: 118.9 | G17: 126.91 | H17: 131.01 | I17: 133.52 | J17: 137.68 | K17: =K16 -> 149.03 | L17: =K17 -> 149.03 | N17: ja | O17: ja | P17: nee | Q17: nee | R17: nee | S17: ja | T17: ja
B18: Brabant Altijd Vrij Volwassen | C18: 8020 | D18: 8023 | E18: 116.4 | F18: 118.9 | G18: 126.91 | H18: 131.01 | I18: 133.52 | J18: 137.68 | K18: =K17 -> 149.03 | L18: =K18 -> 149.03 | N18: ja | O18: ja | P18: nee | Q18: nee | R18: nee | S18: ja | T18: ja
B19: Brabant Altijd Vrij Senior | C19: 8020 | D19: 8024 | E19: 116.4 | F19: 118.9 | G19: 126.91 | H19: 131.01 | I19: 133.52 | J19: 137.68 | K19: =K18 -> 149.03 | L19: =K19 -> 149.03 | N19: ja | O19: ja | P19: nee | Q19: nee | R19: nee | S19: ja | T19: ja
B20: BRABANT Reisproducten OV-chipkaart kwartaal
B21: Winterschoolliner 5 maanden | E21: nvt | F21: nvt | J21: 401.76 | K21: vervallen | L21: n.v.t. | N21: nee | O21: nee | P21: nee | Q21: nee | S21: nee | T21: nee
B22: BRABANT Reisproducten OV-chipkaart jaar of onbepaalde tijd
B23: Brabant Dalkorting Kind | C23: 1580 | D23: 1582 | E23: 11.7 | F23: 11.95 | G23: 12.74 | H23: 13.15 | I23: 13.4 | J23: 13.82 | K23: 14.96 | L23: =K23 -> 14.96 | N23: ja | O23: ja | P23: nee | Q23: nee | R23: nee | S23: ja | T23: ja | Z23: Reizigers kunnen voor € 14,96 per jaar het Brabants Dalkortingsproduct kopen dat recht geeft op 40% dalkorting op de standaard ritprijs. Deze dalkorting geldt op werkdagen ná 09.00 uur. Op zaterdag en zondag de hele dag. Het reisproduct moet geladen worden op een persoonlijke OV-chipkaart. Brabant Dalkorting is niet geldig op de Nightliner, de Transferiumbussen en de Arriva buslijn 165/166 (Gelderland: ’s-Hertogenbosch-Druten). Het is wel geldig op de Arriva/Brengbuslijn 99 (Nijmegen-Grave). Dalkorting stapelt met de hiervoor omschreven nationale en regionale leeftijdskortingen
B24: Brabant Dalkorting Jeugd | C24: 1580 | D24: 1583 | E24: 11.7 | F24: 11.95 | G24: 12.74 | H24: 13.15 | I24: 13.4 | J24: 13.82 | K24: 14.96 | L24: =K24 -> 14.96 | N24: ja | O24: ja | P24: nee | Q24: nee | R24: nee | S24: ja | T24: ja
B25: Brabant Dalkorting Volwassen | C25: 1580 | D25: 1584 | E25: 11.7 | F25: 11.95 | G25: 12.74 | H25: 13.15 | I25: 13.4 | J25: 13.82 | K25: 14.96 | L25: =K25 -> 14.96 | N25: ja | O25: ja | P25: nee | Q25: nee | R25: nee | S25: ja | T25: ja
B26: Brabant Dalkorting Senior | C26: 1580 | D26: 1585 | E26: 11.7 | F26: 11.95 | G26: 12.74 | H26: 13.15 | I26: 13.4 | J26: 13.82 | K26: 14.96 | L26: =K26 -> 14.96 | N26: ja | O26: ja | P26: nee | Q26: nee | R26: nee | S26: ja | T26: ja
B27: Brabant Altijd Vrij Anoniem | C27: 8025 | D27: 8025 | E27: 1164 | F27: 1189 | G27: 1269.1 | H27: 1310.14 | I27: 1335.17 | J27: 1376.82 | K27: 1490.27 | L27: =K27 -> 1490.27 | N27: ja | O27: ja | P27: nee | Q27: nee | R27: nee | S27: ja | T27: nee | Z27: Brabant Altijd Vrij biedt onbeperkt reizen in de Brabantse OV-concessies voor een vast bedrag. De prijs van het product bedraagt € 149,03 per maand en € 1.490,27 per jaar. Het OV-chipkaartproduct is niet geldig op de Nightliner, de Transferiumbussen en de Arriva-buslijn 165/166 (Gelderland: ’s-Hertogenbosch- Druten). Het is wel geldig op de Arriva/Breng buslijn 99 (Nijmegen-Grave). NB: Brabant Altijd Vrij jaar wordt door Arriva zakelijk met maximaal 34% korting geboden aan het zorgpersoneel bij het Jeroen Bosch Ziekenhuis.
B28: Brabant Altijd Vrij Kind | C28: 8025 | D28: 8026 | E28: 1164 | F28: 1189 | G28: 1269.1 | H28: 1310.14 | I28: 1335.17 | J28: 1376.82 | K28: =K27 -> 1490.27 | L28: =K28 -> 1490.27 | N28: ja | O28: ja | P28: nee | Q28: nee | R28: nee | S28: ja | T28: ja
B29: Brabant Altijd Vrij jeugd | C29: 8025 | D29: 8027 | E29: 1164 | F29: 1189 | G29: 1269.1 | H29: 1310.14 | I29: 1335.17 | J29: 1376.82 | K29: =K28 -> 1490.27 | L29: =K29 -> 1490.27 | N29: ja | O29: ja | P29: nee | Q29: nee | R29: nee | S29: ja | T29: ja
B30: Brabant Altijd Vrij Volwassen | C30: 8025 | D30: 8028 | E30: 1164 | F30: 1189 | G30: 1269.1 | H30: 1310.14 | I30: 1335.17 | J30: 1376.82 | K30: =K29 -> 1490.27 | L30: =K30 -> 1490.27 | N30: ja | O30: ja | P30: nee | Q30: nee | R30: nee | S30: ja | T30: ja
B31: Brabant Altijd Vrij Senior | C31: 8025 | D31: 8029 | E31: 1164 | F31: 1189 | G31: 1269.1 | H31: 1310.14 | I31: 1335.17 | J31: 1376.82 | K31: =K30 -> 1490.27 | L31: =K31 -> 1490.27 | N31: ja | O31: ja | P31: nee | Q31: nee | R31: nee | S31: ja | T31: ja
B32: BRABANT Wagenverkoopassortiment + CT voorverkoop
B33: Ritkaartje | C33: nvt | D33: nvt | E33: 3.98 | F33: 4.24 | G33: 4.24 | H33: 4.38 | I33: 4.46 | J33: 4.59 | K33: 4.8 | L33: =K33 -> 4.8 | N33: nee | O33: nee | P33: nee | Q33: ja | R33: nee | S33: nee | T33: nee | Z33: Het tarief van de Ritkaart bedraagt € 4,80. Voor de interregionale lijnen 310, 400 en 401 van de concessie West-Brabant geldt een staffel van het ritkaarttarief. De tarieven zijn afhankelijk van het deeltraject € 4,80, € 9,60, en € 14,40. De Ritkaart is geldig voor een enkele rit zonder overstap. De Ritkaart is niet geldig op de Transferiumbussen en de Nightliners.
B34: Ritkaartje middellang | C34: nvt | D34: nvt | E34: 7.96 | F34: 8.48 | G34: 8.48 | H34: 8.76 | I34: 8.92 | J34: 9.18 | K34: =K33*2 -> 9.6 | L34: =K34 -> 9.6 | N34: nee | O34: nee | P34: nee | Q34: ja | R34: nee | S34: nee | T34: nee
B35: Ritkaartje lang | C35: nvt | D35: nvt | E35: 11.94 | F35: 12.72 | G35: 12.72 | H35: 13.14 | I35: 13.38 | J35: 13.77 | K35: =K33*3 -> 14.4 | L35: =K35 -> 14.4 | N35: nee | O35: nee | P35: nee | Q35: ja | R35: nee | S35: nee | T35: nee
B36: Ritkaartje (CT voorverkoop) | C36: 8034 | D36: 8034 | E36: 6.22 | F36: 4.24 | G36: 4.24 | H36: 4.38 | I36: 4.46 | J36: 4.59 | K36: =K33 -> 4.8 | L36: =K36 -> 4.8 | N36: ja | O36: nee | P36: ja | Q36: nee | R36: nee | S36: nee | T36: nee
B37: Ritkaart Bravoflex Bergen op Zoom (halte-halte) | C37: 8046 | D37: 8046 | J37: 3.5 | K37: 3.5 | L37: =K37 -> 3.5 | N37: nee | O37: nee | P37: nee | Q37: ja | R37: nee | S37: nee | T37: nee
B38: Ritkaart Bravoflex Bergen op Zoom (halte-station) | C38: 8651 | D38: 8651 | J38: 1.5 | K38: 1.5 | L38: =K38 -> 1.5 | N38: nee | O38: nee | P38: nee | Q38: ja | R38: nee | S38: nee | T38: nee
B39: Dalurendagkaartje | C39: nvt | D39: nvt | E39: 6.22 | F39: 6.63 | G39: 6.63 | H39: 6.84 | I39: 6.97 | J39: 7.18 | K39: 7.55 | L39: =K39 -> 7.55 | N39: nee | O39: nee | P39: nee | Q39: ja | R39: nee | S39: nee | T39: nee | Z39: Het tarief voor de Dalurendagkaart is € 7,55. Deze kaart is geldig van maandag t/m vrijdag vanaf 09.00 tot einde dienstregeling. De kaart is de hele dag geldig op: zaterdagen en zondagen, werkdagen in de maanden juli en augustus, Nieuwjaarsdag, Goede Vrijdag, Tweede Paasdag, Koningsdag, Hemelvaartsdag, de dag na Hemelvaartsdag, Tweede Pinksterdag en van 25 tot en met 31 december. De Dalurendagkaart is niet geldig op de Nightliners en Transferiumbussen. Voor de interregionale lijnen 310, 400 en 401 van de concessie West-Brabant geldt een staffel van het Dalurendagkaarttarief. De tarieven zijn afhankelijk van het deeltraject € 7,55, € 15,10 en € 22,65.
B40: Dalurendagkaartje middellang | C40: nvt | D40: nvt | E40: 12.44 | F40: 13.25 | G40: 13.25 | H40: 13.68 | I40: 13.94 | J40: 14.36 | K40: =K39*2 -> 15.1 | L40: =K40 -> 15.1 | N40: nee | O40: nee | P40: nee | Q40: ja | R40: nee | S40: nee | T40: nee
B41: Dalurendagkaartje lang | C41: nvt | D41: nvt | E41: 12.44 | F41: 13.25 | G41: nvt | H41: nvt | I41: 20.91 | J41: 21.54 | K41: =K39*3 -> 22.65 | L41: =K41 -> 22.65 | N41: nee | O41: nee | P41: nee | Q41: ja | R41: nee | S41: nee | T41: nee
B42: Dalurendagkaartje (CT voorverkoop) | C42: 8046 | D42: 8046 | E42: 6.22 | F42: 6.63 | G42: 6.63 | H42: 6.84 | I42: 6.97 | J42: 7.18 | K42: =K39 -> 7.55 | L42: =K42 -> 7.55 | N42: ja | O42: nee | P42: ja | Q42: nee | R42: nee | S42: nee | T42: nee
B43: Stadskaartje (CT voorverkoop) | C43: 8160 | D43: 8160 | H43: nvt | J43: 4.59 | K43: 4.97 | L43: =K43 -> 4.97 | R43: nee
B44: Stadskaartje | C44: nvt | D44: nvt | G44: 3 | H44: 4.38 | I44: 4.46 | J44: 4.59 | K44: 4.97 | L44: =K44 -> 4.97 | R44: nee
B45: Ritkaartje Nightliner | C45: nvt | D45: nvt | E45: 6.22 | F45: 6.63 | G45: 6.63 | H45: 6.84 | I45: 7 | J45: 7 | K45: 7.58 | L45: =K45 -> 7.58 | N45: nee | O45: nee | P45: nee | Q45: ja | R45: nee | S45: nee | T45: nee | Z45: Voor al het regionale nachtvervoer op vervoerrelaties binnen de OV-concessies West- en Oost-Brabant (de Nightliners) is een Ritkaart Nightliner beschikbaar voor reizigers die zonder OV-chipkaart of niet met OVpay willen reizen, met een tarief van € 7.58 Deze ritkaart is geldig voor één enkele rit, zonder overstap. De Retourkaart Nightliner kost € 11,37. Dit vervoerbewijs is geldig op de dag van afgifte van 09.00 uur tot 05.00 uur op de volgende dag.
B46: Retourkaartje Nightliner | C46: nvt | D46: nvt | E46: 6.22 | F46: 6.63 | G46: 6.63 | H46: 6.84 | I46: 10 | J46: 10.3 | K46: 11.37 | L46: =K46 -> 11.37 | N46: nee | O46: nee | P46: nee | Q46: ja | R46: nee | S46: nee | T46: nee
B47: Rituitrijkaart | C47: nvt | D47: nvt | J47: 35 | K47: 35 | L47: =K47 -> 35 | N47: nee | O47: nee | P47: nee | Q47: nee | R47: ja | S47: nee | T47: nee | Z47: De vervoerders in de Brabantse OV-concessies voeren in hun assortiment de Rituitrijkaart. Reizigers hebben bij zwartrijden de keuze tussen een boete van € 50,00 plus € 4,00 administratiekosten of het direct betalen van een Rituitrijkaart. Het tarief van de Rituitrijkaart is € 35,00 en is geldig voor het afmaken van de beoogde rit.
B48: BRABANT E-ticket assortiment
B49: OV-Schoolticket Bravo voor groepen (max 26 incl. 1 begeleider) | C49: nvt | D49: nvt | E49: nvt | G49: 35 | H49: 35 | I49: 35 | J49: 35 | K49: 35 | L49: =K49 -> 35 | N49: nee | O49: nee | P49: nee | Q49: nee | R49: nee | S49: ja | T49: nee | Z49: Bravo OV-schoolticket is een reisproduct speciaal voor scholen en het tarief voor 2024 is € 35,- . Voor dat bedrag kan iedere schoolklas (maximaal 26 personen bestaande uit leerlingen van een basisschool of van een school voor voortgezet onderwijs en ten minste één begeleider) binnen de Brabantse OV-concessies reizen. Het OV-schoolticket geldt op werkdagen na 09.00 uur. De OV-schoolticket is niet geldig in de buurtbus, Transferiumbussen en nachtvervoer.
B50: BRABANT SALES
B51: CT-dagkaart Bus Sales | C51: 8040 | D51: 8040 | E51: 3.98 | F51: 4.24 | G51: 4.24 | H51: 4.38 | I51: 4.46 | K51: 12.5 | L51: =K51 -> 12.5 | N51: ja | O51: nee | P51: nee | Q51: nee | R51: nee | S51: ja | T51: nee | Z51: In 2024 voeren we slechts één generieke CT-dagkaart bus met een maximumtarief van 12,50, waarop we korting geven. De prijs (korting op het maximumtarief) en de geldigheid van het product op bussen en buurtbussen van Arriva in Nederland komt tot stand in overleg tussen de gemeente, instelling of COA en Arriva.
B52: Brabant Altijd Vrij jaar Arriva Zakelijk anoniem (nieuw) | C52: n.t.b. | D52: n.t.b. | E52: 1164 | F52: 1189 | G52: 1269.1 | H52: 1310.14 | J52: 1376.82 | K52: 1490.27 | L52: =K52 -> 1490.27 | N52: ja | O52: nee | P52: nee | Q52: nee | R52: nee | S52: ja | T52: nee | Z52: Voor West- en Oost-Brabant Altijd Vrij Sociaal domein geldt een maximumtarief van € 1.490,27 per jaar. Het product is beschikbaar en geldig voor het sociale domein. De prijs (korting op het maximumtarief) en de geldigheid van het product op bussen en buurtbussen van Arriva in de concessies West- en Oost-Brabant, komt tot stand in overleg tussen de gemeente en Arriva. Het reisproduct is één jaar geldig ongeacht op welk moment het abonnement wordt aangevraagd/verlengd. Het afgekocht reisrecht is voor huidige en nieuwe gebruikers binnen het bestaande contract met Arriva geldig op werkdagen ná 09.00 uur. Op zaterdag, zondag, tijdens bijzondere dagen en op officiële schoolvakanties in de regio Zuid, de hele dag. Het reisproduct is niet geldig op de bussen van Hermes, de Nightliners, de Transferiumbussen en de Arriva-buslijn 165/166 (Gelderland: ’s-Hertogenbosch- Druten). Het is wel geldig op de Arriva/Breng-buslijn 99 (Nijmegen-Grave
B53: Brabant Altijd Vrij jaar Arriva Zakelijk kind | C53: n.v.t. | D53: n.v.t. | E53: 1164 | F53: 1189 | G53: 1269.1 | H53: 1310.14 | J53: 1376.82 | K53: 1490.27 | L53: =K53 -> 1490.27 | N53: ja | O53: nee | P53: nee | Q53: nee | R53: nee | S53: ja | T53: nee
B54: Brabant Altijd Vrij jaar Arriva Zakelijk jeugd | C54: n.t.b. | D54: n.t.b. | E54: 1164 | F54: 1189 | G54: 1269.1 | H54: 1310.14 | J54: 1376.82 | K54: 1490.27 | L54: =K54 -> 1490.27 | N54: ja | O54: nee | P54: nee | Q54: nee | R54: nee | S54: ja | T54: nee
B55: Brabant Altijd Vrij jaar Arriva Zakelijk volwassen | C55: n.t.b. | D55: n.t.b. | E55: 1164 | F55: 1189 | G55: 1269.1 | H55: 1310.14 | J55: 1376.82 | K55: 1490.27 | L55: =K55 -> 1490.27 | N55: ja | O55: nee | P55: nee | Q55: nee | R55: nee | S55: ja | T55: nee
B56: Brabant Altijd Vrij jaar Arriva Zakelijk Senior | C56: n.t.b. | D56: n.t.b. | E56: 1164 | F56: 1189 | G56: 1269.1 | H56: 1310.14 | J56: 1376.82 | K56: 1490.27 | L56: =K56 -> 1490.27 | N56: ja | O56: nee | P56: nee | Q56: nee | R56: nee | S56: ja | T56: nee
B57: Meedoen / Dalvrij West-Brabant Streek kind | C57: 8125 | D57: 8126 | F57: 87.5 | G57: 90 | H57: 90 | I57: 90 | J57: 94.5 | K57: 101.35 | L57: =K57 -> 101.35 | N57: ja | O57: nee | P57: nee | Q57: nee | R57: nee | S57: ja | T57: nee | Z57: Voor West- en Oost-Brabant Dalvrij Sociaal domein geldt een maximumtarief van € 101,35,- per jaar. Het product is beschikbaar en geldig voor het sociale domein. De prijs (korting op het maximumtarief) en de geldigheid van het product op bussen en buurtbussen van Arriva in de concessies West- en Oost-Brabant, komt tot stand in overleg tussen de gemeente en Arriva. Het reisproduct is één jaar geldig ongeacht op welk moment het abonnement wordt aangevraagd/verlengd. Het afgekocht reisrecht is voor huidige en nieuwe gebruikers binnen het bestaande contract met Arriva geldig op werkdagen ná 09.00 uur. Op zaterdag, zondag, tijdens bijzondere dagen en op officiële schoolvakanties in de regio Zuid, de hele dag. Het reisproduct is niet geldig op de bussen van Hermes, de Nightliners, de Transferiumbussen en de Arriva-buslijn 165/166 (Gelderland: ’s-Hertogenbosch- Druten). Het is wel geldig op de Arriva/Breng-buslijn 99 (Nijmegen-Grave).
B58: Meedoen / Dalvrij West-Brabant Streek jeugd | C58: 8125 | D58: 8127 | F58: 87.5 | G58: 90 | H58: 90 | I58: 90 | J58: 94.5 | K58: 101.35 | L58: =K58 -> 101.35 | N58: ja | O58: nee | P58: nee | Q58: nee | R58: nee | S58: ja | T58: nee
B59: Meedoen / Dalvrij West-Brabant Streek volwassen | C59: 8125 | D59: 8128 | F59: 87.5 | G59: 90 | H59: 90 | I59: 90 | J59: 94.5 | K59: 101.35 | L59: =K59 -> 101.35 | N59: ja | O59: nee | P59: nee | Q59: nee | R59: nee | S59: ja | T59: nee
B60: Meedoen / Dalvrij West-Brabant Streek senior | C60: 8125 | D60: 8129 | F60: 87.5 | G60: 90 | H60: 90 | I60: 90 | J60: 94.5 | K60: 101.35 | L60: =K60 -> 101.35 | N60: ja | O60: nee | P60: nee | Q60: nee | R60: nee | S60: ja | T60: nee
B61: Meedoen / Dalvrij West-Brabant Stad (Breda) en Streek kind | C61: 8130 | D61: 8131 | F61: 127.5 | G61: 131 | H61: 131 | I61: 131 | J61: 137.5 | K61: 147.45 | L61: =K61 -> 147.45 | N61: ja | O61: nee | P61: nee | Q61: nee | R61: nee | S61: ja | T61: nee
B62: Meedoen / Dalvrij West-Brabant Stad (Breda) en Streek jeugd | C62: 8130 | D62: 8132 | F62: 127.5 | G62: 131 | H62: 131 | I62: 131 | J62: 137.5 | K62: 147.45 | L62: =K62 -> 147.45 | N62: ja | O62: nee | P62: nee | Q62: nee | R62: nee | S62: ja | T62: nee
B63: Meedoen / Dalvrij West-Brabant Stad (Breda) en Streek volwassen | C63: 8130 | D63: 8133 | F63: 127.5 | G63: 131 | H63: 131 | I63: 131 | J63: 137.5 | K63: 147.45 | L63: =K63 -> 147.45 | N63: ja | O63: nee | P63: nee | Q63: nee | R63: nee | S63: ja | T63: nee
B64: Meedoen / Dalvrij West-Brabant Stad (Breda) en Streek senior | C64: 8130 | D64: 8134 | F64: 127.5 | G64: 131 | H64: 131 | I64: 131 | J64: 137.5 | K64: 147.45 | L64: =K64 -> 147.45 | N64: ja | O64: nee | P64: nee | Q64: nee | R64: nee | S64: ja | T64: nee
B65: Arriva Dal Vrij Bus Dongen jaar (kind) | C65: 8210 | D65: 8211 | K65: nvt. | L65: =K65 -> nvt. | N65: ja | O65: nee | P65: nee | Q65: nee | R65: nee | S65: ja | T65: nee
B66: Arriva Dal Vrij Bus Dongen jaar (jeugd) | C66: 8210 | D66: 8212 | K66: 182.5 | L66: =K66 -> 182.5 | N66: ja | O66: nee | P66: nee | Q66: nee | R66: nee | S66: ja | T66: nee
B67: Arriva Dal Vrij Bus Dongen jaar (volwassen) | C67: 8210 | D67: 8213 | K67: 182.5 | L67: =K67 -> 182.5 | N67: ja | O67: nee | P67: nee | Q67: nee | R67: nee | S67: ja | T67: nee
B68: Arriva Dal Vrij Bus Dongen jaar (senior) | C68: 8210 | D68: 8214 | K68: 182.5 | L68: =K68 -> 182.5 | N68: ja | O68: nee | P68: nee | Q68: nee | R68: nee | S68: ja | T68: nee
B69: Arriva Dal Vrij Bus Waalwijk jaar (kind) | C69: 8215 | D69: 8216 | K69: n.v.t. | L69: =K69 -> n.v.t. | N69: ja | O69: nee | P69: nee | Q69: nee | R69: nee | S69: ja | T69: nee
B70: Arriva Dal Vrij Bus Waalwijk jaar (jeugd) | C70: 8215 | D70: 8217 | K70: 182.5 | L70: =K70 -> 182.5 | N70: ja | O70: nee | P70: nee | Q70: nee | R70: nee | S70: ja | T70: nee
B71: Arriva Dal Vrij Bus Waalwijk jaar (volwassen) | C71: 8215 | D71: 8218 | K71: 182.5 | L71: =K71 -> 182.5 | N71: ja | O71: nee | P71: nee | Q71: nee | R71: nee | S71: ja | T71: nee
B72: Arriva Dal Vrij Bus Waalwijk jaar (senior) | C72: 8215 | D72: 8219 | K72: 182.5 | L72: =K72 -> 182.5 | N72: ja | O72: nee | P72: nee | Q72: nee | R72: nee | S72: ja | T72: nee

Sheet Z-BO
N3: “Verkoop Servicebalie OVC” betreft OV-Chip producten die op een OV-Chipkaart worden geschreven.
N4: “Verkoop Servicebalie Overig” betreft alle overige producten: CT-kaarten, papieren kaartjes etc.
N5: “Verkoop Backoffice” betreft verkoop van OV-Chip producten via Assist/klantenservice (backoffice).
B6: Regionale tarieven Brabant Oost | V6: Voorwaarden
B7: Productnaam | C7: Productnr | D7: Contract Tariff Id | E7: 2018 | F7: 2019 | G7: 2020 | H7: 44197 | I7: 44378 | J7: 2022 niet definitief | K7: 2023 | L7: 2024 | M7: DEF | N7: Acceptatie OVC | O7: Verkoop Servicebalie OVC | P7: Verkoop Servicebalie Overig | Q7: DC Light | R7: Handheld Toezichthouder | S7: Verkoop Backoffice | T7: Verkoop Webshop | V7: Geldigheid (dal/spits) | W7: Modaliteit (trein/(buurtbus)/HOV) | X7: Leeftijd (65+/kind/etc) | Y7: Gebied (landelijk/1 regio of meer) | Z7: Productvoorwaarden
B8: ='Z-BW'!B8 -> BRABANT OV-chipkaart
B9: Kilometertarief | C9: nvt | D9: nvt | E9: 0.157 | F9: 0.167 | G9: 0.172 | H9: 0.17542151 | J9: 0.181 | K9: ='Z-BW'!K9 -> 0.188 | L9: =K9 -> 0.188 | N9: ja | O9: nee | P9: nee | Q9: nee | R9: nee | S9: nee | T9: nee
B10: Tranferiumbussen Den Bosch (geen OV-chipkaart afrekening lijn 760,770,780) | L10: n.v.t.
B11: Kilometer tarief Nightliner flatfare | C11: nvt | D11: nvt | F11: 6.63 | G11: 4.5 | H11: 5 | J11: 5.16 | K11: ='Z-BW'!K10 -> 5.58 | L11: =K11 -> 5.58 | N11: ja | O11: nee | P11: nee | Q11: nee | R11: nee | S11: nee | T11: nee | Z11: Voor reizigers die met de OV-chipkaart of met OVpay willen reizen is een flatfare-tarief op de Nightliner beschikbaar van € 5,58 voor één enkele rit, zonder overstap.
B12: ='Z-BW'!B13 -> BARABANT Reisproducten OV-chipkaart maand (doorlopend)
B13: Brabant Jeugd maandabonnement 12 t/m 18 jarigen | C13: 1586 | D13: 1586 | E13: 89.45 | F13: 95.47 | G13: 98.55 | H13: 100.44 | J13: 103.57 | K13: ='Z-BW'!K14 -> 112.1 | L13: =K13 -> 112.1 | N13: ja | O13: ja | P13: nee | Q13: nee | R13: nee | S13: ja | T13: ja | Z13: Personen van 12 tot en met 18 jaar kunnen voor € 112,10 per maand een abonnement voor busvervoer verkrijgen. Dit abonnement is te laden op een persoonlijke OV-chipkaart en geeft vrij reisrecht in het Brabantse stads- en streekvervoer gedurende alle dagen van de betreffende maand. Het abonnement is niet geldig op de Nightliner, Transferiumbussen en de Arriva buslijn 165/166 (Gelderland: ’s-Hertogenbosch-Druten). Het is wel geldig op de Arriva/Breng-buslijn 99 (Nijmegen-Grave). NB: Het Jeugdabonnement wordt door Arriva zakelijk met maximaal 34% korting geboden aan Jeugdspelers bij voetbalclub NAC Breda, Willem II en FC Den Bosch.
B14: Brabant Altijd Vrij Anoniem | C14: 8020 | D14: 8020 | E14: 118.9 | F14: 126.91 | G14: 131.01 | H14: 133.52 | J14: 137.68 | K14: ='Z-BW'!K15 -> 149.03 | L14: =K14 -> 149.03 | N14: ja | O14: ja | P14: nee | Q14: nee | R14: nee | S14: ja | T14: nee | Z14: Brabant Altijd Vrij biedt onbeperkt reizen in de Brabantse OV-concessies voor een vast bedrag. De prijs van het product bedraagt € 149,03 per maand en € 1.490,27 per jaar. Het OV-chipkaartproduct is niet geldig op de Nightliner, de Transferiumbussen en de Arriva-buslijn 165/166 (Gelderland: ’s-Hertogenbosch- Druten). Het is wel geldig op de Arriva/Breng buslijn 99 (Nijmegen-Grave).
B15: Brabant Altijd Vrij Kind | C15: 8020 | D15: 8021 | E15: 118.9 | F15: 126.91 | G15: 131.01 | H15: 133.52 | J15: 137.68 | K15: ='Z-BW'!K16 -> 149.03 | L15: =K15 -> 149.03 | N15: ja | O15: ja | P15: nee | Q15: nee | R15: nee | S15: ja | T15: ja
B16: Brabant Altijd Vrij jeugd | C16: 8020 | D16: 8022 | E16: 118.9 | F16: 126.91 | G16: 131.01 | H16: 133.52 | J16: 137.68 | K16: ='Z-BW'!K17 -> 149.03 | L16: =K16 -> 149.03 | N16: ja | O16: ja | P16: nee | Q16: nee | R16: nee | S16: ja | T16: ja
B17: Brabant Altijd Vrij Volwassen | C17: 8020 | D17: 8023 | E17: 118.9 | F17: 126.91 | G17: 131.01 | H17: 133.52 | J17: 137.68 | K17: ='Z-BW'!K18 -> 149.03 | L17: =K17 -> 149.03 | N17: ja | O17: ja | P17: nee | Q17: nee | R17: nee | S17: ja | T17: ja
B18: Brabant Altijd Vrij Senior | C18: 8020 | D18: 8024 | E18: 118.9 | F18: 126.91 | G18: 131.01 | H18: 133.52 | J18: 137.68 | K18: ='Z-BW'!K19 -> 149.03 | L18: =K18 -> 149.03 | N18: ja | O18: ja | P18: nee | Q18: nee | R18: nee | S18: ja | T18: ja
B19: ='Z-BW'!B22 -> BRABANT Reisproducten OV-chipkaart jaar of onbepaalde tijd
B20: Brabant Dalkorting Kind | C20: 1580 | D20: 1582 | E20: 11.95 | F20: 12.74 | G20: 13.15 | H20: 13.4 | J20: 13.82 | K20: ='Z-BW'!K23 -> 14.96 | L20: =K20 -> 14.96 | N20: ja | O20: ja | P20: nee | Q20: nee | R20: nee | S20: ja | T20: ja | Z20: Reizigers kunnen voor € 14,96 per jaar het Brabants Dalkortingsproduct kopen dat recht geeft op 40% dalkorting op de standaard ritprijs. Deze dalkorting geldt op werkdagen ná 09.00 uur. Op zaterdag en zondag de hele dag. Het reisproduct moet geladen worden op een persoonlijke OV-chipkaart. Brabant Dalkorting is niet geldig op de Nightliner, de Transferiumbussen en de Arriva buslijn 165/166 (Gelderland: ’s-Hertogenbosch-Druten). Het is wel geldig op de Arriva/Brengbuslijn 99 (Nijmegen-Grave). Dalkorting stapelt met de hiervoor omschreven nationale en regionale leeftijdskortingen.
B21: Brabant Dalkorting Jeugd | C21: 1580 | D21: 1583 | E21: 11.95 | F21: 12.74 | G21: 13.15 | H21: 13.4 | J21: 13.82 | K21: ='Z-BW'!K24 -> 14.96 | L21: =K21 -> 14.96 | N21: ja | O21: ja | P21: nee | Q21: nee | R21: nee | S21: ja | T21: ja
B22: Brabant Dalkorting Volwassen | C22: 1580 | D22: 1584 | E22: 11.95 | F22: 12.74 | G22: 13.15 | H22: 13.4 | J22: 13.82 | K22: ='Z-BW'!K25 -> 14.96 | L22: =K22 -> 14.96 | N22: ja | O22: ja | P22: nee | Q22: nee | R22: nee | S22: ja | T22: ja
B23: Brabant Dalkorting Senior | C23: 1580 | D23: 1585 | E23: 11.95 | F23: 12.74 | G23: 13.15 | H23: 13.4 | J23: 13.82 | K23: ='Z-BW'!K26 -> 14.96 | L23: =K23 -> 14.96 | N23: ja | O23: ja | P23: nee | Q23: nee | R23: nee | S23: ja | T23: ja
B24: Brabant Altijd Vrij Anoniem | C24: 8025 | D24: 8025 | E24: 1189 | F24: 1269.1 | G24: 1310.14 | H24: 1335.17 | J24: 1376.82 | K24: ='Z-BW'!K27 -> 1490.27 | L24: =K24 -> 1490.27 | N24: ja | O24: ja | P24: nee | Q24: nee | R24: nee | S24: ja | T24: nee | Z24: Brabant Altijd Vrij biedt onbeperkt reizen in de Brabantse OV-concessies voor een vast bedrag. De prijs van het product bedraagt € 149,03 per maand en € 1.490,27 per jaar. Het OV-chipkaartproduct is niet geldig op de Nightliner, de Transferiumbussen en de Arriva-buslijn 165/166 (Gelderland: ’s-Hertogenbosch- Druten). Het is wel geldig op de Arriva/Breng buslijn 99 (Nijmegen-Grave). NB: Brabant Altijd Vrij jaar wordt door Arriva zakelijk met maximaal 34% korting geboden aan het zorgpersoneel bij het Jeroen Bosch Ziekenhuis.
B25: Brabant Altijd Vrij Kind | C25: 8025 | D25: 8026 | E25: 1189 | F25: 1269.1 | G25: 1310.14 | H25: 1335.17 | J25: 1376.82 | K25: ='Z-BW'!K28 -> 1490.27 | L25: =K25 -> 1490.27 | N25: ja | O25: ja | P25: nee | Q25: nee | R25: nee | S25: ja | T25: ja
B26: Brabant Altijd Vrij jeugd | C26: 8025 | D26: 8027 | E26: 1189 | F26: 1269.1 | G26: 1310.14 | H26: 1335.17 | J26: 1376.82 | K26: ='Z-BW'!K29 -> 1490.27 | L26: =K26 -> 1490.27 | N26: ja | O26: ja | P26: nee | Q26: nee | R26: nee | S26: ja | T26: ja
B27: Brabant Altijd Vrij Volwassen | C27: 8025 | D27: 8028 | E27: 1189 | F27: 1269.1 | G27: 1310.14 | H27: 1335.17 | J27: 1376.82 | K27: ='Z-BW'!K30 -> 1490.27 | L27: =K27 -> 1490.27 | N27: ja | O27: ja | P27: nee | Q27: nee | R27: nee | S27: ja | T27: ja
B28: Brabant Altijd Vrij Senior | C28: 8025 | D28: 8029 | E28: 1189 | F28: 1269.1 | G28: 1310.14 | H28: 1335.17 | J28: 1376.82 | K28: ='Z-BW'!K31 -> 1490.27 | L28: =K28 -> 1490.27 | N28: ja | O28: ja | P28: nee | Q28: nee | R28: nee | S28: ja | T28: ja
B29: ='Z-BW'!B32 -> BRABANT Wagenverkoopassortiment + CT voorverkoop
B30: Ritkaartje | C30: nvt | D30: nvt | E30: 3.98 | F30: 4.24 | G30: 4.38 | H30: 4.46 | J30: 4.59 | K30: ='Z-BW'!K33 -> 4.8 | L30: =K30 -> 4.8 | N30: nee | O30: nee | P30: nee | Q30: ja | R30: nee | S30: nee | T30: nee | Z30: Het tarief van de Ritkaart bedraagt € 4,80. Voor de interregionale lijnen 310, 400 en 401 van de concessie West-Brabant geldt een staffel van het ritkaarttarief. De Ritkaart is geldig voor een enkele rit zonder overstap. De Ritkaart is niet geldig op de Transferiumbussen en de Nightliners.
B31: Ritkaartje (CT voorverkoop) | C31: 8034 | D31: 8034 | E31: 6.22 | F31: 4.24 | G31: 4.38 | H31: 4.46 | J31: 4.59 | K31: ='Z-BW'!K36 -> 4.8 | L31: =K31 -> 4.8 | N31: ja | O31: nee | P31: ja | Q31: nee | R31: nee | S31: nee | T31: nee
B32: Dalurendagkaartje | C32: nvt | D32: nvt | E32: 6.22 | F32: 6.63 | G32: 6.84 | H32: 6.97 | J32: 7.18 | K32: ='Z-BW'!K39 -> 7.55 | L32: =K32 -> 7.55 | N32: nee | O32: nee | P32: nee | Q32: ja | R32: nee | S32: nee | T32: nee | Z32: Het tarief voor de Dalurendagkaart is € 7,55. Deze kaart is geldig van maandag t/m vrijdag vanaf 09.00 tot einde dienstregeling. De kaart is de hele dag geldig op: zaterdagen en zondagen, werkdagen in de maanden juli en augustus, Nieuwjaarsdag, Goede Vrijdag, Tweede Paasdag, Koningsdag, Hemelvaartsdag, de dag na Hemelvaartsdag, Tweede Pinksterdag en van 25 tot en met 31 december. De Dalurendagkaart is niet geldig op de Nightliners en Transferiumbussen.
B33: Dalurendagkaartje (CT voorverkoop) | C33: 8046 | D33: 8046 | E33: 6.22 | F33: 6.63 | G33: 6.84 | H33: 6.97 | J33: 7.18 | K33: ='Z-BW'!K42 -> 7.55 | L33: =K33 -> 7.55 | N33: ja | O33: nee | P33: ja | Q33: nee | R33: nee | S33: nee | T33: nee
B34: Stadskaartje (CT voorverkoop) | C34: 8160 | D34: 8160 | G34: nvt | J34: 4.59 | K34: ='Z-BW'!K43 -> 4.97 | L34: =K34 -> 4.97 | N34: ja | R34: nee
B35: Stadskaartje | C35: nvt | D35: nvt | G35: 4.38 | H35: 4.46 | J35: 4.59 | K35: ='Z-BW'!K44 -> 4.97 | L35: =K35 -> 4.97 | R35: nee
B36: Ritkaartje Nightliner | C36: nvt | D36: nvt | E36: 6.22 | F36: 6.63 | G36: 6.84 | H36: 7 | J36: 7 | K36: ='Z-BW'!K45 -> 7.58 | L36: =K36 -> 7.58 | N36: nee | O36: nee | P36: nee | Q36: ja | R36: nee | S36: nee | T36: nee | Z36: Voor al het regionale nachtvervoer op vervoerrelaties binnen de OV-concessies West- en Oost-Brabant (de Nightliners) is een Ritkaart Nightliner beschikbaar voor reizigers die zonder OV-chipkaart of niet met OVpay willen reizen, met een tarief van € 7,58 Deze ritkaart is geldig voor één enkele rit, zonder overstap. De Retourkaart Nightliner kost € 11,37. Dit vervoerbewijs is geldig op de dag van afgifte van 09.00 uur tot 05.00 uur op de volgende dag.
B37: Retourkaartje Nightliner | C37: nvt | D37: nvt | E37: 6.22 | F37: 6.63 | G37: 6.84 | H37: 10 | J37: 10.3 | K37: ='Z-BW'!K46 -> 11.37 | L37: =K37 -> 11.37 | N37: nee | O37: nee | P37: nee | Q37: ja | R37: nee | S37: nee | T37: nee
B38: Rituitrijkaart | J38: 35 | K38: 35 | L38: =K38 -> 35 | N38: nee | O38: nee | P38: nee | Q38: nee | R38: ja | S38: nee | T38: nee | Z38: De vervoerders in de Brabantse OV-concessies voeren in hun assortiment de Rituitrijkaart. Reizigers hebben bij zwartrijden de keuze tussen een boete van € 50,00 plus € 4,00 administratiekosten of het direct betalen van een Rituitrijkaart. Het tarief van de Rituitrijkaart is € 35,00 en is geldig voor het afmaken van de beoogde rit.
B39: ='Z-BW'!B48 -> BRABANT E-ticket assortiment
B40: OV-Schoolticket Bravo voor groepen (max 26 incl. 1 begeleider) | C40: nvt | D40: nvt | E40: nvt | F40: 35 | G40: 35 | H40: 35 | J40: 35 | K40: ='Z-BW'!K49 -> 35 | L40: =K40 -> 35 | N40: nee | O40: nee | P40: nee | Q40: nee | R40: nee | S40: ja | T40: nee | Z40: Bravo OV-schoolticket is een reisproduct speciaal voor scholen en het tarief voor 2024 is € 35,00. Voor dat bedrag kan iedere schoolklas (maximaal 26 personen bestaande uit leerlingen van een basisschool of van een school voor voortgezet onderwijs en ten minste één begeleider) binnen de Brabantse OV-concessies reizen. Het OV-schoolticket geldt op werkdagen na 09.00 uur. De OV-schoolticket is niet geldig in de buurtbus, Transferiumbussen en nachtvervoer.
B41: BRENG lijn 99
B42: Acceptatie alle BRENG produkten | N42: ja | O42: nee | P42: nee | Q42: nee | R42: nee | S42: nee | T42: nee | Z42: Streeklijn 99 die een voorziening biedt op het traject Uden – Grave – Nederasselt – Nijmegen is een bestuurlijk geknipte lijn die deels tot de bevoegdheid hoort van de provincie Gelderland, namelijk het deeltraject Nederasselt – Nijmegen en deels tot de bevoegdheid van de provincie Noord-Brabant (deeltraject Uden Grave). De exploitatie van deze lijn wordt deels uitgevoerd door Breng (de vervoerder in dit deel van de provincie Gelderland) en deels door Arriva. Deze constellatie leidt tot een complexe en voor reizigers onduidelijke situatie op het gebied van de geldigheid van tarieven en vervoerbewijzen op deze lijn. Daarom is tussen de betrokken partijen afgesproken dat op deze lijn alle bussen van Breng en Arriva de Brabantse tarieven en de tarieven van de provincie Gelderland voeren. Dit betekent dat op lijn 99 naast Brabants assortiment ook OV-chipkaart-producten van het Tariefhuis Oost (Altijd Voordeel Oost Bus, Altijd Voordeel Oost Bus en Trein, Dal Voordeel Oost Bus, Dal Voordeel Oost Bus en Trein, Dal Vrij Oost Bus, Dal Vrij Oost Bus en Trein, Weekend Vrij Oost Bus en Weekend Vrij Oost Bus en Trein) en Breng Vrij zullen worden geaccepteerd. Verder geldt er voor de ritkaarten op deze lijn een tariefstaffel. Voor de relaties op het lijnsegment Grave-Uden geldt een ritkaarttarief.
B43: KM tarief Breng (gewogen gemiddeld lijn 99 bepalen) | K43: 0.186 | L43: =K43 -> 0.186 | N43: ja | O43: nee | P43: nee | Q43: nee | R43: nee | S43: nee | T43: nee
B44: Breng ritkaartje 1* | K44: 2.6 | L44: =K44 -> 2.6 | N44: nee | O44: nee | P44: nee | Q44: ja | R44: nee | S44: nee | T44: nee
B45: Breng ritkaartje 2* | K45: 5.2 | L45: =K45 -> 5.2 | N45: nee | O45: nee | P45: nee | Q45: ja | R45: nee | S45: nee | T45: nee
B46: Breng ritkaartje 3* | K46: 7.8 | L46: =K46 -> 7.8 | N46: nee | O46: nee | P46: nee | Q46: ja | R46: nee | S46: nee | T46: nee
B47: Breng Dagkaart Oost | K47: 13 | L47: =K47 -> 13 | N47: nee | O47: nee | P47: nee | Q47: ja | R47: nee | S47: nee | T47: nee
B48: Breng Meermanskaart | K48: 20 | L48: =K48 -> 20 | N48: nee | O48: nee | P48: nee | Q48: ja | R48: nee | S48: nee | T48: nee
B49: Breng Kidskaart Oost | K49: 1.25 | L49: =K49 -> 1.25 | N49: nee | O49: nee | P49: nee | Q49: ja | R49: nee | S49: nee | T49: nee
B50: BRABANT SALES
B51: CT-dagkaart Bus Sales | C51: 8040 | D51: 8040 | E51: 3.98 | F51: 4.24 | G51: 4.24 | H51: 4.38 | I51: 4.46 | K51: 12.5 | L51: =K51 -> 12.5 | N51: ja | O51: nee | P51: nee | Q51: nee | R51: nee | S51: ja | T51: nee | Z51: In 2024 voeren we slechts één generieke CT-dagkaart bus met een maximumtarief van 12,50, waarop we korting geven. De prijs (korting op het maximumtarief) en de geldigheid van het product op bussen en buurtbussen van Arriva in Nederland komt tot stand in overleg tussen de gemeente, instelling of COA en Arriva.
B52: Brabant Altijd Vrij jaar Arriva zakelijk anoniem (nieuw) | C52: n.t.b. | D52: n.t.b. | E52: 1189 | F52: 1269.1 | G52: 1310.14 | J52: 1376.82 | K52: 1490.27 | L52: =K52 -> 1490.27 | N52: ja | O52: nee | P52: nee | Q52: nee | R52: nee | S52: ja | T52: nee | Z52: Voor West- en Oost-Brabant Altijd Vrij Sociaal domein geldt een maximumtarief van € 1.490,27 per jaar. Het product is beschikbaar en geldig voor het sociale domein. De prijs (korting op het maximumtarief) en de geldigheid van het product op bussen en buurtbussen van Arriva in de concessies West- en Oost-Brabant, komt tot stand in overleg tussen de gemeente en Arriva. Het reisproduct is één jaar geldig ongeacht op welk moment het abonnement wordt aangevraagd/verlengd. Het afgekocht reisrecht is voor huidige en nieuwe gebruikers binnen het bestaande contract met Arriva geldig op werkdagen ná 09.00 uur. Op zaterdag, zondag, tijdens bijzondere dagen en op officiële schoolvakanties in de regio Zuid, de hele dag. Het reisproduct is niet geldig op de bussen van Hermes, de Nightliners, de Transferiumbussen en de Arriva-buslijn 165/166 (Gelderland: ’s-Hertogenbosch- Druten). Het is wel geldig op de Arriva/Breng-buslijn 99 (Nijmegen-Grave
B53: Brabant Altijd Vrij jaar Arriva zakelijk kind (nieuw) | C53: n.v.t. | D53: n.v.t. | E53: 1189 | F53: 1269.1 | G53: 1310.14 | J53: 1376.82 | K53: 1490.27 | L53: =K53 -> 1490.27 | N53: ja | O53: nee | P53: nee | Q53: nee | R53: nee | S53: ja | T53: nee
B54: Brabant Altijd Vrij jaar Arriva zakelijk jeugd (nieuw) | C54: n.t.b. | D54: n.t.b. | E54: 1189 | F54: 1269.1 | G54: 1310.14 | J54: 1376.82 | K54: 1490.27 | L54: =K54 -> 1490.27 | N54: ja | O54: nee | P54: nee | Q54: nee | R54: nee | S54: ja | T54: nee
B55: Brabant Altijd Vrij jaar Arriva zakelijk volwassen (nieuw) | C55: n.t.b. | D55: n.t.b. | E55: 1189 | F55: 1269.1 | G55: 1310.14 | J55: 1376.82 | K55: 1490.27 | L55: =K55 -> 1490.27 | N55: ja | O55: nee | P55: nee | Q55: nee | R55: nee | S55: ja | T55: nee
B56: Brabant Altijd Vrij jaar Arriva zakelijk senior (nieuw) | C56: n.t.b. | D56: n.t.b. | E56: 1189 | F56: 1269.1 | G56: 1310.14 | J56: 1376.82 | K56: 1490.27 | L56: =K56 -> 1490.27 | N56: ja | O56: nee | P56: nee | Q56: nee | R56: nee | S56: ja | T56: nee
B57: Meedoen / Dalvrij Tilburg stad kind | C57: 8120 | D57: 8121 | E57: 87.5 | F57: 100 | G57: 110 | J57: 115.5 | K57: 125 | L57: =K57 -> 125 | N57: ja | O57: nee | P57: nee | Q57: nee | R57: nee | S57: ja | T57: nee | Z57: Voor West- en Oost-Brabant Dalvrij Sociaal domein geldt een maximumtarief van € 125,00,- per jaar. Het product is beschikbaar en geldig voor het sociale domein. De prijs (korting op het maximumtarief) en de geldigheid van het product op bussen en buurtbussen van Arriva in de concessies West- en Oost-Brabant, komt tot stand in overleg tussen de gemeente en Arriva. Het reisproduct is één jaar geldig ongeacht op welk moment het abonnement wordt aangevraagd/verlengd. Het afgekocht reisrecht is voor huidige en nieuwe gebruikers binnen het bestaande contract met Arriva geldig op werkdagen ná 09.00 uur. Op zaterdag, zondag, tijdens bijzondere dagen en op officiële schoolvakanties in de regio Zuid, de hele dag. Het reisproduct is niet geldig op de bussen van Hermes, de Nightliners, de Transferiumbussen en de Arriva-buslijn 165/166 (Gelderland: ’s-Hertogenbosch- Druten). Het is wel geldig op de Arriva/Breng-buslijn 99 (Nijmegen-Grave).
B58: Meedoen / Dalvrij Tilburg stad jeugd | C58: 8120 | D58: 8122 | E58: 87.5 | F58: 100 | G58: 110 | J58: 115.5 | K58: 125 | L58: =K58 -> 125 | N58: ja | O58: nee | P58: nee | Q58: nee | R58: nee | S58: ja | T58: nee
B59: Meedoen / Dalvrij Tilburg stad volwassen | C59: 8120 | D59: 8123 | E59: 87.5 | F59: 100 | G59: 110 | J59: 115.5 | K59: 125 | L59: =K59 -> 125 | N59: ja | O59: nee | P59: nee | Q59: nee | R59: nee | S59: ja | T59: nee
B60: Meedoen / Dalvrij Tilburg stad senior | C60: 8120 | D60: 8124 | E60: 87.5 | F60: 100 | G60: 110 | J60: 115.5 | K60: 125 | L60: =K60 -> 125 | N60: ja | O60: nee | P60: nee | Q60: nee | R60: nee | S60: ja | T60: nee
B61: Arriva Dal Vrij Bus Dongen jaar (kind) | C61: 8210 | D61: 8211 | K61: n.v.t. | L61: =K61 -> n.v.t. | N61: ja | O61: nee | P61: nee | Q61: nee | R61: nee | S61: ja | T61: nee
B62: Arriva Dal Vrij Bus Dongen jaar (jeugd) | C62: 8210 | D62: 8212 | K62: 182.5 | L62: =K62 -> 182.5 | N62: ja | O62: nee | P62: nee | Q62: nee | R62: nee | S62: ja | T62: nee
B63: Arriva Dal Vrij Bus Dongen jaar (volwassen) | C63: 8210 | D63: 8213 | K63: 182.5 | L63: =K63 -> 182.5 | N63: ja | O63: nee | P63: nee | Q63: nee | R63: nee | S63: ja | T63: nee
B64: Arriva Dal Vrij Bus Dongen jaar (senior) | C64: 8210 | D64: 8214 | K64: 182.5 | L64: =K64 -> 182.5 | N64: ja | O64: nee | P64: nee | Q64: nee | R64: nee | S64: ja | T64: nee
B65: Arriva Dal Vrij Bus Waalwijk jaar (kind) | C65: 8215 | D65: 8216 | K65: n.v.t. | L65: =K65 -> n.v.t. | N65: ja | O65: nee | P65: nee | Q65: nee | R65: nee | S65: ja | T65: nee
B66: Arriva Dal Vrij Bus Waalwijk jaar (jeugd) | C66: 8215 | D66: 8217 | K66: 182.5 | L66: =K66 -> 182.5 | N66: ja | O66: nee | P66: nee | Q66: nee | R66: nee | S66: ja | T66: nee
B67: Arriva Dal Vrij Bus Waalwijk jaar (volwassen) | C67: 8215 | D67: 8218 | K67: 182.5 | L67: =K67 -> 182.5 | N67: ja | O67: nee | P67: nee | Q67: nee | R67: nee | S67: ja | T67: nee
B68: Arriva Dal Vrij Bus Waalwijk jaar (senior) | C68: 8215 | D68: 8219 | K68: 182.5 | L68: =K68 -> 182.5 | N68: ja | O68: nee | P68: nee | Q68: nee | R68: nee | S68: ja | T68: nee
B69: Busvoordeelpas Nijmegen (altijd i.c.m. Brabant Altijd Vrij) p-kaart | C69: 1658 | D69: 1658 | K69: 16.25 | L69: =K69 -> 16.25 | N69: ja | O69: nee | P69: nee | Q69: nee | R69: nee | S69: ja | T69: nee

Sheet ZZ-LB
B2: Regionale tarieven Limburg
B3: Productnaam | C3: Productnr | D3: Contract Tariff Id | E3: 2018 | F3: 2019 | G3: 2020 | H3: 01-07-2020 | I3: 44197 | J3: 44378 | K3: 2022 | L3: 2023 | M3: 1.7.23 | N3: 2024 | O3: Acceptatie OVC | P3: Verkoop Servicebalie OVC | Q3: Verkoop Servicebalie Overig | R3: DC Light | S3: DC 800 | T3: Verkoop ASSIST | U3: Verkoop Webshop
B4: Kilometertarief OV-chipkaart
B5: Kilometertarief bus | C5: nvt | D5: nvt | E5: 0.171 | F5: 0.181 | G5: 0.185 | I5: 0.186 | K5: 0.19040154 | L5: 0.204 | N5: 0.204 | O5: ja | P5: nvt | Q5: nvt | R5: nvt | S5: nvt | T5: ja | U5: nee
B6: Kilometertarief trein regionaal 2e klas | C6: nvt | D6: nvt | E6: 0.187 | F6: 0.198 | G6: 0.202 | I6: 0.205 | K6: 0.20596075 | L6: 0.22 | N6: 0.22 | O6: ja | P6: nvt | Q6: nvt | R6: nvt | S6: nvt | T6: ja | U6: nee
B7: Kilometertarief trein regionaal 1e klas | C7: nvt | D7: nvt | E7: 0.317 | F7: 0.335 | G7: 0.343 | I7: 0.346 | K7: 0.34880449 | L7: 0.373 | N7: 0.373 | O7: ja | P7: nvt | Q7: nvt | R7: nvt | S7: nvt | T7: ja | U7: nee
B8: Kilometertarief trein samenloop 2e klas | C8: nvt | D8: nvt | E8: 0.187 | F8: nvt | G8: nvt | H8: nvt | I8: nvt | J8: nvt | K8: nvt | L8: nvt | O8: ja | P8: nvt | Q8: nvt | R8: nvt | S8: nvt | T8: ja | U8: nee
B9: Kilometertarief trein samenloop 1e klas | C9: nvt | D9: nvt | E9: 0.317 | F9: nvt | G9: nvt | H9: nvt | I9: nvt | J9: nvt | K9: nvt | L9: nvt | O9: ja | P9: nvt | Q9: nvt | R9: nvt | S9: nvt | T9: ja | U9: nee
B10: Kilometertarief SAN lijn 83 (Breng) naar Milsbeek Helweg | C10: nvt | D10: nvt | F10: 0.168 | G10: 0.17 | H10: 0.168 | I10: 0.17 | J10: 0.169 | L10: 0.186 | N10: 0.186 | O10: ja | P10: nvt | Q10: nvt | R10: nvt | S10: nvt | T10: nee | U10: nee
B11: Reisproducten OV-chipkaart maand (doorlopend)
B12: Sterabonnement Limburg Maand (vol tarief) 1-ster* | C12: 8705 | E12: 48.74 | F12: 51.55 | G12: 52.7 | I12: 53.18 | K12: 54.303872 | L12: 58.235472 | N12: 58.235472 | O12: ja | P12: ja | Q12: ja | R12: nvt | S12: nvt | T12: ja | U12: ja
B13: Sterabonnement Limburg Maand (vol tarief) 2-ster* | C13: 8705 | E13: 79.99383 | F13: 84.59 | G13: 86.48 | I13: 87.27 | K13: 89.116935 | L13: 95.569001 | N13: 95.569001 | O13: ja | P13: ja | Q13: ja | R13: nvt | S13: nvt | T13: ja | U13: ja
B14: Sterabonnement Limburg Maand (vol tarief) 3-ster* | C14: 8705 | E14: 118.92888 | F14: 125.77 | G14: 128.57 | I14: 129.74 | K14: 132.49243 | L14: 142.08489 | N14: 142.08489 | O14: ja | P14: ja | Q14: ja | R14: nvt | S14: nvt | T14: ja | U14: ja
B15: Sterabonnement Limburg Maand (vol tarief) 4-ster* | C15: 8705 | E15: 158.26845 | F15: 167.37 | G15: 171.1 | I15: 172.66 | K15: 176.31859 | L15: 189.08405 | N15: 189.08405 | O15: ja | P15: ja | Q15: ja | R15: nvt | S15: nvt | T15: ja | U15: ja
B16: Sterabonnement Limburg Maand (vol tarief) 5-ster* | C16: 8705 | E16: 197.2035 | F16: 208.54 | G16: 213.19 | I16: 215.13 | K16: 219.69409 | L16: 235.59994 | N16: 235.59994 | O16: ja | P16: ja | Q16: ja | R16: nvt | S16: nvt | T16: ja | U16: ja
B17: Sterabonnement Limburg Maand (vol tarief) 6-ster* | C17: 8705 | E17: 236.23968 | F17: 249.82 | G17: 255.39 | I17: 257.72 | K17: 263.18225 | L17: 282.23664 | N17: 282.23664 | O17: ja | P17: ja | Q17: ja | R17: nvt | S17: nvt | T17: ja | U17: ja
B18: Sterabonnement Limburg Maand (reductietarief) 1-ster* | C18: 8705 | E18: 32.15934 | F18: 34.01 | G18: 34.77 | I18: 35.08 | K18: 35.827036 | L18: 38.420913 | N18: 38.420913 | O18: ja | P18: ja | Q18: ja | R18: nvt | S18: nvt | T18: ja | U18: ja
B19: Sterabonnement Limburg Maand (reductietarief) 2-ster* | C19: 8705 | E19: 52.78986 | F19: 55.83 | G19: 57.07 | I19: 57.59 | K19: 58.810417 | L19: 63.068291 | N19: 63.068291 | O19: ja | P19: ja | Q19: ja | R19: nvt | S19: nvt | T19: ja | U19: ja
B20: Sterabonnement Limburg Maand (reductietarief) 3-ster* | C20: 8705 | E20: 78.47688 | F20: 82.99 | G20: 84.84 | I20: 85.61 | K20: 87.42698 | L20: 93.756694 | N20: 93.756694 | O20: ja | P20: ja | Q20: ja | R20: nvt | S20: nvt | T20: ja | U20: ja
B21: Sterabonnement Limburg Maand (reductietarief) 4-ster* | C21: 8705 | E21: 104.46729 | F21: 110.47 | G21: 112.94 | I21: 113.97 | K21: 116.38153 | L21: 124.80756 | N21: 124.80756 | O21: ja | P21: ja | Q21: ja | R21: nvt | S21: nvt | T21: ja | U21: ja
B22: Sterabonnement Limburg Maand (reductietarief) 5-ster* | C22: 8705 | E22: 130.15431 | F22: 137.64 | G22: 140.71 | I22: 141.99 | K22: 144.9981 | L22: 155.49596 | N22: 155.49596 | O22: ja | P22: ja | Q22: ja | R22: nvt | S22: nvt | T22: ja | U22: ja
B23: Sterabonnement Limburg Maand (reductietarief) 6-ster* | C23: 8705 | E23: 155.94246 | F23: 164.91 | G23: 168.59 | I23: 170.12 | K23: 173.72732 | L23: 186.30518 | N23: 186.30518 | O23: ja | P23: ja | Q23: ja | R23: nvt | S23: nvt | T23: ja | U23: ja
B24: Dal Vrij Senioren (65+) Bus | C24: 8065 | D24: 8069 | E24: vervalt per 1-1-2018 | G24: 0 | H24: 0 | I24: 0 | J24: 0 | K24: 0 | L24: 0 | N24: 0 | O24: nvt | P24: nvt | Q24: nvt | R24: nvt | S24: nvt | T24: nvt | U24: nvt
B25: Dal Vrij Senioren (65+) Trein en Bus | C25: 8070 | D25: 8074 | E25: vervalt per 1-1-2018 | G25: 0 | H25: 0 | I25: 0 | J25: 0 | K25: 0 | L25: 0 | N25: 0 | O25: nvt | P25: nvt | Q25: nvt | R25: nvt | S25: nvt | T25: nvt | U25: nvt
B26: Dal Vrij Afgestudeerden Bus | C26: 8065 | D26: 8068 | E26: vervalt per 1-1-2018 | G26: 0 | H26: 0 | I26: 0 | J26: 0 | K26: 0 | L26: 0 | N26: 0 | O26: nvt | P26: nvt | Q26: nvt | R26: nvt | S26: nvt | T26: nvt | U26: nvt
B27: Dal Vrij Afgestudeerden Trein en Bus | C27: 8070 | D27: 8073 | E27: vervalt per 1-1-2018 | G27: 0 | H27: 0 | I27: 0 | J27: 0 | K27: 0 | L27: 0 | N27: 0 | O27: nvt | P27: nvt | Q27: nvt | R27: nvt | S27: nvt | T27: nvt | U27: nvt
B28: P&R Maastricht Altijd Vrij | C28: 8105 | E28: 25 | F28: 25 | G28: 27.05 | I28: 27.25 | K28: 27.85 | L28: 29.85 | N28: 29.85 | O28: ja | P28: ja | Q28: ja | R28: nvt | S28: nvt | T28: ja | U28: ja
B29: Arriva Traject Vrij Maand | C29: 8090 | D29: 8090 | E29: prijs afhankelijk van traject | F29: prijs afhankelijk van traject | G29: prijs afhankelijk van traject | H29: prijs afhankelijk van traject | I29: prijs afhankelijk van traject | J29: prijs afhankelijk van traject | K29: prijs afhankelijk van traject | L29: prijs afhankelijk van traject | N29: prijs afhankelijk van traject | O29: ja | P29: ja | Q29: ja | R29: nvt | S29: nvt | T29: ja | U29: ja
B30: Reisproducten OV-chipkaart jaar of onbepaalde tijd
B31: Dal Voordeel Limburg (a-kaart) | C31: 8700 | D31: 8700 | E31: 18 | F31: 17 | G31: 18 | I31: 18 | K31: nvt | L31: 19 | N31: 19 | O31: ja | P31: ja | Q31: ja | R31: nvt | S31: nvt | T31: ja | U31: ja
B32: Dal Voordeel Limburg (kind) | C32: 8700 | D32: 8701 | E32: 18 | F32: 17 | G32: 18 | I32: 18 | K32: nvt | L32: 19 | N32: 19 | O32: ja | P32: ja | Q32: ja | R32: nvt | S32: nvt | T32: ja | U32: ja
B33: Dal Voordeel Limburg (tiener) | C33: 8700 | D33: 8702 | E33: 18 | F33: 17 | G33: 18 | I33: 18 | K33: nvt | L33: 19 | N33: 19 | O33: ja | P33: ja | Q33: ja | R33: nvt | S33: nvt | T33: ja | U33: ja
B34: Dal Voordeel Limburg (volwassen) | C34: 8700 | D34: 8703 | E34: 18 | F34: 17 | G34: 18 | I34: 18 | K34: nvt | L34: 19 | N34: 19 | O34: ja | P34: ja | Q34: ja | R34: nvt | S34: nvt | T34: ja | U34: ja
B35: Dal Voordeel Limburg (senior) | C35: 8700 | D35: 8704 | E35: 18 | F35: 17 | G35: 18 | I35: 18 | K35: nvt | L35: 19 | N35: 19 | O35: ja | P35: ja | Q35: ja | R35: nvt | S35: nvt | T35: ja | U35: ja
B36: Sterabonnement Limburg Jaar (vol tarief) 1-ster* | C36: 8710 | E36: 487.4466 | F36: 515.47 | G36: 526.97 | I36: 531.77 | K36: 543.03872 | L36: 582.35472 | N36: 582.35472 | O36: ja | P36: ja | Q36: ja | R36: nvt | S36: nvt | T36: ja | U36: ja
B37: Sterabonnement Limburg Jaar (vol tarief) 2-ster* | C37: 8710 | E37: 799.9383 | F37: 845.93 | G37: 864.8 | I37: 872.67 | K37: 891.16935 | L37: 955.69001 | N37: 955.69001 | O37: ja | P37: ja | Q37: ja | R37: nvt | S37: nvt | T37: ja | U37: ja
B38: Sterabonnement Limburg Jaar (vol tarief) 3-ster* | C38: 8710 | E38: 1189.2888 | F38: 1257.67 | G38: 1285.72 | I38: 1297.42 | K38: 1324.9243 | L38: 1420.8489 | N38: 1420.8489 | O38: ja | P38: ja | Q38: ja | R38: nvt | S38: nvt | T38: ja | U38: ja
B39: Sterabonnement Limburg Jaar (vol tarief) 4-ster* | C39: 8710 | E39: 1582.6845 | F39: 1673.69 | G39: 1711.01 | I39: 1726.58 | K39: 1763.1859 | L39: 1890.8405 | N39: 1890.8405 | O39: ja | P39: ja | Q39: ja | R39: nvt | S39: nvt | T39: ja | U39: ja
B40: Sterabonnement Limburg Jaar (vol tarief) 5-ster* | C40: 8710 | E40: 1972.035 | F40: 2085.43 | G40: 2131.93 | I40: 2151.33 | K40: 2196.9409 | L40: 2355.9994 | N40: 2355.9994 | O40: ja | P40: ja | Q40: ja | R40: nvt | S40: nvt | T40: ja | U40: ja
B41: Sterabonnement Limburg Jaar (vol tarief) 6-ster* | C41: 8710 | E41: 2362.3968 | F41: 2498.23 | G41: 2553.95 | I41: 2577.19 | K41: 2631.8225 | L41: 2822.3664 | N41: 2822.3664 | O41: ja | P41: ja | Q41: ja | R41: nvt | S41: nvt | T41: ja | U41: ja
B42: Sterabonnement Limburg Jaar (reductietarief) 1-ster* | C42: 8710 | E42: 321.5934 | F42: 340.09 | G42: 347.67 | I42: 350.83 | K42: 358.27036 | L42: 384.20913 | N42: 384.20913 | O42: ja | P42: ja | Q42: ja | R42: nvt | S42: nvt | T42: ja | U42: ja
B43: Sterabonnement Limburg Jaar (reductietarief) 2-ster* | C43: 8710 | E43: 527.8986 | F43: 558.25 | G43: 570.7 | I43: 575.9 | K43: 588.10417 | L43: 630.68291 | N43: 630.68291 | O43: ja | P43: ja | Q43: ja | R43: nvt | S43: nvt | T43: ja | U43: ja
B44: Sterabonnement Limburg Jaar (reductietarief) 3-ster* | C44: 8710 | E44: 784.7688 | F44: 829.89 | G44: 848.4 | I44: 856.12 | K44: 874.2698 | L44: 937.56694 | N44: 937.56694 | O44: ja | P44: ja | Q44: ja | R44: nvt | S44: nvt | T44: ja | U44: ja
B45: Sterabonnement Limburg Jaar (reductietarief) 4-ster* | C45: 8710 | E45: 1044.6729 | F45: 1104.74 | G45: 1129.38 | I45: 1139.65 | K45: 1163.8153 | L45: 1248.0756 | N45: 1248.0756 | O45: ja | P45: ja | Q45: ja | R45: nvt | S45: nvt | T45: ja | U45: ja
B46: Sterabonnement Limburg Jaar (reductietarief) 5-ster* | C46: 8710 | E46: 1301.5431 | F46: 1376.38 | G46: 1407.08 | I46: 1419.88 | K46: 1449.981 | L46: 1554.9596 | N46: 1554.9596 | O46: ja | P46: ja | Q46: ja | R46: nvt | S46: nvt | T46: ja | U46: ja
B47: Sterabonnement Limburg Jaar (reductietarief) 6-ster* | C47: 8710 | E47: 1559.4246 | F47: 1649.09 | G47: 1685.87 | I47: 1701.21 | K47: 1737.2732 | L47: 1863.0518 | N47: 1863.0518 | O47: ja | P47: ja | Q47: ja | R47: nvt | S47: nvt | T47: ja | U47: ja
B48: Arriva Traject Vrij Jaar | C48: 8092 | D48: 8092 | E48: prijs afhankelijk van traject | F48: prijs afhankelijk van traject | G48: prijs afhankelijk van traject | O48: ja | P48: ja | Q48: ja | R48: nvt | S48: nvt | T48: ja | U48: ja
B49: Arriva Samen Voor Groen (a-kaart) | C49: 8035 | E49: 0.176 | F49: 0.186 | G49: 0.19 | I49: 0.191 | K49: 0.195 | L49: 0.20918661 | N49: 0.20918661 | O49: ja | P49: ? | Q49: ? | R49: nvt | S49: nvt | T49: ja | U49: ja
B50: Arriva Samen Voor Groen (kind) | C50: 8036 | E50: 0.11616 | F50: 0.123 | G50: 0.1254 | I50: 0.126 | K50: =K49*0.66 -> 0.1287 | L50: 0.13976316 | N50: 0.13976316 | O50: ja | P50: ? | Q50: ? | R50: nvt | S50: nvt | T50: ja | U50: ja
B51: Arriva Samen Voor Groen (tiener) | C51: 8037 | E51: 0.11616 | F51: 0.123 | G51: 0.19 | I51: 0.191 | K51: 0.195 | L51: 0.13976316 | N51: 0.13976316 | O51: ja | P51: ? | Q51: ? | R51: nvt | S51: nvt | T51: ja | U51: ja
B52: Arriva Samen Voor Groen (volwassenen) | C52: 8038 | E52: 0.176 | F52: 0.186 | G52: 0.19 | I52: 0.191 | K52: 0.195 | L52: 0.20918661 | N52: 0.20918661 | O52: ja | P52: ? | Q52: ? | R52: nvt | S52: nvt | T52: ja | U52: ja
B53: Arriva Samen Voor Groen (senior) | C53: 8039 | E53: 0.11616 | F53: 0.123 | G53: 0.125 | I53: 0.126 | K53: =K50 -> 0.1287 | L53: 0.13976316 | N53: 0.13976316 | O53: ja | P53: ? | Q53: ? | R53: nvt | S53: nvt | T53: ja | U53: ja
B54: Wagenverkoopassortiment
B55: Avondvlinder | C55: nvt | D55: nvt | E55: 1.5 | F55: 1.6 | G55: 1.6 | I55: 1.65 | K55: 1.65 | L55: OVC | N55: OVC | O55: nvt | P55: nvt | Q55: nvt | R55: nvt | S55: nvt | T55: nvt | U55: nvt
B56: Ritkaart Limburg Stad | C56: nvt | D56: nvt | E56: 3.25 | F56: 3.55 | G56: 3.7 | I56: 3.75 | K56: 3.8 | L56: 4.1 | N56: 4.1 | O56: nvt | P56: nvt | Q56: nvt | R56: ja | S56: ja | T56: nvt | U56: nvt
B57: Ritkaart Limburg Stad (CT wederverkoop) | C57: 8077 | D57: nvt | E57: 3.25 | F57: 3.55 | G57: 3.7 | I57: 3.75 | K57: 3.8 | L57: 4.1 | N57: 4.1 | O57: ja | P57: ja | Q57: ja | R57: nvt | S57: nvt | T57: nvt | U57: nvt
B58: Ritkaart Limburg Streek | C58: nvt | D58: nvt | E58: 4.8 | F58: 5.15 | G58: 5.45 | I58: 5.5 | K58: 5.6 | L58: 6 | N58: 6 | O58: nvt | P58: nvt | Q58: nvt | R58: ja | S58: ja | T58: nvt | U58: nvt
B59: Ritkaart Limburg Streek (CT wederverkoop) | C59: 8078 | D59: nvt | E59: 4.8 | F59: 5.15 | G59: 5.45 | I59: 5.5 | K59: 5.6 | L59: 6 | N59: 6 | O59: ja | P59: ja | Q59: ja | R59: nvt | S59: nvt | T59: nvt | U59: nvt
B60: Dagkaart Limburg Bus | C60: nvt | D60: nvt | E60: 8.5 | F60: 9.25 | G60: 9.85 | I60: 9.95 | K60: 10.15 | L60: 10.9 | N60: 10.9 | O60: nvt | P60: nvt | Q60: nvt | R60: ja | S60: ja | T60: nvt | U60: nvt
B61: Dagkaart Limburg Bus (CT wederverkoop) | C61: 8079 | D61: nvt | E61: 8.5 | F61: 9.25 | G61: 9.85 | I61: 9.95 | K61: 10.15 | L61: 10.9 | N61: 10.9 | O61: ja | P61: ja | Q61: ja | R61: nvt | S61: nvt | T61: nvt | U61: nvt
B62: Dal Dagkaart Limburg Bus | C62: nvt | D62: nvt | E62: 6.5 | F62: 7.1 | G62: 7.4 | I62: 7.4 | K62: 7.55 | L62: 8.1 | N62: 8.1 | O62: nvt | P62: nvt | Q62: nvt | R62: ja | S62: ja | T62: nvt | U62: nvt
B63: Dal Dagkaart Limburg Bus (CT wederverkoop) | C63: 8075 | D63: nvt | E63: 6.5 | F63: 7.1 | G63: 7.4 | I63: 7.4 | K63: 7.55 | L63: 8.1 | N63: 8.1 | O63: ja | P63: ja | Q63: ja | R63: nvt | S63: nvt | T63: nvt | U63: nvt
B64: Dal Dagkaart Zuid Limburg Trein en Bus | C64: 8730 | D64: nvt | E64: 12.5 | F64: 13.45 | G64: 13.75 | I64: 13.9 | K64: 14.15 | L64: 15.1 | N64: 15.1 | O64: ja | P64: ja | Q64: ja | R64: ja | S64: ja | T64: nvt | U64: nvt
B65: Dal Dagkaart Noord en Midden Limburg Trein en Bus | C65: 8720 | D65: nvt | E65: 20 | F65: 21.35 | G65: 21.85 | I65: 22.05 | K65: 22.45 | L65: 23.9 | N65: 23.9 | O65: ja | P65: ja | Q65: ja | R65: ja | S65: ja | T65: nvt | U65: nvt
B66: Dal Dagkaart Limburg Trein en Bus | C66: 8740 | D66: nvt | E66: 25 | F66: 26.65 | G66: 27.25 | I66: 27.55 | K66: 28 | L66: 29.8 | N66: 29.8 | O66: ja | P66: ja | Q66: ja | R66: ja | S66: ja | T66: nvt | U66: nvt
B67: Dagkaart Fiets Bus | C67: 8750 | D67: nvt | E67: 4 | F67: 4.25 | G67: 4.3 | I67: 4.35 | K67: 4.45 | L67: 4.75 | N67: 4.75 | O67: ja | P67: ja | Q67: ja | R67: ja | S67: ja | T67: nvt | U67: nvt
B68: Dagkaart Fiets Bus en Trein | C68: 8760 | D68: nvt | E68: 6 | F68: 6.35 | G68: 6.5 | I68: 6.55 | K68: 6.7 | L68: 7.15 | N68: 7.15 | O68: ja | P68: ja | Q68: ja | R68: ja | S68: ja | T68: nvt | U68: nvt
B69: Nachtlijn rit binnen de stad Maastricht | C69: nvt | D69: nvt | E69: 5 | F69: 5 | G69: nvt | H69: nvt | I69: nvt | J69: nvt | K69: nvt | L69: nvt | N69: nvt | O69: ja | P69: Nee | T69: nvt | U69: nvt
B70: Nachtlijn rit buiten de stad Maastricht | C70: nvt | D70: nvt | E70: 7.5 | F70: 7.5 | G70: nvt | H70: nvt | I70: nvt | J70: nvt | K70: nvt | L70: nvt | N70: nvt | O70: ja | P70: Nee | T70: nvt | U70: nvt
B71: OV-shuttle tarief korte rit | C71: nvt | D71: nvt | E71: 1 | F71: 1.05 | G71: 1.1 | I71: 1.1 | K71: nvt | L71: nvt | N71: nvt | O71: nvt | P71: nvt | Q71: nvt | R71: ja | S71: ja | T71: nvt | U71: nvt
B72: OV-shuttle tarief lange rit | C72: nvt | D72: nvt | E72: 2 | F72: 2.1 | G72: 2.15 | I72: 2.2 | K72: nvt | L72: nvt | N72: nvt | O72: nvt | P72: nvt | Q72: nvt | R72: ja | S72: ja | T72: nvt | U72: nvt
B73: OV-shuttle 'voordeurservice' | C73: nvt | D73: nvt | E73: 2.5 | F73: 2.65 | G73: 2.7 | I73: 2.75 | K73: nvt | L73: nvt | N73: nvt | O73: nvt | P73: nvt | Q73: nvt | R73: ja | S73: ja | T73: nvt | U73: nvt
B74: euregioticket | C74: 427 | D74: nvt | E74: 18.5 | F74: 19 | G74: 19 | I74: 19 | K74: 19 | L74: 20 | N74: 21.7 | O74: ja | P74: ja | Q74: ja | R74: ja | S74: ja | T74: nvt | U74: nvt
B75: euregioticket Fahrrad | C75: 428 | D75: nvt | F75: nvt | G75: nvt | I75: 4 | K75: 4 | L75: 4 | N75: 4.3 | O75: ja | P75: ja | Q75: ja | R75: ja | S75: ja
B76: Kidskaart Breng | D76: nvt | I76: 1.15 | K76: 1.2 | L76: 1.25 | N76: 1.25 | O76: nvt | P76: nvt | Q76: nvt | R76: ja | S76: ja
B77: Ritkaart Breng €2,- | D77: nvt | E77: 2 | F77: 2.3 | G77: 2.35 | I77: 2.4 | K77: 2.45 | L77: 2.6 | N77: 2.6 | O77: nvt | P77: nvt | Q77: nvt | R77: ja | S77: ja | T77: nvt | U77: nvt
B78: Ritkaart Breng €4,- | D78: nvt | E78: 4 | F78: 4.6 | G78: 4.7 | I78: 4.8 | K78: 4.9 | L78: 5.2 | N78: 5.2 | O78: nvt | P78: nvt | Q78: nvt | R78: ja | S78: ja | T78: nvt | U78: nvt
B79: Dagkaart Breng | D79: nvt | E79: 10 | F79: 11.5 | G79: 11.75 | I79: 12 | K79: 12 | L79: 13 | N79: 13 | O79: nvt | P79: nvt | Q79: nvt | R79: ja | S79: ja | T79: nvt | U79: nvt
B80: Ritkaart P+R Maastricht | C80: 8043 | D80: nvt | E80: 2 | F80: 2 | G80: 2.15 | I80: 2.2 | K80: 2.25 | L80: 2.4 | N80: 2.4 | O80: ja | P80: nvt | Q80: nvt | R80: ja | S80: ja | T80: nvt | U80: nvt
B81: P+R groepsticket Maastricht | C81: 8044 | D81: nvt | E81: 5 | F81: 5 | G81: 5.4 | I81: 5.45 | K81: 5.55 | L81: 5.95 | N81: 5.95 | O81: ja | P81: nvt | Q81: nvt | R81: ja | S81: ja | T81: nvt | U81: nvt
B82: Einzel-Ticket Kinder Preisstufe H2 | D82: nvt | E82: 1.9 | F82: 1.9 | G82: 1.9 | I82: 1.9 | J82: * | K82: 1.9 | L82: 1.9 | M82: 1.9 | N82: 2.1 | O82: nvt | P82: nvt | Q82: via DB /amadeus systeem | R82: ja | S82: ja | T82: nvt | U82: nvt
B83: Einzel-Ticket Erwachsene Preisstufe H2 | D83: nvt | E83: 3.6 | F83: 3.7 | G83: 3.7 | I83: 3.7 | J83: * | K83: 3.9 | L83: 4.1 | M83: 4.3 | N83: 4.7 | O83: nvt | P83: nvt | Q83: via DB /amadeus systeem | R83: ja | S83: ja | T83: nvt | U83: nvt
B84: Einzel-Ticket Kinder Preisstufe H3 | D84: nvt | E84: 2.8 | F84: 2.8 | G84: 2.8 | I84: 2.8 | J84: * | K84: 2.8 | L84: 2.8 | M84: 2.8 | N84: 3 | O84: nvt | P84: nvt | Q84: via DB /amadeus systeem | R84: ja | S84: ja | T84: nvt | U84: nvt
B85: Einzel-Ticket Erwachsene Preisstufe H3 | D85: nvt | E85: 5.4 | F85: 5.6 | G85: 5.6 | I85: 5.6 | J85: * | K85: 5.8 | L85: 6.1 | M85: 6.3 | N85: 6.9 | O85: nvt | P85: nvt | Q85: via DB /amadeus systeem | R85: ja | S85: ja | T85: nvt | U85: nvt
B86: Wochen-Ticket Preisstufe H2 | D86: nvt | E86: 30.5 | F86: 31.3 | G86: 31.9 | I86: 31.9 | J86: 32.6 | K86: 32.6 | L86: 34 | M86: 35.1 | N86: 38.1 | O86: nvt | P86: nvt | Q86: via DB /amadeus systeem | R86: nee | S86: nee | T86: nvt | U86: nvt
B87: Wochen-Ticket Preisstufe H3 | D87: nvt | E87: 39.6 | F87: 40.6 | G87: 41.4 | I87: 41.4 | J87: 49 | K87: 49 | L87: 44 | M87: 45 | N87: 48.8 | O87: nvt | P87: nvt | Q87: via DB /amadeus systeem | R87: nee | S87: nee | T87: nvt | U87: nvt
B88: Wochen-Ticket Preisstufe H4 | D88: nvt | E88: 59.3 | F88: 60.8 | G88: 62 | I88: 62 | J88: 63.7 | K88: 63.7 | L88: 51 | M88: 52.6 | N88: 57.1 | O88: nvt | P88: nvt | Q88: via DB /amadeus systeem | R88: nee | S88: nee | T88: nvt | U88: nvt
B89: Monats-Ticket Preisstufe H2 | D89: nvt | E89: 93.4 | F89: 96 | G89: 97.7 | I89: 97.7 | J89: 99.5 | K89: 101.6 | L89: 106.2 | M89: 112.6 | N89: 122.2 | O89: nvt | P89: nvt | Q89: via DB /amadeus systeem | R89: nee | S89: nee | T89: nvt | U89: nvt
B90: Monats-Ticket Preisstufe H3 | D90: nvt | E90: 115.3 | F90: 118.5 | G90: 120.6 | I90: 120.6 | J90: 137.2 | K90: 123.2 | L90: 128.2 | M90: 132.7 | N90: 144 | O90: nvt | P90: nvt | Q90: via DB /amadeus systeem | R90: nee | S90: nee | T90: nvt | U90: nvt
B91: Monats-Ticket Preisstufe H4 | D91: nvt | E91: 179.9 | F91: 184.5 | G91: 186.5 | I91: 186.5 | J91: 190 | K91: 144 | L91: 150.4 | M91: 159.5 | N91: 173.1 | O91: nvt | P91: nvt | Q91: via DB /amadeus systeem | R91: nee | S91: nee | T91: nvt | U91: nvt
B92: Einzel-Ticket Erwachsene City-XL Aachen | D92: nvt | E92: 1.7 | F92: 1.8 | G92: 1.8 | I92: 1.8 | J92: * | K92: 1.9 | L92: 2 | M92: 2.1 | N92: 2.3 | O92: nvt | P92: nvt | Q92: via DB /amadeus systeem | R92: ja | S92: ja | T92: nvt | U92: nvt
B93: Einzel-Ticket Kinder Flugs-Ticket | D93: nvt | E93: 1 | F93: 1 | G93: 1 | I93: 1 | J93: * | K93: 1 | L93: 1 | M93: 1 | N93: 1.1 | O93: nvt | P93: nvt | Q93: via DB /amadeus systeem | R93: ja | S93: ja | T93: nvt | U93: nvt
B94: Einzel-Ticket Erwachsene Flugs-Ticket | D94: nvt | E94: 1.6 | F94: 1.6 | G94: 1.6 | I94: 1.6 | J94: * | K94: 1.7 | L94: 1.8 | M94: 1.9 | N94: 2.1 | O94: nvt | P94: nvt | Q94: via DB /amadeus systeem | R94: ja | S94: ja | T94: nvt | U94: nvt
B95: Wochen-Ticket Preisstufe 1 | D95: nvt | E95: 23 | F95: 23.6 | G95: 24 | I95: 24 | J95: 24.6 | K95: 24.6 | L95: 25.6 | M95: 26.4 | N95: 28.7 | O95: nvt | P95: nvt | Q95: via DB /amadeus systeem | R95: nee | S95: nee | T95: nvt | U95: nvt
B96: Wochen-Ticket Preisstufe 2 | D96: nvt | E96: 30.5 | F96: 31.3 | G96: 31.9 | I96: 31.9 | J96: 32.6 | K96: 32.6 | L96: 34 | M96: 35.1 | N96: 38.1 | O96: nvt | P96: nvt | Q96: via DB /amadeus systeem | R96: nee | S96: nee | T96: nvt | U96: nvt
B97: Wochen-Ticket Preisstufe 3 | D97: nvt | E97: 45.7 | F97: 46.9 | G97: 47.8 | I97: 47.8 | J97: 49 | K97: 49 | L97: 51 | M97: 52.6 | N97: 57.1 | O97: nvt | P97: nvt | Q97: via DB /amadeus systeem | R97: nee | S97: nee | T97: nvt | U97: nvt
B98: Wochen-Ticket Preisstufe 4 | D98: nvt | E98: 59.3 | F98: 60.8 | G98: 62 | I98: 62 | J98: 63.7 | K98: 63.7 | L98: 66.3 | M98: 68.5 | N98: 74.3 | O98: nvt | P98: nvt | Q98: via DB /amadeus systeem | R98: nee | S98: nee | T98: nvt | U98: nvt
B99: 24-Stunden-Ticket 5 Personen Kreis Heinsberg | D99: nvt | E99: 15.6 | F99: 15.9 | G99: 16.2 | I99: 16.2 | J99: 16.5 | K99: 17.3 | L99: 18.2 | M99: 19.1 | N99: 20.7 | O99: nvt | P99: nvt | Q99: via DB /amadeus systeem | R99: ja | S99: ja | T99: nvt | U99: nvt
B100: 24-Stunden-Ticket 5 Personen Preisstufe 1 | D100: nvt | E100: 10.4 | F100: 10.6 | G100: 10.8 | I100: 11 | J100: * | K100: 11.5 | L100: 12 | M100: 12.6 | N100: 13.7 | O100: nvt | P100: nvt | Q100: via DB /amadeus systeem | R100: ja | S100: ja | T100: nvt | U100: nvt
B101: 24-Stunden-Ticket 5 Personen Preisstufe 2 | D101: nvt | E101: 15.6 | F101: 15.9 | G101: 16.2 | I101: 16.2 | J101: * | K101: 17.3 | L101: 18.2 | M101: 19.1 | N101: 20.7 | O101: nvt | P101: nvt | Q101: via DB /amadeus systeem | R101: ja | S101: ja | T101: nvt | U101: nvt
...

Sheet O-VD
B2: Regionale tarieven Vechtdal
B3: Productnaam | C3: Productnr | D3: Contract Tariff Id | E3: 2018 | F3: 2019 | G3: 2020 | H3: 2021 | I3: 2022 | J3: 2023 | K3: 2024 | L3: Acceptatie OVC | M3: Verkoop POS/quarto | N3: Verkoop Backoffice | O3: Verkoop Webshop
B4: Kilometertarief OV-chipkaart
B5: KM-tarief trein (2e klas) | C5: nvt | D5: nvt | E5: 0.174 | F5: 0.184 | G5: 0.188 | H5: 0.19 | I5: 0.194 | J5: 0.208 | K5: =J5 -> 0.208 | L5: ja | M5: nee | N5: nee | O5: nee
B6: KM-tarief trein (1e klas) | C6: nvt | D6: nvt | E6: 0.297 | F6: 0.315 | G6: 0.322 | H6: 0.325 | I6: 0.331 | J6: 0.355 | K6: =J6 -> 0.355 | L6: ja | M6: nee | N6: nee | O6: nee
B7: ROR 1e klas | C7: nvt | D7: nvt | J7: =J5*1.6 -> 0.3328 | K7: =J7 -> 0.3328
B8: Reisproducten OV-chipkaart maand (doorlopend)
B9: Altijd Voordeel Oost Bus & Trein (4-11) | C9: 7240 | D9: 7241 | E9: 25 | F9: 26 | G9: 27 | H9: 27 | I9: 28 | J9: 30 | K9: =J9 -> 30 | L9: ja | M9: ja | N9: ja | O9: ja
B10: Altijd Voordeel Oost Bus & Trein (12-18) | C10: 7240 | D10: 7242 | E10: 25 | F10: 26 | G10: 27 | H10: 27 | I10: 28 | J10: 30 | K10: =J10 -> 30 | L10: ja | M10: ja | N10: ja | O10: ja
B11: Altijd Voordeel Oost Bus & Trein (19-64) | C11: 7240 | D11: 7243 | E11: 25 | F11: 26 | G11: 27 | H11: 27 | I11: 28 | J11: 30 | K11: =J11 -> 30 | L11: ja | M11: ja | N11: ja | O11: ja
B12: Altijd Voordeel Oost Bus & Trein (65+) | C12: 7240 | D12: 7244 | E12: 25 | F12: 26 | G12: 27 | H12: 27 | I12: 28 | J12: 30 | K12: =J12 -> 30 | L12: ja | M12: ja | N12: ja | O12: ja
B13: Dal Vrij Oost Bus & Trein (4-11) | C13: 7260 | D13: 7261 | E13: 75 | F13: 79 | G13: 81 | H13: 81 | I13: 83 | J13: 89 | K13: =J13 -> 89 | L13: ja | M13: ja | N13: ja | O13: ja
B14: Dal Vrij Oost Bus & Trein (12-18) | C14: 7260 | D14: 7262 | E14: 75 | F14: 79 | G14: 81 | H14: 81 | I14: 83 | J14: 89 | K14: =J14 -> 89 | L14: ja | M14: ja | N14: ja | O14: ja
B15: Dal Vrij Oost Bus & Trein (19-64) | C15: 7260 | D15: 7263 | E15: 75 | F15: 79 | G15: 81 | H15: 81 | I15: 83 | J15: 89 | K15: =J15 -> 89 | L15: ja | M15: ja | N15: ja | O15: ja
B16: Dal Vrij Oost Bus & Trein (65+) | C16: 7260 | D16: 7264 | E16: 75 | F16: 79 | G16: 81 | H16: 81 | I16: 83 | J16: 89 | K16: =J16 -> 89 | L16: ja | M16: ja | N16: ja | O16: ja
B17: Reisproducten OV-chipkaart jaar of onbepaalde tijd
B18: Altijd Voordeel Oost Bus & Trein (4-11) | C18: 7245 | D18: 7246 | E18: 250 | F18: 260 | G18: 270 | H18: 270 | I18: 280 | J18: 300 | K18: 270 | L18: ja | M18: ja | N18: ja | O18: ja
B19: Altijd Voordeel Oost Bus & Trein (12-18) | C19: 7245 | D19: 7247 | E19: 250 | F19: 260 | G19: 270 | H19: 270 | I19: 280 | J19: 300 | K19: 270 | L19: ja | M19: ja | N19: ja | O19: ja
B20: Altijd Voordeel Oost Bus & Trein (19-64) | C20: 7245 | D20: 7248 | E20: 250 | F20: 260 | G20: 270 | H20: 270 | I20: 280 | J20: 300 | K20: 270 | L20: ja | M20: ja | N20: ja | O20: ja
B21: Altijd Voordeel Oost Bus & Trein (65+) | C21: 7245 | D21: 7249 | E21: 250 | F21: 260 | G21: 270 | H21: 270 | I21: 280 | J21: 300 | K21: 270 | L21: ja | M21: ja | N21: ja | O21: ja
B22: Dal Voordeel Oost Bus & Trein (4-11) | C22: 7225 | D22: 7226 | E22: 20 | F22: 21 | G22: 22 | H22: 22 | I22: 22 | J22: 24 | K22: 24 | L22: ja | M22: ja | N22: ja | O22: ja
B23: Dal Voordeel Oost Bus & Trein (12-18) | C23: 7225 | D23: 7227 | E23: 20 | F23: 21 | G23: 22 | H23: 22 | I23: 22 | J23: 24 | K23: 24 | L23: ja | M23: ja | N23: ja | O23: ja
B24: Dal Voordeel Oost Bus & Trein (19-64) | C24: 7225 | D24: 7228 | E24: 20 | F24: 21 | G24: 22 | H24: 22 | I24: 22 | J24: 24 | K24: 24 | L24: ja | M24: ja | N24: ja | O24: ja
B25: Dal Voordeel Oost Bus & Trein (65+) | C25: 7225 | D25: 7229 | E25: 20 | F25: 21 | G25: 22 | H25: 22 | I25: 22 | J25: 24 | K25: 24 | L25: ja | M25: ja | N25: ja | O25: ja
B26: Dal Vrij Oost Bus & Trein (4-11) | C26: 7265 | D26: 7266 | E26: 750 | F26: 790 | G26: 810 | H26: 810 | I26: 830 | J26: 890 | K26: 801 | L26: ja | M26: ja | N26: ja | O26: ja
B27: Dal Vrij Oost Bus & Trein (12-18) | C27: 7265 | D27: 7267 | E27: 750 | F27: 790 | G27: 810 | H27: 810 | I27: 830 | J27: 890 | K27: 801 | L27: ja | M27: ja | N27: ja | O27: ja
B28: Dal Vrij Oost Bus & Trein (19-64) | C28: 7265 | D28: 7268 | E28: 750 | F28: 790 | G28: 810 | H28: 810 | I28: 830 | J28: 890 | K28: 801 | L28: ja | M28: ja | N28: ja | O28: ja
B29: Dal Vrij Oost Bus & Trein (65+) | C29: 7265 | D29: 7269 | E29: 750 | F29: 790 | G29: 810 | H29: 810 | I29: 830 | J29: 890 | K29: 801 | L29: ja | M29: ja | N29: ja | O29: ja
B30: Weekend Vrij Oost Bus & Trein (4-11) | C30: 7275 | D30: 7276 | E30: 200 | F30: 212 | G30: 216 | H30: 216 | I30: 221 | J30: 237 | K30: nvt | L30: ja | M30: nee | N30: nee | O30: nee
B31: Weekend Vrij Oost Bus & Trein (12-18) | C31: 7275 | D31: 7277 | E31: 200 | F31: 212 | G31: 216 | H31: 216 | I31: 221 | J31: 237 | K31: nvt | L31: ja | M31: nee | N31: nee | O31: nee
B32: Weekend Vrij Oost Bus & Trein (19-64) | C32: 7275 | D32: 7278 | E32: 200 | F32: 212 | G32: 216 | H32: 216 | I32: 221 | J32: 237 | K32: nvt | L32: ja | M32: nee | N32: nee | O32: nee
B33: Weekend Vrij Oost Bus & Trein (65+) | C33: 7275 | D33: 7279 | E33: 200 | F33: 212 | G33: 216 | H33: 216 | I33: 221 | J33: 237 | K33: nvt | L33: ja | M33: nee | N33: nee | O33: nee
B34: Wagenverkoopassortiment
B35: Voorverkoopassortiment
B36: Regio abonnementen (Interoperabel)

Sheet O-TWZHO
B1: Productnaam | C1: Productnr | D1: Contract Tariff Id | E1: 2018 | F1: 43466 | G1: 43647 | H1: 43831 | I1: 44013 | J1: 44197 | K1: 2022 | L1: 2023 | M1: 2024 | N1: Acceptatie OVC | O1: Verkoop POS/Quarto | P1: Verkoop Backoffice | Q1: Verkoop Webshop | T1: Geldigheid (dal/spits) | U1: Modaliteit (trein/(buurtbus)/HOV) | V1: Leeftijd (65+/kind/etc) | W1: Gebied (landelijk/1 regio of meer) | X1: Uitzonderingen
B2: Kilometertarief OV-chipkaart
B3: KM-tarief bus | C3: nvt | D3: nvt | E3: 0.163 | F3: 0.172 | G3: 0.171 | H3: 0.175 | I3: 0.174 | J3: 0.175 | K3: 0.179 | L3: 0.223 | M3: =L3 -> 0.223 | N3: ja | O3: nee | P3: nee | Q3: nee | T3: KM tarief wijzigd per 01-07-2019 naar 0,171
B4: KM-tarief trein (2e klas) | C4: nvt | D4: nvt | E4: 0.192 | F4: 0.204 | G4: 0.204 | H4: 0.209 | I4: 0.207 | J4: 0.209 | K4: 0.213 | L4: 0.246 | M4: 0.234 | N4: ja | O4: nee | P4: nee | Q4: nee
B5: KM-tarief trein (1e klas) | C5: nvt | D5: nvt | E5: 0.326 | F5: 0.346 | G5: 0.346 | H5: 0.355 | I5: 0.35216 | J5: 0.355 | K5: 0.363 | L5: nvt | M5: nvt | N5: ja | O5: nee | P5: nee | Q5: nee
B6: FlexRRReis (Hengelo West en Hengelo Oost) | C6: nvt | D6: nvt | E6: 1.5 | F6: 1.5 | G6: 1.5 | H6: 1.5 | I6: 1.5 | J6: 1.5 | K6: 2.45 | L6: 0.223 | M6: 0.223 | N6: ja | O6: nee | P6: nee | Q6: nee
B7: Lijn 53, 73 en 74 GLD-deel | C7: nvt | D7: nvt | L7: 0.192 | M7: 0.192 | N7: ja | O7: nee | P7: nee | Q7: nee
B8: Reisproducten OV-chipkaart maand (doorlopend)
B9: Altijd Voordeel Oost Bus (4-11) | C9: 7230 | D9: 7231 | E9: 15 | F9: 16 | H9: 16 | I9: 16 | J9: 16 | K9: 17 | L9: 18 | M9: 18 | N9: ja | O9: ja | P9: ja | Q9: ja
B10: Altijd Voordeel Oost Bus (12-18) | C10: 7230 | D10: 7232 | E10: 15 | F10: 16 | H10: 16 | I10: 16 | J10: 16 | K10: 17 | L10: 18 | M10: 18 | N10: ja | O10: ja | P10: ja | Q10: ja
B11: Altijd Voordeel Oost Bus (19-64) | C11: 7230 | D11: 7233 | E11: 15 | F11: 16 | H11: 16 | I11: 16 | J11: 16 | K11: 17 | L11: 18 | M11: 18 | N11: ja | O11: ja | P11: ja | Q11: ja
B12: Altijd Voordeel Oost Bus (65+) | C12: 7230 | D12: 7234 | E12: 15 | F12: 16 | H12: 16 | I12: 16 | J12: 16 | K12: 17 | L12: 18 | M12: 18 | N12: ja | O12: ja | P12: ja | Q12: ja
B13: Altijd Voordeel Oost Bus & Trein (4-11) | C13: 7240 | D13: 7241 | E13: 25 | F13: 26 | H13: 27 | I13: 27 | J13: 27 | K13: 28 | L13: 30 | M13: 30 | N13: ja | O13: ja | P13: ja | Q13: ja
B14: Altijd Voordeel Oost Bus & Trein (12-18) | C14: 7240 | D14: 7242 | E14: 25 | F14: 26 | H14: 27 | I14: 27 | J14: 27 | K14: 28 | L14: 30 | M14: 30 | N14: ja | O14: ja | P14: ja | Q14: ja
B15: Altijd Voordeel Oost Bus & Trein (19-64) | C15: 7240 | D15: 7243 | E15: 25 | F15: 26 | H15: 27 | I15: 27 | J15: 27 | K15: 28 | L15: 30 | M15: 30 | N15: ja | O15: ja | P15: ja | Q15: ja
B16: Altijd Voordeel Oost Bus & Trein (65+) | C16: 7240 | D16: 7244 | E16: 25 | F16: 26 | H16: 27 | I16: 27 | J16: 27 | K16: 28 | L16: 30 | M16: 30 | N16: ja | O16: ja | P16: ja | Q16: ja
B17: Altijd Vrij Gelderland Bus (anoniem) | C17: 2870 | D17: 2870 | E17: 133.5 | F17: 131.72 | G17: 129.54 | H17: 129.54 | I17: 126.49 | J17: 126.49 | K17: 129.17 | L17: 138.24 | M17: =L17 -> 138.24 | N17: ja | O17: nee | P17: ja | Q17: ja
B18: Altijd Vrij Gelderland Bus (4-11) | C18: 2870 | D18: 2871 | E18: 112.5 | F18: 117.32 | G18: 122.14 | H18: 122.14 | I18: 126.49 | J18: 126.49 | K18: 129.17 | L18: 138.24 | M18: =L18 -> 138.24 | N18: ja | O18: nee | P18: ja | Q18: ja
B19: Altijd Vrij Gelderland Bus (12-18) | C19: 2870 | D19: 2872 | E19: 112.5 | F19: 117.32 | G19: 122.14 | H19: 122.14 | I19: 126.49 | J19: 126.49 | K19: 129.17 | L19: 138.24 | M19: =L19 -> 138.24 | N19: ja | O19: nee | P19: ja | Q19: ja
B20: Altijd Vrij Gelderland Bus (19-64) | C20: 2870 | D20: 2873 | E20: 133.5 | F20: 131.72 | G20: 129.54 | H20: 129.54 | I20: 126.49 | J20: 126.49 | K20: 129.17 | L20: 138.24 | M20: =L20 -> 138.24 | N20: ja | O20: nee | P20: ja | Q20: ja
B21: Altijd Vrij Gelderland Bus (65+) | C21: 2870 | D21: 2874 | E21: 133.5 | F21: 131.72 | G21: 129.54 | H21: 129.54 | I21: 126.49 | J21: 126.49 | K21: 129.17 | L21: 138.24 | M21: =L21 -> 138.24 | N21: ja | O21: nee | P21: ja | Q21: ja
B22: Altijd Vrij Gelderland Trein+Bus (anoniem) | C22: 2450 | D22: 2450 | E22: 170 | F22: 164.66 | G22: 158.63 | H22: 158.63 | I22: 151.35 | J22: 151.35 | K22: 154.56 | L22: 165.41 | M22: =L22 -> 165.41 | N22: ja | O22: nee | P22: ja | Q22: ja
B23: Altijd Vrij Gelderland Trein+Bus (4-11) | C23: 2450 | D23: 2451 | E23: 131.75 | F23: 138.41 | G23: 145.14 | H23: 145.14 | I23: 151.35 | J23: 151.35 | K23: 154.56 | L23: 165.41 | M23: =L23 -> 165.41 | N23: ja | O23: nee | P23: ja | Q23: ja
B24: Altijd Vrij Gelderland Trein+Bus (12-18) | C24: 2450 | D24: 2452 | E24: 131.75 | F24: 138.41 | G24: 145.14 | H24: 145.14 | I24: 151.35 | J24: 151.35 | K24: 154.56 | L24: 165.41 | M24: =L24 -> 165.41 | N24: ja | O24: nee | P24: ja | Q24: ja
B25: Altijd Vrij Gelderland Trein+Bus (19-64) | C25: 2450 | D25: 2453 | E25: 170 | F25: 164.66 | G25: 158.63 | H25: 158.63 | I25: 151.35 | J25: 151.35 | K25: 154.56 | L25: 165.41 | M25: =L25 -> 165.41 | N25: ja | O25: nee | P25: ja | Q25: ja
B26: Altijd Vrij Gelderland Trein+Bus (65+) | C26: 2450 | D26: 2454 | E26: 170 | F26: 164.66 | G26: 158.63 | H26: 158.63 | I26: 151.35 | J26: 151.35 | K26: 154.56 | L26: 165.41 | M26: =L26 -> 165.41 | N26: ja | O26: nee | P26: ja | Q26: ja
B27: Arriva reizen op rekening bus | C27: 8000 | D27: 8000 | L27: 0 | M27: =L27 -> 0 | N27: ja | O27: nee | P27: ja | Q27: nee
B28: Arriva reizen op rekening trein | C28: 8001 | D28: 8001 | L28: 0 | M28: =L28 -> 0 | N28: ja | O28: nee | P28: ja | Q28: nee
B29: ARR Tijdelijk vervangend abonnement | C29: 1013 | D29: 1013 | L29: 0 | M29: =L29 -> 0 | N29: ja | O29: nee | P29: ja | Q29: nee
B30: ARR Dagkaart Bus | C30: 8040 | D30: 8040 | L30: 0 | M30: =L30 -> 0 | N30: ja | O30: nee | P30: nee | Q30: nee
B31: ARR Dagkaart Bus en Trein | C31: 8042 | D31: 8042 | L31: 0 | M31: =L31 -> 0 | N31: ja | O31: nee | P31: nee | Q31: nee
B32: ARR Dag Trein en Bus zakelijk | C32: 8161 | D32: 8161 | L32: 0 | M32: =L32 -> 0 | N32: ja | O32: nee | P32: nee | Q32: nee
B33: ARR Dag Bus zakelijk | C33: 8162 | D33: 8162 | L33: 0 | M33: =L33 -> 0 | N33: ja | O33: nee | P33: nee | Q33: nee
B34: Dag BTM Vrij | C34: 5300 | D34: 5300 | L34: 0 | M34: =L34 -> 0 | N34: ja | O34: nee | P34: nee | Q34: nee
B35: Dag OV Weekend Vrij | C35: 441 | D35: 441 | L35: 0 | M35: =L35 -> 0 | N35: ja | O35: nee | P35: nee | Q35: nee
B36: Dag OV Daluren | C36: 442 | D36: 442 | L36: 0 | M36: =L36 -> 0 | N36: ja | O36: nee | P36: nee | Q36: nee
B37: Dal Vrij Oost Bus (4-11) | C37: 7250 | D37: 7251 | E37: 50 | F37: 53 | H37: 54 | I37: 54 | J37: 54 | K37: 55 | L37: 59 | M37: =L37 -> 59 | N37: ja | O37: nee | P37: ja | Q37: ja
B38: Dal Vrij Oost Bus (12-18) | C38: 7250 | D38: 7252 | E38: 50 | F38: 53 | H38: 54 | I38: 54 | J38: 54 | K38: 55 | L38: 59 | M38: =L38 -> 59 | N38: ja | O38: nee | P38: ja | Q38: ja
B39: Dal Vrij Oost Bus (19-64) | C39: 7250 | D39: 7253 | E39: 50 | F39: 53 | H39: 54 | I39: 54 | J39: 54 | K39: 55 | L39: 59 | M39: =L39 -> 59 | N39: ja | O39: nee | P39: ja | Q39: ja
B40: Dal Vrij Oost Bus (65+) | C40: 7250 | D40: 7254 | E40: 50 | F40: 53 | H40: 54 | I40: 54 | J40: 54 | K40: 55 | L40: 59 | M40: =L40 -> 59 | N40: ja | O40: nee | P40: ja | Q40: ja
B41: Dal Vrij Oost Bus & Trein (4-11) | C41: 7260 | D41: 7261 | E41: 75 | F41: 79 | H41: 81 | I41: 81 | J41: 81 | K41: 83 | L41: 89 | M41: =L41 -> 89 | N41: ja | O41: nee | P41: ja | Q41: ja
B42: Dal Vrij Oost Bus & Trein (12-18) | C42: 7260 | D42: 7262 | E42: 75 | F42: 79 | H42: 81 | I42: 81 | J42: 81 | K42: 83 | L42: 89 | M42: =L42 -> 89 | N42: ja | O42: nee | P42: ja | Q42: ja
B43: Dal Vrij Oost Bus & Trein (19-64) | C43: 7260 | D43: 7263 | E43: 75 | F43: 79 | H43: 81 | I43: 81 | J43: 81 | K43: 83 | L43: 89 | M43: =L43 -> 89 | N43: ja | O43: nee | P43: ja | Q43: ja
B44: Dal Vrij Oost Bus & Trein (65+) | C44: 7260 | D44: 7264 | E44: 75 | F44: 79 | H44: 81 | I44: 81 | J44: 81 | K44: 83 | L44: 89 | M44: =L44 -> 89 | N44: ja | O44: nee | P44: ja | Q44: ja
B45: ROR BTM | C45: 531 | D45: 531 | L45: 0 | M45: 0 | N45: ja | O45: nee | P45: ? | Q45: nee
B46: RRReis Altijd Vrij (4-11) | C46: 3695 | D46: 3696 | L46: 147 | M46: 160 | N46: ja | O46: nee | P46: ja | Q46: ja
B47: RRReis Altijd Vrij (12-18) | C47: 3695 | D47: 3697 | L47: 147 | M47: 160 | N47: ja | O47: nee | P47: ja | Q47: ja
B48: RRReis Altijd Vrij (19-64) | C48: 3695 | D48: 3698 | L48: 147 | M48: 160 | N48: ja | O48: nee | P48: ja | Q48: ja
B49: RRReis Altijd Vrij (65+) | C49: 3695 | D49: 3699 | L49: 147 | M49: 160 | N49: ja | O49: nee | P49: ja | Q49: ja
B50: Supplement Altijd Vrij ZHO (4-11) | C50: 7485 | D50: 7486 | L50: 47 | M50: 47 | N50: ja | O50: nee | P50: ja | Q50: ja
B51: Supplement Altijd Vrij ZHO (12-18) | C51: 7485 | D51: 7487 | L51: 47 | M51: 47 | N51: ja | O51: nee | P51: ja | Q51: ja
B52: Supplement Altijd Vrij ZHO (19-64) | C52: 7485 | D52: 7488 | L52: 47 | M52: 47 | N52: ja | O52: nee | P52: ja | Q52: ja
B53: Supplement Altijd Vrij ZHO (65+) | C53: 7485 | D53: 7489 | L53: 47 | M53: 47 | N53: ja | O53: nee | P53: ja | Q53: ja
B54: Twents Altijd Vrij Bus (4-11) | C54: 7080 | D54: 7081 | L54: 160 | M54: 160 | N54: ja | O54: nee | P54: nee | Q54: nee
B55: Twents Altijd Vrij Bus(12-18) | C55: 7080 | D55: 7082 | L55: 160 | M55: 160 | N55: ja | O55: nee | P55: nee | Q55: nee
B56: Twents Altijd Vrij Bus (19-64) | C56: 7080 | D56: 7083 | L56: 160 | M56: 160 | N56: ja | O56: nee | P56: nee | Q56: nee
... B61: Twents Altijd Vrij Bus & Trein (65+) | C61: 7090 | D61: 7094 | L61: 207 | M61: 207 | N61: ja | O61: nee | P61: nee | Q61: nee
B62: Reisproducten OV-chipkaart kwartaal
B63: Altijd Vrij Gelderland Bus (anoniem) | C63: 2875 | D63: 2875 | E63: 360.23 | F63: 355.5 | G63: 349.69 | H63: 349.69 | I63: 341.51 | J63: 341.51 | K63: 348.75 | L63: 373.23 | M63: =L63 -> 373.23 | N63: ja | O63: nee | P63: ja | Q63: ja
B64: Altijd Vrij Gelderland Bus (4-11) | C64: 2875 | D64: 2876 | E64: 304.35 | F64: 317.17 | G64: 329.99 | H64: 329.99 | I64: 341.51 | J64: 341.51 | K64: 348.75 | L64: 373.23 | M64: =L64 -> 373.23 | N64: ja | O64: nee | P64: ja | Q64: ja
B65: Altijd Vrij Gelderland Bus (12-18) | C65: 2875 | D65: 2877 | E65: 304.35 | F65: 317.17 | G65: 329.99 | H65: 329.99 | I65: 341.51 | J65: 341.51 | K65: 348.75 | L65: 373.23 | M65: =L65 -> 373.23 | N65: ja | O65: nee | P65: ja | Q65: ja
B66: Altijd Vrij Gelderland Bus (19-64) | C66: 2875 | D66: 2878 | E66: 360.23 | F66: 355.5 | G66: 349.69 | H66: 349.69 | I66: 341.51 | J66: 341.51 | K66: 348.75 | L66: 373.23 | M66: =L66 -> 373.23 | N66: ja | O66: nee | P66: ja | Q66: ja
B67: Altijd Vrij Gelderland Bus (65+) | C67: 2875 | D67: 2879 | E67: 360.23 | F67: 355.5 | G67: 349.69 | H67: 349.69 | I67: 341.51 | J67: 341.51 | K67: 348.75 | L67: 373.23 | M67: =L67 -> 373.23 | N67: ja | O67: nee | P67: ja | Q67: ja
B68: Altijd Vrij Gelderland Trein+Bus (anoniem) | C68: 2885 | D68: 2885 | E68: 445.5 | F68: 435.31 | G68: 423.53 | H68: 423.53 | I68: 408.65 | J68: 408.65 | K68: 417.31 | L68: 446.61 | M68: =L68 -> 446.61 | N68: ja | O68: nee | P68: ja | Q68: ja
B69: Altijd Vrij Gelderland Trein+Bus (4-11) | C69: 2885 | D69: 2886 | E69: 343.88 | F69: 365.59 | G69: 387.71 | H69: 387.71 | I69: 408.65 | J69: 408.65 | K69: 417.31 | L69: 446.61 | M69: =L69 -> 446.61 | N69: ja | O69: nee | P69: ja | Q69: ja
B70: Altijd Vrij Gelderland Trein+Bus (12-18) | C70: 2885 | D70: 2887 | E70: 343.88 | F70: 365.59 | G70: 387.71 | H70: 387.71 | I70: 408.65 | J70: 408.65 | K70: 417.31 | L70: 446.61 | M70: =L70 -> 446.61 | N70: ja | O70: nee | P70: ja | Q70: ja
B71: Altijd Vrij Gelderland Trein+Bus (19-64) | C71: 2885 | D71: 2888 | E71: 445.5 | F71: 435.31 | G71: 423.53 | H71: 423.53 | I71: 408.65 | J71: 408.65 | K71: 417.31 | L71: 446.61 | M71: =L71 -> 446.61 | N71: ja | O71: nee | P71: ja | Q71: ja
B72: Altijd Vrij Gelderland Trein+Bus (65+) | C72: 2885 | D72: 2889 | E72: 445.5 | F72: 435.31 | G72: 423.53 | H72: 423.53 | I72: 408.65 | J72: 408.65 | K72: 417.31 | L72: 446.61 | M72: =L72 -> 446.61 | N72: ja | O72: nee | P72: ja | Q72: ja
B73: Reisproducten OV-chipkaart jaar of onbepaalde tijd
B74: Altijd Voordeel Oost Bus (4-11) | C74: 7235 | D74: 7236 | E74: 150 | F74: 160 | H74: 160 | I74: 160 | J74: 160 | K74: 170 | L74: 180 | M74: 162 | N74: ja | O74: ja | P74: ja | Q74: ja
B75: Altijd Voordeel Oost Bus (12-18) | C75: 7235 | D75: 7237 | E75: 150 | F75: 160 | H75: 160 | I75: 160 | J75: 160 | K75: 170 | L75: 180 | M75: 162 | N75: ja | O75: ja | P75: ja | Q75: ja
B76: Altijd Voordeel Oost Bus (19-64) | C76: 7235 | D76: 7238 | E76: 150 | F76: 160 | H76: 160 | I76: 160 | J76: 160 | K76: 170 | L76: 180 | M76: 162 | N76: ja | O76: ja | P76: ja | Q76: ja
B77: Altijd Voordeel Oost Bus (65+) | C77: 7235 | D77: 7239 | E77: 150 | F77: 160 | H77: 160 | I77: 160 | J77: 160 | K77: 170 | L77: 180 | M77: 162 | N77: ja | O77: ja | P77: ja | Q77: ja
B78: Altijd Voordeel Oost Bus & Trein (4-11) | C78: 7245 | D78: 7246 | E78: 250 | F78: 260 | H78: 270 | I78: 270 | J78: 270 | K78: 280 | L78: 300 | M78: 270 | N78: ja | O78: ja | P78: ja | Q78: ja
B79: Altijd Voordeel Oost Bus & Trein (12-18) | C79: 7245 | D79: 7247 | E79: 250 | F79: 260 | H79: 270 | I79: 270 | J79: 270 | K79: 280 | L79: 300 | M79: 270 | N79: ja | O79: ja | P79: ja | Q79: ja
B80: Altijd Voordeel Oost Bus & Trein (19-64) | C80: 7245 | D80: 7248 | E80: 250 | F80: 260 | H80: 270 | I80: 270 | J80: 270 | K80: 280 | L80: 300 | M80: 270 | N80: ja | O80: ja | P80: ja | Q80: ja
B81: Altijd Voordeel Oost Bus & Trein (65+) | C81: 7245 | D81: 7249 | E81: 250 | F81: 260 | H81: 270 | I81: 270 | J81: 270 | K81: 280 | L81: 300 | M81: 270 | N81: ja | O81: ja | P81: ja | Q81: ja
B82: Altijd Vrij Gelderland Bus (anoniem) | C82: 2880 | D82: 2880 | E82: 1186.75 | F82: 1221.28 | G82: 1184.27 | H82: 1184.27 | I82: 1138.38 | J82: 1138.38 | K82: 1162.51 | L82: 1244.12 | M82: 1244.12 | N82: ja | O82: nee | P82: ja | Q82: ja
B83: Altijd Vrij Gelderland Bus (4-11) | C83: 2880 | D83: 2881 | E83: 1055.25 | F83: 1085.19 | G83: 1114.34 | H83: 1114.34 | I83: 1138.38 | J83: 1138.38 | K83: 1162.51 | L83: 1244.12 | M83: 1244.12 | N83: ja | O83: nee | P83: ja | Q83: ja
B84: Altijd Vrij Gelderland Bus (12-18) | C84: 2880 | D84: 2882 | E84: 1055.25 | F84: 1085.19 | G84: 1114.34 | H84: 1114.34 | I84: 1138.38 | J84: 1138.38 | K84: 1162.51 | L84: 1244.12 | M84: 1244.12 | N84: ja | O84: nee | P84: ja | Q84: ja
B85: Altijd Vrij Gelderland Bus (19-64) | C85: 2880 | D85: 2883 | E85: 1253.63 | F85: 1221.28 | G85: 1184.27 | H85: 1184.27 | I85: 1138.38 | J85: 1138.38 | K85: 1162.51 | L85: 1244.12 | M85: 1244.12 | N85: ja | O85: nee | P85: ja | Q85: ja
B86: Altijd Vrij Gelderland Bus (65+) | C86: 2880 | D86: 2884 | E86: 1253.63 | F86: 1221.28 | G86: 1184.27 | H86: 1184.27 | I86: 1138.38 | J86: 1138.38 | K86: 1162.51 | L86: 1244.12 | M86: 1244.12 | N86: ja | O86: nee | P86: ja | Q86: ja
B87: Altijd Vrij Gelderland Trein+Bus (anoniem) | C87: 2455 | D87: 2455 | E87: 1565 | F87: 1553.94 | G87: 1538.66 | H87: 1538.66 | I87: 1513.52 | J87: 1513.52 | K87: 1545.61 | L87: 1654.11 | M87: 1654.11 | N87: ja | O87: nee | P87: ja | Q87: ja
B88: Altijd Vrij Gelderland Trein+Bus (4-11) | C88: 2455 | D88: 2456 | E88: 1244.38 | F88: 1333.97 | G88: 1425.64 | H88: 1425.64 | I88: 1513.52 | J88: 1513.52 | K88: 1545.61 | L88: 1654.11 | M88: 1654.11 | N88: ja | O88: nee | P88: ja | Q88: ja
B89: Altijd Vrij Gelderland Trein+Bus (12-18) | C89: 2455 | D89: 2457 | E89: 1244.38 | F89: 1333.97 | G89: 1425.64 | H89: 1425.64 | I89: 1513.52 | J89: 1513.52 | K89: 1545.61 | L89: 1654.11 | M89: 1654.11 | N89: ja | O89: nee | P89: ja | Q89: ja
B90: Altijd Vrij Gelderland Trein+Bus (19-64) | C90: 2455 | D90: 2458 | E90: 1565 | F90: 1553.94 | G90: 1538.66 | H90: 1538.66 | I90: 1513.52 | J90: 1513.52 | K90: 1545.61 | L90: 1654.11 | M90: 1654.11 | N90: ja | O90: nee | P90: ja | Q90: ja
B91: Altijd Vrij Gelderland Trein+Bus (65+) | C91: 2455 | D91: 2459 | E91: 1565 | F91: 1553.94 | G91: 1538.66 | H91: 1538.66 | I91: 1513.52 | J91: 1513.52 | K91: 1545.61 | L91: 1654.11 | M91: 1654.11 | N91: ja | O91: nee | P91: ja | Q91: ja
B92: ARR SamenVoorGroen | C92: 8035 | D92: 8035 | L92: 0.21 | M92: 0.21 | N92: ja | O92: ja | P92: ja | Q92: ja
B93: ARR SamenVoorGroen | C93: 8035 | D93: 8036 | L93: 0.14 | M93: 0.14 | N93: ja | O93: ja | P93: ja | Q93: ja
B94: ARR SamenVoorGroen | C94: 8035 | D94: 8037 | L94: 0.1 | M94: 0.1 | N94: ja | O94: ja | P94: ja | Q94: ja
B95: ARR SamenVoorGroen | C95: 8035 | D95: 8038 | L95: 0.21 | M95: 0.21 | N95: ja | O95: ja | P95: ja | Q95: ja
B96: ARR SamenVoorGroen | C96: 8035 | D96: 8039 | L96: 0.14 | M96: 0.14 | N96: ja | O96: ja | P96: ja | Q96: ja
B97: Dal Vrij Gelderland Bus jr | C97: 2925 | D97: 2925 | N97: ja | O97: nee | P97: ja | Q97: nee
B98: Dal Vrij Gelderland Bus jr | C98: 2925 | D98: 2926 | N98: ja | O98: nee | P98: ja | Q98: nee
B99: Dal Vrij Gelderland Bus jr | C99: 2925 | D99: 2927 | N99: ja | O99: nee | P99: ja | Q99: nee
B100: Dal Vrij Gelderland Bus jr | C100: 2925 | D100: 2928 | N100: ja | O100: nee | P100: ja | Q100: nee
B101: Dal Vrij Gelderland Bus jr | C101: 2925 | D101: 2929 | N101: ja | O101: nee | P101: ja | Q101: nee
B102: Dal Vrij Gelderland Trein en Bus jr | C102: 2995 | D102: 2995 | N102: ja | O102: nee | P102: ja | Q102: nee
B103: Dal Vrij Gelderland Trein en Bus jr | C103: 2995 | D103: 2996 | N103: ja | O103: nee | P103: ja | Q103: nee
B104: Dal Vrij Gelderland Trein en Bus jr | C104: 2995 | D104: 2997 | N104: ja | O104: nee | P104: ja | Q104: nee
...

Sheet O-GLD
B2: Regionale tarieven Gelderland | T2: Voorwaarden
B3: Productnaam | C3: Productnr | D3: Contract Tariff Id | E3: 2018 | F3: 43466 | G3: 43647 | H3: 43831 | I3: 44013 | J3: 44197 | K3: 2022 | L3: 2023 | M3: 2024 | N3: Acceptatie OVC | O3: Verkoop POS/Quarto | P3: Verkoop Backoffice | Q3: Verkoop Webshop | T3: Geldigheid (dal/spits) | U3: Modaliteit (trein/(buurtbus)/HOV) | V3: Leeftijd (65+/kind/etc) | W3: Gebied (landelijk/1 regio of meer) | X3: Uitzonderingen
B4: Kilometertarief OV-chipkaart
B5: KM-tarief bus | C5: nvt | D5: nvt | E5: 0.163 | F5: 0.172 | G5: 0.171 | H5: 0.175 | I5: 0.174 | J5: 0.175 | K5: 0.179 | L5: 0.192 | M5: =L5 -> 0.192 | N5: ja | O5: nee | P5: nee | Q5: nee | T5: KM tarief wijzigd per 01-07-2019 naar 0,171
B6: KM-tarief trein (2e klas) | C6: nvt | D6: nvt | E6: 0.192 | F6: 0.204 | G6: 0.204 | H6: 0.209 | I6: 0.207 | J6: 0.209 | K6: 0.213 | L6: 0.228 | M6: =L6 -> 0.228 | N6: ja | O6: nee | P6: nee | Q6: nee
B7: KM-tarief trein (1e klas) | C7: nvt | D7: nvt | E7: 0.326 | F7: 0.346 | G7: 0.346 | H7: 0.355 | I7: 0.35216 | J7: 0.355 | K7: 0.363 | L7: 0.388 | M7: =L7 -> 0.388 | N7: ja | O7: nee | P7: nee | Q7: nee
B8: Flatfare Vlinder | C8: nvt | D8: nvt | E8: 1.5 | F8: 1.5 | G8: 1.5 | H8: 1.5 | I8: 1.5 | J8: 1.5 | K8: 2.45 | L8: 2.6 | M8: =L8 -> 2.6 | N8: ja | O8: nee | P8: nee | Q8: nee
B9: Flatfare bus 440 | C9: nvt | D9: nvt | L9: 2.6 | M9: =L9 -> 2.6 | N9: ja | O9: nee | P9: nee | Q9: nee
B10: Flatfare bus 450 | C10: nvt | D10: nvt | L10: 2.6 | M10: =L10 -> 2.6 | N10: ja | O10: nee | P10: nee | Q10: nee
B11: Flatfare bus 458 | C11: nvt | D11: nvt | L11: 2.6 | M11: =L11 -> 2.6 | N11: ja | O11: nee | P11: nee | Q11: nee
B12: Lijn 27/29 SAN-deel (Breng/Hermes) | C12: nvt | D12: nvt | L12: 0.186 | M12: =L12 -> 0.186 | N12: ja | O12: nee | P12: nee | Q12: nee
B13: Lijn 53, 73 en 74 Twente-deel | C13: nvt | D13: nvt | L13: 0.223 | M13: =L13 -> 0.223 | N13: ja | O13: nee | P13: nee | Q13: nee
B14: Lijn 85 SAN tarief | C14: nvt | D14: nvt | L14: 0.186 | M14: =L14 -> 0.186 | N14: ja | O14: nee | P14: nee | Q14: nee
B15: Reisproducten OV-chipkaart maand (doorlopend)
B16: 10 Dagen Vrij Arriva Gelderland Bus (anoniem) | C16: 8445 | D16: 8447 | K16: 71.04 | L16: =K16*1.0724 -> 76.183296 | M16: nvt | N16: nee | O16: nee | P16: nee | Q16: nee
B17: Altijd Korting Scholier (40%)* | C17: 8103 | D17: 8103 | E17: nvt | F17: nvt | M17: nvt | N17: nee | O17: nee | P17: nee | Q17: nee
B18: Altijd Voordeel Oost Bus (4-11) | C18: 7230 | D18: 7231 | E18: 15 | F18: 16 | H18: 16 | I18: 16 | J18: 16 | K18: 17 | L18: 18 | M18: =L18 -> 18 | N18: ja | O18: ja | P18: ja | Q18: ja
B19: Altijd Voordeel Oost Bus (12-18) | C19: 7230 | D19: 7232 | E19: 15 | F19: 16 | H19: 16 | I19: 16 | J19: 16 | K19: 17 | L19: 18 | M19: =L19 -> 18 | N19: ja | O19: ja | P19: ja | Q19: ja
B20: Altijd Voordeel Oost Bus (19-64) | C20: 7230 | D20: 7233 | E20: 15 | F20: 16 | H20: 16 | I20: 16 | J20: 16 | K20: 17 | L20: 18 | M20: =L20 -> 18 | N20: ja | O20: ja | P20: ja | Q20: ja
B21: Altijd Voordeel Oost Bus (65+) | C21: 7230 | D21: 7234 | E21: 15 | F21: 16 | H21: 16 | I21: 16 | J21: 16 | K21: 17 | L21: 18 | M21: =L21 -> 18 | N21: ja | O21: ja | P21: ja | Q21: ja
B22: Altijd Voordeel Oost Bus & Trein (4-11) | C22: 7240 | D22: 7241 | E22: 25 | F22: 26 | H22: 27 | I22: 27 | J22: 27 | K22: 28 | L22: 30 | M22: =L22 -> 30 | N22: ja | O22: ja | P22: ja | Q22: ja
B23: Altijd Voordeel Oost Bus & Trein (12-18) | C23: 7240 | D23: 7242 | E23: 25 | F23: 26 | H23: 27 | I23: 27 | J23: 27 | K23: 28 | L23: 30 | M23: =L23 -> 30 | N23: ja | O23: ja | P23: ja | Q23: ja
B24: Altijd Voordeel Oost Bus & Trein (19-64) | C24: 7240 | D24: 7243 | E24: 25 | F24: 26 | H24: 27 | I24: 27 | J24: 27 | K24: 28 | L24: 30 | M24: =L24 -> 30 | N24: ja | O24: ja | P24: ja | Q24: ja
B25: Altijd Voordeel Oost Bus & Trein (65+) | C25: 7240 | D25: 7244 | E25: 25 | F25: 26 | H25: 27 | I25: 27 | J25: 27 | K25: 28 | L25: 30 | M25: =L25 -> 30 | N25: ja | O25: ja | P25: ja | Q25: ja
B26: Altijd Vrij Gelderland Bus (anoniem) | C26: 2870 | D26: 2870 | E26: 133.5 | F26: 131.72 | G26: 129.54 | H26: 129.54 | I26: 126.49 | J26: 126.49 | K26: 129.17 | L26: 138.24 | M26: =L26 -> 138.24 | N26: ja | O26: ja | P26: ja | Q26: ja
B27: Altijd Vrij Gelderland Bus (4-11) | C27: 2870 | D27: 2871 | E27: 112.5 | F27: 117.32 | G27: 122.14 | H27: 122.14 | I27: 126.49 | J27: 126.49 | K27: 129.17 | L27: 138.24 | M27: =L27 -> 138.24 | N27: ja | O27: ja | P27: ja | Q27: ja
B28: Altijd Vrij Gelderland Bus (12-18) | C28: 2870 | D28: 2872 | E28: 112.5 | F28: 117.32 | G28: 122.14 | H28: 122.14 | I28: 126.49 | J28: 126.49 | K28: 129.17 | L28: 138.24 | M28: =L28 -> 138.24 | N28: ja | O28: ja | P28: ja | Q28: ja
B29: Altijd Vrij Gelderland Bus (19-64) | C29: 2870 | D29: 2873 | E29: 133.5 | F29: 131.72 | G29: 129.54 | H29: 129.54 | I29: 126.49 | J29: 126.49 | K29: 129.17 | L29: 138.24 | M29: =L29 -> 138.24 | N29: ja | O29: ja | P29: ja | Q29: ja
B30: Altijd Vrij Gelderland Bus (65+) | C30: 2870 | D30: 2874 | E30: 133.5 | F30: 131.72 | G30: 129.54 | H30: 129.54 | I30: 126.49 | J30: 126.49 | K30: 129.17 | L30: 138.24 | M30: =L30 -> 138.24 | N30: ja | O30: ja | P30: ja | Q30: ja
B31: Altijd Vrij Gelderland Trein+Bus (anoniem) | C31: 2450 | D31: 2450 | E31: 170 | F31: 164.66 | G31: 158.63 | H31: 158.63 | I31: 151.35 | J31: 151.35 | K31: 154.56 | L31: 165.41 | M31: =L31 -> 165.41 | N31: ja | O31: ja | P31: ja | Q31: ja
B32: Altijd Vrij Gelderland Trein+Bus (4-11) | C32: 2450 | D32: 2451 | E32: 131.75 | F32: 138.41 | G32: 145.14 | H32: 145.14 | I32: 151.35 | J32: 151.35 | K32: 154.56 | L32: 165.41 | M32: =L32 -> 165.41 | N32: ja | O32: ja | P32: ja | Q32: ja
B33: Altijd Vrij Gelderland Trein+Bus (12-18) | C33: 2450 | D33: 2452 | E33: 131.75 | F33: 138.41 | G33: 145.14 | H33: 145.14 | I33: 151.35 | J33: 151.35 | K33: 154.56 | L33: 165.41 | M33: =L33 -> 165.41 | N33: ja | O33: ja | P33: ja | Q33: ja
B34: Altijd Vrij Gelderland Trein+Bus (19-64) | C34: 2450 | D34: 2453 | E34: 170 | F34: 164.66 | G34: 158.63 | H34: 158.63 | I34: 151.35 | J34: 151.35 | K34: 154.56 | L34: 165.41 | M34: =L34 -> 165.41 | N34: ja | O34: ja | P34: ja | Q34: ja
B35: Altijd Vrij Gelderland Trein+Bus (65+) | C35: 2450 | D35: 2454 | E35: 170 | F35: 164.66 | G35: 158.63 | H35: 158.63 | I35: 151.35 | J35: 151.35 | K35: 154.56 | L35: 165.41 | M35: =L35 -> 165.41 | N35: ja | O35: ja | P35: ja | Q35: ja
B36: ARR Tijdelijk vervangend abonnement | C36: 1013 | D36: 1013 | L36: 0 | M36: =L36 -> 0 | N36: ja | O36: nee | P36: ja | Q36: nee
B37: Dal Vrij Oost Bus (4-11) | C37: 7250 | D37: 7251 | E37: 50 | F37: 53 | H37: 54 | I37: 54 | J37: 54 | K37: 55 | L37: 59 | M37: =L37 -> 59 | N37: ja | O37: ja | P37: ja | Q37: ja
B38: Dal Vrij Oost Bus (12-18) | C38: 7250 | D38: 7252 | E38: 50 | F38: 53 | H38: 54 | I38: 54 | J38: 54 | K38: 55 | L38: 59 | M38: =L38 -> 59 | N38: ja | O38: ja | P38: ja | Q38: ja
B39: Dal Vrij Oost Bus (19-64) | C39: 7250 | D39: 7253 | E39: 50 | F39: 53 | H39: 54 | I39: 54 | J39: 54 | K39: 55 | L39: 59 | M39: =L39 -> 59 | N39: ja | O39: ja | P39: ja | Q39: ja
B40: Dal Vrij Oost Bus (65+) | C40: 7250 | D40: 7254 | E40: 50 | F40: 53 | H40: 54 | I40: 54 | J40: 54 | K40: 55 | L40: 59 | M40: =L40 -> 59 | N40: ja | O40: ja | P40: ja | Q40: ja
B41: Dal Vrij Oost Bus & Trein (4-11) | C41: 7260 | D41: 7261 | E41: 75 | F41: 79 | H41: 81 | I41: 81 | J41: 81 | K41: 83 | L41: 89 | M41: =L41 -> 89 | N41: ja | O41: ja | P41: ja | Q41: ja
B42: Dal Vrij Oost Bus & Trein (12-18) | C42: 7260 | D42: 7262 | E42: 75 | F42: 79 | H42: 81 | I42: 81 | J42: 81 | K42: 83 | L42: 89 | M42: =L42 -> 89 | N42: ja | O42: ja | P42: ja | Q42: ja
B43: Dal Vrij Oost Bus & Trein (19-64) | C43: 7260 | D43: 7263 | E43: 75 | F43: 79 | H43: 81 | I43: 81 | J43: 81 | K43: 83 | L43: 89 | M43: =L43 -> 89 | N43: ja | O43: ja | P43: ja | Q43: ja
B44: Dal Vrij Oost Bus & Trein (65+) | C44: 7260 | D44: 7264 | E44: 75 | F44: 79 | H44: 81 | I44: 81 | J44: 81 | K44: 83 | L44: 89 | M44: =L44 -> 89 | N44: ja | O44: ja | P44: ja | Q44: ja
B45: RRReis Altijd Vrij (4-11) | C45: 3695 | D45: 3696 | N45: ja | O45: nee | P45: ja | Q45: ja
B46: RRReis Altijd Vrij (12-18) | C46: 3695 | D46: 3697 | N46: ja | O46: nee | P46: ja | Q46: ja
B47: RRReis Altijd Vrij (19-64) | C47: 3695 | D47: 3698 | N47: ja | O47: nee | P47: ja | Q47: ja
B48: RRReis Altijd Vrij (65+) | C48: 3695 | D48: 3699 | N48: ja | O48: nee | P48: ja | Q48: ja
B49: Supplement Altijd Vrij ZHO (4-11) | C49: 7485 | D49: 7486 | L49: 47 | M49: 47 | N49: nee | O49: nee | P49: ja | Q49: ja
B50: Supplement Altijd Vrij ZHO (12-18) | C50: 7485 | D50: 7487 | L50: 47 | M50: 47 | N50: nee | O50: nee | P50: ja | Q50: ja
B51: Supplement Altijd Vrij ZHO (19-64) | C51: 7485 | D51: 7488 | L51: 47 | M51: 47 | N51: nee | O51: nee | P51: ja | Q51: ja
B52: Supplement Altijd Vrij ZHO (65+) | C52: 7485 | D52: 7488 | L52: 47 | M52: 47 | N52: nee | O52: nee | P52: ja | Q52: ja
B53: Twents Altijd Vrij Bus (4-11) | C53: 7080 | D53: 7081 | N53: ja | O53: nee | P53: nee | Q53: nee
B54: Twents Altijd Vrij Bus(12-18) | C54: 7080 | D54: 7082 | N54: ja | O54: nee | P54: nee | Q54: nee
B55: Twents Altijd Vrij Bus (19-64) | C55: 7080 | D55: 7083 | N55: ja | O55: nee | P55: nee | Q55: nee
B56: Twents Altijd Vrij Bus (65+) | C56: 7080 | D56: 7084 | N56: ja | O56: nee | P56: nee | Q56: nee
B57: Twents Altijd Vrij Bus & Trein (4-11) | C57: 7090 | D57: 7091 | N57: ja | O57: nee | P57: nee | Q57: nee
B58: Twents Altijd Vrij Bus & Trein (12-18) | C58: 7090 | D58: 7092 | N58: ja | O58: nee | P58: nee | Q58: nee
B59: Twents Altijd Vrij Bus & Trein (19-64) | C59: 7090 | D59: 7093 | N59: ja | O59: nee | P59: nee | Q59: nee
B60: Twents Altijd Vrij Bus & Trein (65+) | C60: 7090 | D60: 7094 | N60: ja | O60: nee | P60: nee | Q60: nee
B61: Reisproducten OV-chipkaart kwartaal
B62: Altijd Vrij Gelderland Bus (anoniem) | C62: 2875 | D62: 2875 | E62: 360.23 | F62: 355.5 | G62: 349.69 | H62: 349.69 | I62: 341.51 | J62: 341.51 | K62: 348.75 | L62: 373.23 | M62: =L62 -> 373.23 | N62: ja | O62: ja | P62: ja | Q62: ja
B63: Altijd Vrij Gelderland Bus (4-11) | C63: 2875 | D63: 2876 | E63: 304.35 | F63: 317.17 | G63: 329.99 | H63: 329.99 | I63: 341.51 | J63: 341.51 | K63: 348.75 | L63: 373.23 | M63: =L63 -> 373.23 | N63: ja | O63: ja | P63: ja | Q63: ja
B64: Altijd Vrij Gelderland Bus (12-18) | C64: 2875 | D64: 2877 | E64: 304.35 | F64: 317.17 | G64: 329.99 | H64: 329.99 | I64: 341.51 | J64: 341.51 | K64: 348.75 | L64: 373.23 | M64: =L64 -> 373.23 | N64: ja | O64: ja | P64: ja | Q64: ja
B65: Altijd Vrij Gelderland Bus (19-64) | C65: 2875 | D65: 2878 | E65: 360.23 | F65: 355.5 | G65: 349.69 | H65: 349.69 | I65: 341.51 | J65: 341.51 | K65: 348.75 | L65: 373.23 | M65: =L65 -> 373.23 | N65: ja | O65: ja | P65: ja | Q65: ja
B66: Altijd Vrij Gelderland Bus (65+) | C66: 2875 | D66: 2879 | E66: 360.23 | F66: 355.5 | G66: 349.69 | H66: 349.69 | I66: 341.51 | J66: 341.51 | K66: 348.75 | L66: 373.23 | M66: =L66 -> 373.23 | N66: ja | O66: ja | P66: ja | Q66: ja
B67: Altijd Vrij Gelderland Trein+Bus (anoniem) | C67: 2885 | D67: 2885 | E67: 445.5 | F67: 435.31 | G67: 423.53 | H67: 423.53 | I67: 408.65 | J67: 408.65 | K67: 417.31 | L67: 446.61 | M67: =L67 -> 446.61 | N67: ja | O67: ja | P67: ja | Q67: ja
B68: Altijd Vrij Gelderland Trein+Bus (4-11) | C68: 2885 | D68: 2886 | E68: 343.88 | F68: 365.59 | G68: 387.71 | H68: 387.71 | I68: 408.65 | J68: 408.65 | K68: 417.31 | L68: 446.61 | M68: =L68 -> 446.61 | N68: ja | O68: ja | P68: ja | Q68: ja
B69: Altijd Vrij Gelderland Trein+Bus (12-18) | C69: 2885 | D69: 2887 | E69: 343.88 | F69: 365.59 | G69: 387.71 | H69: 387.71 | I69: 408.65 | J69: 408.65 | K69: 417.31 | L69: 446.61 | M69: =L69 -> 446.61 | N69: ja | O69: ja | P69: ja | Q69: ja
B70: Altijd Vrij Gelderland Trein+Bus (19-64) | C70: 2885 | D70: 2888 | E70: 445.5 | F70: 435.31 | G70: 423.53 | H70: 423.53 | I70: 408.65 | J70: 408.65 | K70: 417.31 | L70: 446.61 | M70: =L70 -> 446.61 | N70: ja | O70: ja | P70: ja | Q70: ja
B71: Altijd Vrij Gelderland Trein+Bus (65+) | C71: 2885 | D71: 2889 | E71: 445.5 | F71: 435.31 | G71: 423.53 | H71: 423.53 | I71: 408.65 | J71: 408.65 | K71: 417.31 | L71: 446.61 | M71: =L71 -> 446.61 | N71: ja | O71: ja | P71: ja | Q71: ja
B72: Reisproducten OV-chipkaart jaar of onbepaalde tijd
B73: Altijd Voordeel Oost Bus (4-11) | C73: 7235 | D73: 7236 | E73: 150 | F73: 160 | H73: 160 | I73: 160 | J73: 160 | K73: 170 | L73: 180 | M73: 162 | N73: ja | O73: ja | P73: ja | Q73: ja
B74: Altijd Voordeel Oost Bus (12-18) | C74: 7235 | D74: 7237 | E74: 150 | F74: 160 | H74: 160 | I74: 160 | J74: 160 | K74: 170 | L74: 180 | M74: 162 | N74: ja | O74: ja | P74: ja | Q74: ja
B75: Altijd Voordeel Oost Bus (19-64) | C75: 7235 | D75: 7238 | E75: 150 | F75: 160 | H75: 160 | I75: 160 | J75: 160 | K75: 170 | L75: 180 | M75: 162 | N75: ja | O75: ja | P75: ja | Q75: ja
B76: Altijd Voordeel Oost Bus (65+) | C76: 7235 | D76: 7239 | E76: 150 | F76: 160 | H76: 160 | I76: 160 | J76: 160 | K76: 170 | L76: 180 | M76: 162 | N76: ja | O76: ja | P76: ja | Q76: ja
B77: Altijd Voordeel Oost Bus & Trein (4-11) | C77: 7245 | D77: 7246 | E77: 250 | F77: 260 | H77: 270 | I77: 270 | J77: 270 | K77: 280 | L77: 300 | M77: =30*9 -> 270 | N77: ja | O77: ja | P77: ja | Q77: ja
B78: Altijd Voordeel Oost Bus & Trein (12-18) | C78: 7245 | D78: 7247 | E78: 250 | F78: 260 | H78: 270 | I78: 270 | J78: 270 | K78: 280 | L78: 300 | M78: 270 | N78: ja | O78: ja | P78: ja | Q78: ja
B79: Altijd Voordeel Oost Bus & Trein (19-64) | C79: 7245 | D79: 7248 | E79: 250 | F79: 260 | H79: 270 | I79: 270 | J79: 270 | K79: 280 | L79: 300 | M79: 270 | N79: ja | O79: ja | P79: ja | Q79: ja
B80: Altijd Voordeel Oost Bus & Trein (65+) | C80: 7245 | D80: 7249 | E80: 250 | F80: 260 | H80: 270 | I80: 270 | J80: 270 | K80: 280 | L80: 300 | M80: 270 | N80: ja | O80: ja | P80: ja | Q80: ja
B81: Altijd Korting Scholier (40%)* | C81: 8102 | D81: 8102 | E81: nvt | F81: nvt | N81: ja | O81: ja | P81: ja | Q81: ja
B82: Breng Vrij Plus (4-11) | C82: 1630 | D82: 1631 | N82: ja | O82: nee | P82: nee | Q82: nee
B83: Breng Vrij Plus (12-18) | C83: 1630 | D83: 1632 | N83: ja | O83: nee | P83: nee | Q83: nee
B84: Breng Vrij Plus (19-64) | C84: 1630 | D84: 1633 | N84: ja | O84: nee | P84: nee | Q84: nee
B85: Breng Vrij Plus (65+) | C85: 1630 | D85: 1634 | N85: ja | O85: nee | P85: nee | Q85: nee
B86: Altijd Vrij Gelderland Bus (anoniem) | C86: 2880 | D86: 2880 | E86: 1186.75 | F86: 1221.28 | G86: 1184.27 | H86: 1184.27 | I86: 1138.38 | J86: 1138.38 | K86: 1162.51 | L86: 1244.12 | M86: =L86 -> 1244.12 | N86: ja | O86: ja | P86: ja | Q86: ja
B87: Altijd Vrij Gelderland Bus (4-11) | C87: 2880 | D87: 2881 | E87: 1055.25 | F87: 1085.19 | G87: 1114.34 | H87: 1114.34 | I87: 1138.38 | J87: 1138.38 | K87: 1162.51 | L87: 1244.12 | M87: =L87 -> 1244.12 | N87: ja | O87: ja | P87: ja | Q87: ja
B88: Altijd Vrij Gelderland Bus (12-18) | C88: 2880 | D88: 2882 | E88: 1055.25 | F88: 1085.19 | G88: 1114.34 | H88: 1114.34 | I88: 1138.38 | J88: 1138.38 | K88: 1162.51 | L88: 1244.12 | M88: =L88 -> 1244.12 | N88: ja | O88: ja | P88: ja | Q88: ja
B89: Altijd Vrij Gelderland Bus (19-64) | C89: 2880 | D89: 2883 | E89: 1253.63 | F89: 1221.28 | G89: 1184.27 | H89: 1184.27 | I89: 1138.38 | J89: 1138.38 | K89: 1162.51 | L89: 1244.12 | M89: =L89 -> 1244.12 | N89: ja | O89: ja | P89: ja | Q89: ja
B90: Altijd Vrij Gelderland Bus (65+) | C90: 2880 | D90: 2884 | E90: 1253.63 | F90: 1221.28 | G90: 1184.27 | H90: 1184.27 | I90: 1138.38 | J90: 1138.38 | K90: 1162.51 | L90: 1244.12 | M90: =L90 -> 1244.12 | N90: ja | O90: ja | P90: ja | Q90: ja
B91: Altijd Vrij Gelderland Trein+Bus (anoniem) | C91: 2455 | D91: 2455 | E91: 1565 | F91: 1553.94 | G91: 1538.66 | H91: 1538.66 | I91: 1513.52 | J91: 1513.52 | K91: 1545.61 | L91: 1654.11 | M91: =L91 -> 1654.11 | N91: ja | O91: ja | P91: ja | Q91: ja
B92: Altijd Vrij Gelderland Trein+Bus (4-11) | C92: 2455 | D92: 2456 | E92: 1244.38 | F92: 1333.97 | G92: 1425.64 | H92: 1425.64 | I92: 1513.52 | J92: 1513.52 | K92: 1545.61 | L92: 1654.11 | M92: =L92 -> 1654.11 | N92: ja | O92: ja | P92: ja | Q92: ja
B93: Altijd Vrij Gelderland Trein+Bus (12-18) | C93: 2455 | D93: 2457 | E93: 1244.38 | F93: 1333.97 | G93: 1425.64 | H93: 1425.64 | I93: 1513.52 | J93: 1513.52 | K93: 1545.61 | L93: 1654.11 | M93: =L93 -> 1654.11 | N93: ja | O93: ja | P93: ja | Q93: ja
B94: Altijd Vrij Gelderland Trein+Bus (19-64) | C94: 2455 | D94: 2458 | E94: 1565 | F94: 1553.94 | G94: 1538.66 | H94: 1538.66 | I94: 1513.52 | J94: 1513.52 | K94: 1545.61 | L94: 1654.11 | M94: =L94 -> 1654.11 | N94: ja | O94: ja | P94: ja | Q94: ja
B95: Altijd Vrij Gelderland Trein+Bus (65+) | C95: 2455 | D95: 2459 | E95: 1565 | F95: 1553.94 | G95: 1538.66 | H95: 1538.66 | I95: 1513.52 | J95: 1513.52 | K95: 1545.61 | L95: 1654.11 | M95: =L95 -> 1654.11 | N95: ja | O95: ja | P95: ja | Q95: ja
B96: 100 Dagen Vrij Arriva Gelderland Bus (anoniem) | C96: 8455 | D96: 8457 | K96: 639.38 | L96: =K96*1.0724 -> 685.67111 | M96: nvt | N96: ja | O96: nee | P96: nee | Q96: nee
B97: Dal Voordeel Oost Bus (4-11) | C97: 7220 | D97: 7221 | E97: 15 | F97: 16 | H97: 16 | I97: 16 | J97: 16 | K97: 17 | L97: 18 | M97: =L97 -> 18 | N97: ja | O97: ja | P97: ja | Q97: ja
B98: Dal Voordeel Oost Bus (12-18) | C98: 7220 | D98: 7222 | E98: 15 | F98: 16 | H98: 16 | I98: 16 | J98: 16 | K98: 17 | L98: 18 | M98: =L98 -> 18 | N98: ja | O98: ja | P98: ja | Q98: ja
B99: Dal Voordeel Oost Bus (19-64) | C99: 7220 | D99: 7223 | E99: 15 | F99: 16 | H99: 16 | I99: 16 | J99: 16 | K99: 17 | L99: 18 | M99: =L99 -> 18 | N99: ja | O99: ja | P99: ja | Q99: ja
B100: Dal Voordeel Oost Bus (65+) | C100: 7220 | D100: 7224 | E100: 15 | F100: 16 | H100: 16 | I100: 16 | J100: 16 | K100: 17 | L100: 18 | M100: =L100 -> 18 | N100: ja | O100: ja | P100: ja | Q100: ja
B101: Dal Voordeel Oost Bus & Trein (4-11) | C101: 7225 | D101: 7226 | E101: 20 | F101: 21 | H101: 22 | I101: 22 | J101: 22 | K101: 22 | L101: 24 | M101: =L101 -> 24 | N101: ja | O101: ja | P101: ja | Q101: ja
...

Sheet W-ZHN
B2: Nog te bepalen Is geel gemarkeerd of bij Chipoffice bekend
B3: LTI is 11,72%, maar op 0% gezet vanwege compensatie I&W
A6: Regionale tarieven 2024 Zuid-Holland Noord | O6: Voorwaarden
A7: Soort | B7: Productnaam | C7: Productnr | D7: Contract Tariff Id | E7: 2023 Vaststelling (afgerond) | F7: 2023 Toegepast (afgerond) | G7: 2024 aanvraag (afgerond) | H7: 2024 Toegepast (afgerond) | I7: Acceptatie OVC | J7: Verkoop Service balie/Store | K7: Verkoop DC lIght | L7: Verkoop Backoffice | M7: Verkoop Webshop | O7: Geldigheid (dal/spits) | P7: Modaliteit (trein/(buurtbus)/HOV) | Q7: Leeftijd (65+/kind/etc) | R7: Gebied (landelijk/1 regio of meer) | S7: Uitzonderingen
B8: Kilometertarief OV-chipkaart/OVpay | C8: Productnr | D8: Contract Tariff Id | E8: 2023 Vaststelling | F8: 2023 Toegepast | G8: 2024 Aanvraag | H8: 2024 Toegepast
A9: OV-chipkaart tarieven | B9: Kilometertarief ZHN Buurtbussen | C9: nvt | D9: nvt | E9: 0.121 | F9: 0.121 | G9: 0.121 | H9: 0.121 | I9: ja | J9: nee | K9: nee | L9: nee | M9: nee
A10: OV-chipkaart tarieven | B10: Kilometertarief ZHN streek/stad | C10: nvt | D10: nvt | E10: 0.156 | F10: 0.156 | G10: 0.156 | H10: 0.156 | I10: ja | J10: nee | K10: nee | L10: nee | M10: nee
A11: OV-chipkaart tarieven | B11: Kilometertarief lijn 295 (trajectdeel Rotterdam - Schoonhoven Lopikerplein - Arriva) | C11: nvt | D11: nvt | E11: 0.156 | F11: 0.156 | G11: 0.156 | H11: 0.156 | I11: ja | J11: nee | K11: nee | L11: nee | M11: nee
A12: OV-chipkaart tarieven | B12: Kilometertarief lijn 295 (trajectdeel Utrecht - Schoonhoven Lopikerplein- Keolis) | C12: nvt | D12: nvt | E12: 0.187 | F12: 0.187 | G12: KEOLIS | H12: KEOLIS | I12: ja | J12: nee | K12: nee | L12: nee | M12: nee
A13: OV-chipkaart tarieven | B13: Kilometertarief ZHN HOV (Qiliners en Rnet. LET OP: 430, 431, 432 en 497 moet wel streektarief zijn) | C13: nvt | D13: nvt | E13: 0.2 | F13: 0.2 | G13: 0.2 | H13: 0.2 | I13: ja | J13: nee | K13: nee | L13: nee | M13: nee
A14: OV-chipkaart tarieven | B14: Keukenhof flatfare 850 | C14: nvt | D14: nvt | E14: 8.6 | F14: 8.6 | G14: 4.75 | H14: 4.8 | I14: ja | J14: nee | K14: nee | L14: nee | M14: nee | O14: Alleen geldig op lijn 850
A15: OV-chipkaart tarieven | B15: Keukenhof flatfare 852 | C15: nvt | D15: nvt | E15: 8.6 | F15: 8.6 | G15: 8.6 | H15: 8.6 | I15: ja | J15: nee | K15: nee | L15: nee | M15: nee | O15: Alleen geldig op lijn 852
A16: OV-chipkaart tarieven | B16: Keukenhof flatfare 854 | C16: nvt | D16: nvt | E16: 5 | F16: 5 | G16: 5 | H16: 5 | I16: ja | J16: nee | K16: nee | L16: nee | M16: nee | O16: Alleen geldig op lijn 854
A17: OV-chipkaart tarieven | B17: Keukenhof flatfare 858 | C17: nvt | D17: nvt | E17: 5.6 | F17: 5.6 | G17: 5.6 | H17: 5.6 | I17: ja | J17: nee | K17: nee | L17: nee | M17: nee | O17: Alleen geldig op lijn 858
B18: Reisproducten OV-chipkaart maand (doorlopend) | C18: Productnr | D18: Contract Tariff Id | E18: 2023 Vaststelling | F18: 2023 Toegepast | G18: 2024 Aanvraag | H18: 2024 Toegepast | O18: Reisproducten OV-chipkaart maand (doorlopend)
A19: OV-chipkaart producten | B19: Arriva Dal Vrij RBMH (streekbus) maand (kind) | C19: 2400 | D19: 2401 | E19: 91 | F19: 91 | G19: 91 | H19: 91 | I19: ja | J19: Ja | K19: nee | L19: ja | M19: Nee | O19: Geldig tijdens de daluren op maandag t/m vrijdag van 9.00 - 16.00 uur en tussen 18.30 en 06.30 uur en in het weekend en op nationale feestdagen de hele dag | P19: B | Q19: n.v.t. | R19: regio | S19: Niet geldig in Qliners, R-net, de Nachtbus, buurtbus, Belbus, OV-taxi, lijn 45 (Den Haag-Leiden ) en 195/295 (Rotterdam-Utrecht) die door Syntus gereden worden
A20: OV-chipkaart producten | B20: Arriva Dal Vrij RBMH (streekbus) maand (tiener) | C20: 2400 | D20: 2402 | E20: 91 | F20: 91 | G20: 91 | H20: 91 | I20: ja | J20: Ja | K20: nee | L20: ja | M20: Nee | O20: Geldig tijdens de daluren op maandag t/m vrijdag van 9.00 - 16.00 uur en tussen 18.30 en 06.30 uur en in het weekend en op nationale feestdagen de hele dag | P20: B | Q20: 12 t/m 18 jaar | R20: regio | S20: Niet geldig in Qliners, R-net, de Nachtbus, buurtbus, Belbus, OV-taxi, lijn 45 (Den Haag-Leiden ) en 195/295 (Rotterdam-Utrecht) die door Syntus gereden worden
A21: OV-chipkaart producten | B21: Arriva Dal Vrij RBMH (streekbus) maand (volwassene) | C21: 2400 | D21: 2403 | E21: 91 | F21: 91 | G21: 91 | H21: 91 | I21: ja | J21: Ja | K21: nee | L21: ja | M21: Nee | O21: Geldig tijdens de daluren op maandag t/m vrijdag van 9.00 - 16.00 uur en tussen 18.30 en 06.30 uur en in het weekend en op nationale feestdagen de hele dag | P21: B | Q21: 19 tm 64 jaar | R21: regio | S21: Niet geldig in Qliners, R-net, de Nachtbus, buurtbus, Belbus, OV-taxi, lijn 45 (Den Haag-Leiden ) en 195/295 (Rotterdam-Utrecht) die door Syntus gereden worden
A22: OV-chipkaart producten | B22: Arriva Dal Vrij RBMH (streekbus) maand (senior) | C22: 2400 | D22: 2404 | E22: 91 | F22: 91 | G22: 91 | H22: 91 | I22: ja | J22: Ja | K22: nee | L22: ja | M22: Nee | O22: Geldig tijdens de daluren op maandag t/m vrijdag van 9.00 - 16.00 uur en tussen 18.30 en 06.30 uur en in het weekend en op nationale feestdagen de hele dag | P22: B | Q22: 65+ | R22: regio | S22: Niet geldig in Qliners, R-net, de Nachtbus, buurtbus, Belbus, OV-taxi, lijn 45 (Den Haag-Leiden ) en 195/295 (Rotterdam-Utrecht) die door Syntus gereden worden
A23: OV-chipkaart producten | B23: Arriva Dal Vrij RBMH (ook Qliner) maand (kind) | C23: 2590 | D23: 2591 | E23: 108 | F23: 108 | G23: 108 | H23: 108 | I23: ja | J23: Ja | K23: nee | L23: ja | M23: Nee | O23: Geldig tijdens de daluren op maandag t/m vrijdag van 9.00 - 16.00 uur en tussen 18.30 en 06.30 uur en in het weekend en op nationale feestdagen de hele dag | P23: BQR | Q23: n.v.t. | R23: regio | S23: Niet geldig in Qliners, R-net, de Nachtbus, buurtbus, Belbus, OV-taxi, lijn 45 (Den Haag-Leiden ) en 195/295 (Rotterdam-Utrecht) die door Syntus gereden worden
A24: OV-chipkaart producten | B24: Arriva Dal Vrij RBMH (ook Qliner) maand (tiener) | C24: 2590 | D24: 2592 | E24: 108 | F24: 108 | G24: 108 | H24: 108 | I24: ja | J24: Ja | K24: nee | L24: ja | M24: Nee | O24: Geldig tijdens de daluren op maandag t/m vrijdag van 9.00 - 16.00 uur en tussen 18.30 en 06.30 uur en in het weekend en op nationale feestdagen de hele dag | P24: BQR | Q24: 12 t/m 18 jaar | R24: regio | S24: Niet geldig in Qliners, R-net, de Nachtbus, buurtbus, Belbus, OV-taxi, lijn 45 (Den Haag-Leiden ) en 195/295 (Rotterdam-Utrecht) die door Syntus gereden worden
A25: OV-chipkaart producten | B25: Arriva Dal Vrij RBMH (ook Qliner) maand (volwassene) | C25: 2590 | D25: 2593 | E25: 108 | F25: 108 | G25: 108 | H25: 108 | I25: ja | J25: Ja | K25: nee | L25: ja | M25: Nee | O25: Geldig tijdens de daluren op maandag t/m vrijdag van 9.00 - 16.00 uur en tussen 18.30 en 06.30 uur en in het weekend en op nationale feestdagen de hele dag | P25: BQR | Q25: 19 tm 64 jaar | R25: regio | S25: Niet geldig in Qliners, R-net, de Nachtbus, buurtbus, Belbus, OV-taxi, lijn 45 (Den Haag-Leiden ) en 195/295 (Rotterdam-Utrecht) die door Syntus gereden worden
A26: OV-chipkaart producten | B26: Arriva Dal Vrij RBMH (ook Qliner) maand (senior) | C26: 2590 | D26: 2594 | E26: 108 | F26: 108 | G26: 108 | H26: 108 | I26: ja | J26: Ja | K26: nee | L26: ja | M26: Nee | O26: Geldig tijdens de daluren op maandag t/m vrijdag van 9.00 - 16.00 uur en tussen 18.30 en 06.30 uur en in het weekend en op nationale feestdagen de hele dag | P26: BQR | Q26: 65+ | R26: regio | S26: Niet geldig in Qliners, R-net, de Nachtbus, buurtbus, Belbus, OV-taxi, lijn 45 (Den Haag-Leiden ) en 195/295 (Rotterdam-Utrecht) die door Syntus gereden worden
A27: OV-chipkaart producten | B27: Arriva Altijd Vrij ZHN Bus Streek (kind) | C27: 2530 | D27: 2531 | E27: 264 | F27: 264 | G27: 264 | H27: 264 | I27: ja | J27: Nee | K27: nee | L27: ja | M27: Nee | O27: Voor een vast bedrag altijd onbeperkt vrij reizen met de stads-en streekbussen van Arriva in de regio in de regio Duin- en Bollenstreek, Leiden, Rijnstreek en Midden-Holland. | P27: B | Q27: n.v.t. | R27: regio | S27: Niet geldig in Qliners, R-net, de Nachtbus, buurtbus, Belbus, OV-taxi, lijn 45 (Den Haag-Leiden ) en 195/295 (Rotterdam-Utrecht) die door Syntus gereden worden
A28: OV-chipkaart producten | B28: Arriva Altijd Vrij ZHN Bus Streek (12-18 jaar) | C28: 2530 | D28: 2532 | E28: 145 | F28: 145 | G28: 145 | H28: 145 | I28: ja | J28: Nee | K28: nee | L28: ja | M28: Nee | O28: Voor een vast bedrag altijd onbeperkt vrij reizen met de stads-en streekbussen van Arriva in de regio in de regio Duin- en Bollenstreek, Leiden, Rijnstreek en Midden-Holland. | P28: B | Q28: 12 t/m 18 jaar | R28: regio | S28: Niet geldig in Qliners, R-net, de Nachtbus, buurtbus, Belbus, OV-taxi, lijn 45 (Den Haag-Leiden ) en 195/295 (Rotterdam-Utrecht) die door Syntus gereden worden
A29: OV-chipkaart producten | B29: Arriva Altijd Vrij ZHN Bus Streek (volwassene) | C29: 2530 | D29: 2533 | E29: 264 | F29: 264 | G29: 264 | H29: 264 | I29: ja | J29: Nee | K29: nee | L29: ja | M29: Nee | O29: Voor een vast bedrag altijd onbeperkt vrij reizen met de stads-en streekbussen van Arriva in de regio in de regio Duin- en Bollenstreek, Leiden, Rijnstreek en Midden-Holland. | P29: B | Q29: 19 tm 64 jaar | R29: regio | S29: Niet geldig in Qliners, R-net, de Nachtbus, buurtbus, Belbus, OV-taxi, lijn 45 (Den Haag-Leiden ) en 195/295 (Rotterdam-Utrecht) die door Syntus gereden worden
A30: OV-chipkaart producten | B30: Arriva Altijd Vrij ZHN Bus Streek (senior) | C30: 2530 | D30: 2534 | E30: 264 | F30: 264 | G30: 264 | H30: 264 | I30: ja | J30: Nee | K30: nee | L30: ja | M30: Nee | O30: Voor een vast bedrag altijd onbeperkt vrij reizen met de stads-en streekbussen van Arriva in de regio in de regio Duin- en Bollenstreek, Leiden, Rijnstreek en Midden-Holland. | P30: B | Q30: 65+ | R30: regio | S30: Niet geldig in Qliners, R-net, de Nachtbus, buurtbus, Belbus, OV-taxi, lijn 45 (Den Haag-Leiden ) en 195/295 (Rotterdam-Utrecht) die door Syntus gereden worden
... A34: OV-chipkaart producten | B34: Arriva Altijd Vrij ZHN Bus + Qliner + R-net (senior) | C34: 2520 | D34: 2524 | E34: 323 | F34: 323 | G34: 323 | H34: 323 | I34: ja | J34: Nee | K34: nee | L34: ja | M34: Nee | O34: Voor een vast bedrag altijd onbeperkt vrij reizen met de stads- en streekbussen en HOV-lijnen (Qliners en R-net) van Arriva in de regio in de regio Duin- en Bollenstreek, Leiden, Rijnstreek en Midden-Holland. | P34: BQR | Q34: 65+ | R34: regio | S34: Niet geldig in Qliners, R-net, de Nachtbus, buurtbus, Belbus, OV-taxi, lijn 45 (Den Haag-Leiden ) en 195/295 (Rotterdam-Utrecht) die door Syntus gereden worden
B35: Reisproducten OV-chipkaart jaar of onbepaalde tijd | C35: Productnr | D35: Contract Tariff Id | E35: 2023 Vaststelling | F35: 2023 Toegepast | G35: 2024 Aanvraag | H35: 2024 Toegepast | O35: Reisproducten OV-chipkaart jaar of onbepaalde tijd
A36: OV-chipkaart producten | B36: Arriva Samen voor Groen Anoniem | C36: 8035 | D36: 8035 | E36: € 0,005 p km | F36: € 0,005 p km | G36: € 0,005 p km | H36: € 0,005 p km | I36: ja | J36: nee | K36: nee | L36: ja | M36: ja | O36: Met het Samen voor Groen-busabonnement spaar je, iedere keer als je incheckt, een halve cent (0,005 euro) per reiskilometer voor bomen. 100% van het gespaarde bedrag wordt gebruikt om bomen te planten en te onderhouden | P36: B | Q36: Alle | R36: Meer | S36: Niet geldig op de Nachtbus, OV-taxi, buslijn 45 (Den Haag - Leiden) en 195/295 (Rotterdam-Utrecht) die door Syntus gereden worden
A37: OV-chipkaart producten | B37: Arriva Samen voor Groen Kind | C37: 8035 | D37: 8036 | E37: € 0,005 p km | F37: € 0,005 p km | G37: € 0,005 p km | H37: € 0,005 p km | I37: ja | J37: nee | K37: nee | L37: ja | M37: ja | O37: Met het Samen voor Groen-busabonnement spaar je, iedere keer als je incheckt, een halve cent (0,005 euro) per reiskilometer voor bomen. 100% van het gespaarde bedrag wordt gebruikt om bomen te planten en te onderhouden | P37: B | Q37: 4 t/m 11 jaar | R37: meer | S37: Niet geldig op de Nachtbus, Waterbus, OV-taxi, buslijn 45 (Den Haag - Leiden) en 195/295 (Rotterdam-Utrecht) die door Syntus gereden worden
A38: OV-chipkaart producten | B38: Arriva Samen voor Groen Tiener | C38: 8035 | D38: 8037 | E38: € 0,005 p km | F38: € 0,005 p km | G38: € 0,005 p km | H38: € 0,005 p km | I38: ja | J38: nee | K38: nee | L38: ja | M38: ja | O38: Met het Samen voor Groen-busabonnement spaar je, iedere keer als je incheckt, een halve cent (0,005 euro) per reiskilometer voor bomen. 100% van het gespaarde bedrag wordt gebruikt om bomen te planten en te onderhouden | P38: B | Q38: 12 t/m 18 jaar | R38: meer | S38: Niet geldig op de Nachtbus, Waterbus, OV-taxi, buslijn 45 (Den Haag - Leiden) en 195/295 (Rotterdam-Utrecht) die door Syntus gereden worden
A39: OV-chipkaart producten | B39: Arriva Samen voor GroenVolwassene | C39: 8035 | D39: 8038 | E39: € 0,005 p km | F39: € 0,005 p km | G39: € 0,005 p km | H39: € 0,005 p km | I39: ja | J39: nee | K39: nee | L39: ja | M39: ja | O39: Met het Samen voor Groen-busabonnement spaar je, iedere keer als je incheckt, een halve cent (0,005 euro) per reiskilometer voor bomen. 100% van het gespaarde bedrag wordt gebruikt om bomen te planten en te onderhouden | P39: B | Q39: 19 tm 64 jaar | R39: meer | S39: Niet geldig op de Nachtbus, Waterbus, OV-taxi, buslijn 45 (Den Haag - Leiden) en 195/295 (Rotterdam-Utrecht) die door Syntus gereden worden
A40: OV-chipkaart producten | B40: Arriva Samen voor Groen Senior | C40: 8035 | D40: 8039 | E40: € 0,005 p km | F40: € 0,005 p km | G40: € 0,005 p km | H40: € 0,005 p km | I40: ja | J40: nee | K40: nee | L40: ja | M40: ja | O40: Met het Samen voor Groen-busabonnement spaar je, iedere keer als je incheckt, een halve cent (0,005 euro) per reiskilometer voor bomen. 100% van het gespaarde bedrag wordt gebruikt om bomen te planten en te onderhouden | P40: B | Q40: 65+ | R40: meer | S40: Niet geldig op de Nachtbus, Waterbus, OV-taxi, buslijn 45 (Den Haag - Leiden) en 195/295 (Rotterdam-Utrecht) die door Syntus gereden worden
A41: OV-chipkaart producten | B41: Arriva Dal Vrij RBMH (streekbus) jaar (kind) | C41: 2405 | D41: 2406 | E41: 908 | F41: 908 | G41: 908 | H41: 908 | I41: ja | J41: ja | K41: nee | L41: ja | M41: Nee | O41: Geldig tijdens de daluren op maandag t/m vrijdag van 9.00 - 16.00 uur en tussen 18.30 en 06.30 uur en in het weekend en op nationale feestdagen de hele dag | P41: B | Q41: n.v.t. | R41: regio | S41: Niet geldig in Qliners, R-net, de Nachtbus, buurtbus, Belbus, OV-taxi, lijn 45 (Den Haag-Leiden ) en 195/295 (Rotterdam-Utrecht) die door Syntus gereden worden
A42: OV-chipkaart producten | B42: Arriva Dal Vrij RBMH (streekbus) jaar (tiener) | C42: 2405 | D42: 2407 | E42: 908 | F42: 908 | G42: 908 | H42: 908 | I42: ja | J42: ja | K42: nee | L42: ja | M42: Nee | O42: Geldig tijdens de daluren op maandag t/m vrijdag van 9.00 - 16.00 uur en tussen 18.30 en 06.30 uur en in het weekend en op nationale feestdagen de hele dag | P42: B | Q42: 12 t/m 18 jaar | R42: regio | S42: Niet geldig in Qliners, R-net, de Nachtbus, buurtbus, Belbus, OV-taxi, lijn 45 (Den Haag-Leiden ) en 195/295 (Rotterdam-Utrecht) die door Syntus gereden worden
A43: OV-chipkaart producten | B43: Arriva Dal Vrij RBMH (streekbus) jaar (volwassene) | C43: 2405 | D43: 2408 | E43: 908 | F43: 908 | G43: 908 | H43: 908 | I43: ja | J43: ja | K43: nee | L43: ja | M43: Nee | O43: Geldig tijdens de daluren op maandag t/m vrijdag van 9.00 - 16.00 uur en tussen 18.30 en 06.30 uur en in het weekend en op nationale feestdagen de hele dag | P43: B | Q43: 19 tm 64 jaar | R43: regio | S43: Niet geldig in Qliners, R-net, de Nachtbus, buurtbus, Belbus, OV-taxi, lijn 45 (Den Haag-Leiden ) en 195/295 (Rotterdam-Utrecht) die door Syntus gereden worden
A44: OV-chipkaart producten | B44: Arriva Dal Vrij RBMH (streekbus) jaar (senior) | C44: 2405 | D44: 2409 | E44: 908 | F44: 908 | G44: 908 | H44: 908 | I44: ja | J44: ja | K44: nee | L44: ja | M44: Nee | O44: Geldig tijdens de daluren op maandag t/m vrijdag van 9.00 - 16.00 uur en tussen 18.30 en 06.30 uur en in het weekend en op nationale feestdagen de hele dag | P44: B | Q44: 65+ | R44: regio | S44: Niet geldig in Qliners, R-net, de Nachtbus, buurtbus, Belbus, OV-taxi, lijn 45 (Den Haag-Leiden ) en 195/295 (Rotterdam-Utrecht) die door Syntus gereden worden
A45: OV-chipkaart producten | B45: Arriva Dal Vrij RBMH (ook Qliner) jaar (kind) | C45: 2595 | D45: 2596 | E45: 1077 | F45: 1077 | G45: 1077 | H45: 1077 | I45: ja | J45: ja | K45: nee | L45: ja | M45: Nee | O45: Geldig tijdens de daluren op maandag t/m vrijdag van 9.00 - 16.00 uur en tussen 18.30 en 06.30 uur en in het weekend en op nationale feestdagen de hele dag | P45: BQR | Q45: n.v.t. | R45: regio | S45: Niet geldig in Qliners, R-net, de Nachtbus, buurtbus, Belbus, OV-taxi, lijn 45 (Den Haag-Leiden ) en 195/295 (Rotterdam-Utrecht) die door Syntus gereden worden
A46: OV-chipkaart producten | B46: Arriva Dal Vrij RBMH (ook Qliner) jaar (tiener) | C46: 2595 | D46: 2597 | E46: 1077 | F46: 1077 | G46: 1077 | H46: 1077 | I46: ja | J46: ja | K46: nee | L46: ja | M46: Nee | O46: Geldig tijdens de daluren op maandag t/m vrijdag van 9.00 - 16.00 uur en tussen 18.30 en 06.30 uur en in het weekend en op nationale feestdagen de hele dag | P46: BQR | Q46: 12 t/m 18 jaar | R46: regio | S46: Niet geldig in Qliners, R-net, de Nachtbus, buurtbus, Belbus, OV-taxi, lijn 45 (Den Haag-Leiden ) en 195/295 (Rotterdam-Utrecht) die door Syntus gereden worden
A47: OV-chipkaart producten | B47: Arriva Dal Vrij RBMH (ook Qliner) jaar (volwassene) | C47: 2595 | D47: 2598 | E47: 1077 | F47: 1077 | G47: 1077 | H47: 1077 | I47: ja | J47: ja | K47: nee | L47: ja | M47: Nee | O47: Geldig tijdens de daluren op maandag t/m vrijdag van 9.00 - 16.00 uur en tussen 18.30 en 06.30 uur en in het weekend en op nationale feestdagen de hele dag | P47: BQR | Q47: 19 tm 64 jaar | R47: regio | S47: Niet geldig in Qliners, R-net, de Nachtbus, buurtbus, Belbus, OV-taxi, lijn 45 (Den Haag-Leiden ) en 195/295 (Rotterdam-Utrecht) die door Syntus gereden worden
A48: OV-chipkaart producten | B48: Arriva Dal Vrij RBMH (ook Qliner) jaar (senior) | C48: 2595 | D48: 2599 | E48: 1077 | F48: 1077 | G48: 1077 | H48: 1077 | I48: ja | J48: ja | K48: nee | L48: ja | M48: Nee | O48: Geldig tijdens de daluren op maandag t/m vrijdag van 9.00 - 16.00 uur en tussen 18.30 en 06.30 uur en in het weekend en op nationale feestdagen de hele dag | P48: BQR | Q48: 65+ | R48: regio | S48: Niet geldig in Qliners, R-net, de Nachtbus, buurtbus, Belbus, OV-taxi, lijn 45 (Den Haag-Leiden ) en 195/295 (Rotterdam-Utrecht) die door Syntus gereden worden
A49: OV-chipkaart producten | B49: Arriva Dal Korting ZH Bus (kind) | C49: 2610 | D49: 2611 | E49: 27 | F49: 27 | G49: 27 | H49: 27 | I49: ja | J49: Ja | K49: nee | L49: ja | M49: Nee | O49: Tijdens de daluren van maandag t/m vrijdag van 9.00 - 16.00 uur en tussen 18.30 en 06.30 uur en in het weekend en op nationale feestdagen de hele dag. | P49: BTQR | Q49: n.v.t. | R49: meer | S49: Niet geldig in de Nachtbus, buurtbus, Waterbus, Belbus, OV-taxi, lijn 45 (Den Haag – Leiden) en de buslijnen 195/295 (Rotterdam - Utrecht) die door Syntus gereden worden.
A50: OV-chipkaart producten | B50: Arriva Dal Korting ZH Bus (12-18 jaar) | C50: 2610 | D50: 2612 | E50: 27 | F50: 27 | G50: 27 | H50: 27 | I50: ja | J50: Ja | K50: nee | L50: ja | M50: Nee | O50: Tijdens de daluren van maandag t/m vrijdag van 9.00 - 16.00 uur en tussen 18.30 en 06.30 uur en in het weekend en op nationale feestdagen de hele dag. | P50: BTQR | Q50: 12 t/m 18 jaar | R50: meer | S50: Niet geldig in de Nachtbus, buurtbus, Waterbus, Belbus, OV-taxi, lijn 45 (Den Haag – Leiden) en de buslijnen 195/295 (Rotterdam - Utrecht) die door Syntus gereden worden.
A51: OV-chipkaart producten | B51: Arriva Dal Korting ZH Bus (volwassene) | C51: 2610 | D51: 2613 | E51: 27 | F51: 27 | G51: 27 | H51: 27 | I51: ja | J51: Ja | K51: nee | L51: ja | M51: Nee | O51: Tijdens de daluren van maandag t/m vrijdag van 9.00 - 16.00 uur en tussen 18.30 en 06.30 uur en in het weekend en op nationale feestdagen de hele dag. | P51: BTQR | Q51: 19 tm 64 jaar | R51: meer | S51: Niet geldig in de Nachtbus, buurtbus, Waterbus, Belbus, OV-taxi, lijn 45 (Den Haag – Leiden) en de buslijnen 195/295 (Rotterdam - Utrecht) die door Syntus gereden worden.
A52: OV-chipkaart producten | B52: Arriva Dal Korting ZH Bus (senior) | C52: 2610 | D52: 2614 | E52: 27 | F52: 27 | G52: 27 | H52: 27 | I52: ja | J52: Ja | K52: nee | L52: ja | M52: Nee | O52: Tijdens de daluren van maandag t/m vrijdag van 9.00 - 16.00 uur en tussen 18.30 en 06.30 uur en in het weekend en op nationale feestdagen de hele dag. | P52: BTQR | Q52: 65+ | R52: meer | S52: Niet geldig in de Nachtbus, buurtbus, Waterbus, Belbus, OV-taxi, lijn 45 (Den Haag – Leiden) en de buslijnen 195/295 (Rotterdam - Utrecht) die door Syntus gereden worden.
... A61: OV-chipkaart producten | B61: Arriva Kids Vrij Meereizen jaar (4 t/m 11 jaar) | C61: 1349 | D61: 1349 | E61: 20 | F61: 20 | G61: 20 | H61: 20 | I61: ja | J61: nee | K61: nee | L61: ja | M61: Nee | O61: Onbeperkt vrij reizen onder begeleiding van een reiziger van 18 jaar of ouder. | P61: BQRT | Q61: 4 t/m 11 jaar | R61: meer | S61: Niet geldig in de Nachtbus, Waterbus, buurtbus, Belbus, OV-taxi, lijn 45 (Den Haag-Leiden) en de buslijnen 195/295 (Rotterdam-Utrecht) die door Syntus gereden worden
B62: Wagenverkoopassortiment | C62: Productnr | D62: Contract Tariff Id | E62: 2023 Vaststelling | F62: 2023 Toegepast | G62: 2024 Aanvraag | H62: 2024 Toegepast | O62: Wagenverkoopassortiment
A63: Papieren kaartjes/DC Light | B63: Kinderritkaart (4 t/m 11 jaar, alleen DC-light) | C63: (8986 Telexis) | D63: nvt | E63: 0 | F63: 0 | G63: 0 | H63: 0 | I63: nvt | J63: Nee | K63: Ja | L63: n.v.t. | M63: n.v.t. | O63: Geldig in alle stads- en streekbussen en HOV-lijnen (Qliners en R-net van Arriva in Zuid-Holland. Volwassenen kunnen per volwassene (maximaal) drie kinderen in de leeftijd van 4 t/m 11 jaar gratis meenemen! Kids4Nix geldt voor een groep van (maximaal) acht personen, bijvoorbeeld twee volwassenen met zes kinderen. Kinderen kunnen twee uur op een Kinderritkaart gratis met de volwassene meereizen (zonder overstap). In het weekend en op officiële feestdagen geldt de gratis Kinderritkaart de hele dag, doordeweeks vanaf 9.00 uur. Reist men vóór 9.00 uur? Dan koopt men gewoon voor elk kind een Gemakskaart van € 2,20-. Daarmee kunnen ze twee uur binnen de regio reizen, waarbij ook mag worden overgestapt. De maximale groepsgrootte is 8 personen. Voor meer kinderen geldt het reguliere tarief van de Gemakskaart voor de rit | P63: B | Q63: 4 t/m 11 jaar | R63: regio | S63: De Kinderritkaart geldt niet in de Nachtbus, Buurtbus, Keukenhof Express, OV taxi en de buslijnen 195/295 (Utrecht - Rotterdam) die door Syntus gereden worden en 45 die door EBS wordt gereden
A64: Papieren Kaart | B64: Gemakskaart Kids t/m 2 zones’ | C64: Telexis (nieuw) | D64: n.v.t. | G64: 1.65 | H64: 1.65 | I64: nvt | O64: Enkele reis t/m 2 zones op werkdagen voor 9:00. Maximaal 8 pers, w.v. max 6 kids van 4 t/m 11. Altijd onder begeleiding van adult. Reisduur max 45 minuten, overstappen toegestaan. | Q64: 4 t/m 11 jaar | R64: regio
A65: Papieren kaartjes/DC Light+ CT | B65: Gemakskaartje 1 t/m 2 zones (CT als DC Light) | C65: 8136 (8990 Telexis) | D65: nvt | E65: 2.5 | F65: 2.5 | G65: 2.5 | H65: 2.5 | I65: Ja, bij CT | J65: Nee | K65: Ja | L65: n.v.t. | M65: n.v.t. | O65: Aantal zones 1-2; enkele reis; max. geldigheidsduur 45 minuten; overstappen toegestaan; meer informatie arriva.nl/buskaartenzh | P65: B | Q65: alle | R65: regio | S65: De Gemakskaart geldt niet in de Nachtbus, Buurtbus Keukenhof Express, OV-taxi en lijn 45* en de buslijnen 195/295 (Utrecht - Rotterdam) die door Syntus gereden worden. *Geldig voor een enkele rit op buslijn 45. Zie voor meer informatie arriva.nl/buskaartenzh
A66: Papieren kaartjes/DC Light+ CT | B66: Gemakskaartje 3 t/m 5 zones (CT als DC LIght) | C66: 8137 (8991 Telexis) | D66: nvt | E66: 4.9 | F66: 4.9 | G66: 4.9 | H66: 4.9 | I66: Ja, bij CT | J66: Nee | K66: Ja | L66: n.v.t. | M66: n.v.t. | O66: Aantal zones 3-5; enkele reis; max. geldigheidsduur 60 minuten; overstappen toegestaan; meer informatie arriva.nl/buskaartenzh | P66: B | Q66: alle | R66: regio | S66: De Gemakskaart geldt niet in de Nachtbus, Buurtbus Keukenhof Express, OV-taxi en lijn 45* en de buslijnen 195/295 (Utrecht - Rotterdam) die door Syntus gereden worden. *Geldig voor een enkele rit op buslijn 45. Zie voor meer informatie arriva.nl/buskaartenzh
A67: Papieren kaartjes/DC Light+ CT | B67: Gemakskaartje 6 t/m 8 zones (CT als DC Light) | C67: 8138 (8992 Telexis) | D67: nvt | E67: 8 | F67: 8 | G67: 8 | H67: 8 | I67: Ja, bij CT | J67: Nee | K67: Ja | L67: n.v.t. | M67: n.v.t. | O67: Aantal zones 6-8; enkele reis; max. geldigheidsduur 105 minuten; overstappen toegestaan; meer informatie arriva.nl/buskaartenzh | P67: B | Q67: alle | R67: regio | S67: De Gemakskaart geldt niet in de Nachtbus, Buurtbus, OV-taxi en lijn 45 en de buslijnen 195/295 (Utrecht - Rotterdam) die door Syntus gereden worden. Zie voor meer informatie arriva.nl/buskaartenzh
A68: Papieren kaartjes/DC Light+ CT | B68: Gemakskaartje 9 t/m 11 zones (CT, als DC Light) | C68: 8139 (8993 (Telexis) | D68: nvt | E68: 10.4 | F68: 10.4 | G68: 10.4 | H68: 10.4 | I68: Ja, bij CT | J68: Nee | K68: Ja | L68: n.v.t. | M68: n.v.t. | O68: Aantal zones 9-11; enkele reis; max. geldigheidsduur 135 minuten; overstappen toegestaan; meer informatie arriva.nl/buskaartenzh | P68: B | Q68: alle | R68: regio | S68: De Gemakskaart geldt niet in de Nachtbus, Buurtbus, Keukenhof Express, OV-taxi en lijn 45 en de buslijnen 195/295 (Utrecht - Rotterdam) die door Syntus gereden worden. Zie voor meer informatie arriva.nl/buskaartenzh
A69: Papieren kaartjes/DC Light | B69: Gemakskaartje > 11 zones (Geen CT, alleen DC Light) | C69: (8995 Telexis) | D69: nvt | E69: 12.9 | F69: 12.9 | G69: 12.9 | H69: 12.9 | I69: nvt | J69: Nee | K69: Ja | L69: n.v.t. | M69: n.v.t. | O69: Aantal zones > 11; enkele reis; max. geldigheidsduur 135 minuten; overstappen toegestaan; meer informatie arriva.nl/buskaartenzh | P69: B | Q69: alle | R69: regio | S69: De Gemakskaart geldt niet in de Nachtbus, Buurtbus, Keukenhof Express, OV-taxi en lijn 45 en de buslijnen 195/295 (Utrecht - Rotterdam) die door Syntus gereden worden. Zie voor meer informatie arriva.nl/buskaartenzh
A70: Papieren kaartjes/DC LIght | B70: Deur-haltevervoer (binnen de grenzen van een plaats): | C70: nvt | D70: nvt | E70: 2.5 | F70: 2.5 | G70: 2.5 | H70: 2.5 | I70: nvt | J70: Nee | K70: Ja | L70: n.v.t. | M70: n.v.t. | O70: ritkaart OV-taxi binnen de grenzen van een plaats | P70: B | Q70: alle | R70: regio
A71: Papieren kaartjes/DC LIght | B71: Deur-haltevervoer (buiten de grenzen van een plaats) | C71: nvt | D71: nvt | E71: 4.9 | F71: 4.9 | G71: 4.9 | H71: 4.9 | I71: nvt | J71: Nee | K71: Ja | L71: n.v.t. | M71: n.v.t. | O71: ritkaart OV-taxi buiten de grezen van een plaats | P71: B | Q71: alle | R71: regio
A72: Papieren kaartjes/DC LIght | B72: Buurtbus Ritkaart | C72: (Nr OnbekendTelexis) | D72: nvt | E72: 1.4 | F72: 1.4 | G72: 1.4 | H72: 1.4 | I72: Ja, bij CT | J72: Nee | K72: Ja | L72: n.v.t. | M72: n.v.t. | P72: B | Q72: alle | R72: regio
B73: Voorverkoopassortiment | C73: Productnr | D73: Contract Tariff Id | E73: 2023 Vaststelling | F73: 2023 Toegepast | G73: 2024 Aanvraag | H73: 2024 Toegepast | O73: Voorverkoopassortiment
A74: NVT (via Keukenhof) | B74: Keukenhof Combiticket Overig t.b.v. 854, 858, 859 en 50 | C74: nvt | D74: nvt | E74: Volgt later | F74: Volgt later | G74: Volgt later | H74: Volgt later | I74: nvt | J74: Nee | K74: Nee | L74: n.v.t. | M74: n.v.t. | O74: Arriva lijnen 854, 858, 859, 50 en 90 | P74: B | Q74: 18+
A75: NVT (via Keukenhof) | B75: Keukenhof Combiticket Amsterdam t.b.v. 852 | C75: nvt | D75: nvt | E75: Volgt later | F75: Volgt later | G75: Volgt later | H75: Volgt later | I75: nvt | J75: Nee | K75: Nee | L75: n.v.t. | M75: n.v.t. | O75: Arriva lijnen 852, 854, 858, 859, 50 en 90 en Connexxion lijnen 300, 340. 341 en 397 | P75: B | Q75: 18+
A76: NVT (via Keukenhof) | B76: Keukenhof combiticket Kind 4 t/m 17 | C76: nvt | D76: nvt | E76: Volgt later | F76: Volgt later | G76: Volgt later | H76: Volgt later | I76: nvt | J76: Nee | K76: Nee | L76: n.v.t. | M76: n.v.t. | O76: Arriva lijnen 852, 854, 858, 859, 50 en 90 en Connexxion lijnen 300, 340, 341 en 397 | P76: B | Q76: 4 t/m 17 jaar
A77: Papieren kaartjes/DC lIght | B77: Keukenhof dagkaart Volwassene vanaf Rai (852), incl. alle lijnen ZHN | C77: nvt | D77: nvt | F77: 17.2 | G77: Volgt later | H77: Volgt later | I77: nvt | J77: Nee | K77: Ja | L77: n.v.t. | M77: n.v.t. | O77: 852 + alle lijnen ZHN | P77: B | Q77: 12 >
A78: Papieren kaartjes/DC lIght | B78: Keukenhof dagkaart Volwassene vanaf Leiden (854), Schiphol (858), Hoofddorp (859) incl. alle lijnen ZHN | C78: nvt | D78: nvt | F78: 12.3 | G78: Volgt later | H78: Volgt later | I78: nvt | J78: Nee | K78: Ja | L78: n.v.t. | M78: n.v.t. | O78: 854, 858, 859 + allle lijnen ZHN | P78: B | Q78: 12 >
A79: Papieren kaartjes/DC lIght | B79: Keukenhof dagkaart Kind (4 t/m 11) vanaf Rai (852), Leiden (854), Schiphol (858), Hoofddorp (859) incl. alle lijnen ZHN | C79: nvt | D79: nvt | F79: 8 | G79: Volgt later | H79: Volgt later | I79: nvt | J79: Nee | K79: Ja | L79: n.v.t. | M79: n.v.t. | O79: Alle Arriva ZHN | P79: B | Q79: 4 t/m 11
A80: CT ticket | B80: ARTT Ticket (CT-kaart Noordvleugel)** | C80: 471 t/m 474 | D80: n.v.t. | E80: Chip office | F80: Chipofffice | G80: Chip office | H80: Chipofffice | I80: ja | J80: Nee | K80: Nee | L80: n.v.t. | M80: n.v.t. | O80: dagkaart geldig op de lijn 852, 854, 858, 859, 50 en 470 | P80: BTM | Q80: alle | R80: meer | S80: Niet geldig op de andere lijnen
A81: CT ticket | B81: Holland Travel Ticket | C81: Chipoffice | D81: Chipoffice | E81: n.v.t. | F81: n.v.t. | G81: Chip office | H81: Chip office | I81: ja | J81: Nee | K81: Nee | L81: nvt | M81: nvt | O81: dagkaart geldig op alle arriva lijnen | P81: BTM | Q81: alle | R81: meer
A82: CT ticket | B82: Tourist Day Ticket | C82: 1740 | D82: n.v.t. | E82: 16 | F82: 15.5 | G82: 16 | H82: 15.5 | I82: ja | J82: ja | K82: Nee | L82: n.v.t. | M82: n.v.t. | O82: Geldig in de bussen, trams en metro’s van Arriva, Connexxion, HTM, HTMBuzz, RET en Waterbus (boot) in Zuid-Holland. | P82: BTMW | Q82: alle | R82: meer | S82: Het ticket is niet geldig in de trein, Fast Ferry Hoek van Holland, Driehoeksveer Ferry, buurtbus, nachtbus, OV taxi en op buslijn 195/295.
A83: E-ticket | B83: Groepsticket 3 volwassenen en 15 kind 4 t/m 11 jaar | C83: nvt | D83: nvt | E83: 30.7 | F83: 30.7 | G83: 30.7 | H83: 30.7 | I83: nvt | J83: Nee | K83: Nee | L83: ja | M83: n.v.t. | O83: Geldig als dagkaart: op doordeweekse dagen vanaf 9.00 uur, en in het weekend en tijdens officiële schoolvakanties de hele dag, met (max.) vijftien kinderen en (max.) drie begeleidende volwassenen. | P83: B | Q83: 4 t/m 11 en 19 t/m 64 jaar | R83: regio | S83: Niet geldig in de Nachtbus, buurtbus, Belbus, Keukenhof Express, OV-taxi, trein (MerwedeLingelijn) en op buslijn 45 en de buslijnen 195/295 (Utrecht - Rotterdam) die door Syntus gereden worden.
A84: E-ticket | B84: Groepsticket 3 volwassenen en 15 kind 12 t/m 18 | C84: nvt | D84: nvt | E84: 46.6 | F84: 46.6 | G84: 46.6 | H84: 46.6 | I84: nvt | J84: Nee | K84: Nee | L84: ja | M84: n.v.t. | O84: Geldig als dagkaart: op doordeweekse dagen vanaf 9.00 uur, en in het weekend en tijdens officiële schoolvakanties de hele dag, met (max.) vijftien kinderen en (max.) drie begeleidende volwassenen. | P84: B | Q84: 12 t/m 18 en 19 t/m 64 jaar | R84: regio | S84: Niet geldig in de Nachtbus, buurtbus, Belbus, Keukenhof Express, OV-taxi, trein (MerwedeLingelijn) en op buslijn 45 en de buslijnen 195/295 (Utrecht - Rotterdam) die door Syntus gereden worden.
A85: E-ticket en periodiek via DC Light | B85: Samenreisdagkaart (Eticket en soms als DC-light ticket) | C85: nvt | D85: nvt | E85: 10.7 | F85: 10.7 | G85: 10.7 | H85: 10.7 | I85: nvt | J85: Nee | K85: Ja | L85: nvt | M85: nvt | O85: • Dagkaart voor min. 2 en max. 5 personen, waarvan max. 2 volwassenen en max. 3 kinderen (4 t/m 17 jaar). • Uitsluitend geldig op de vermelde datum. Doordeweeks na 9.00 uur; op feestdagen en in het weekend de hele dag. • Geldig in alle Arriva-bussen in Zuid-Holland | P85: B | Q85: alle | R85: regio
A86: E-ticket | B86: Dagkaart streek (wordt alleen verkocht via Tiqets platform i.c.m. met uitje) | C86: nvt | D86: nvt | E86: 5.3 | F86: 5.3 | G86: 5.3 | H86: 5.3 | I86: nvt | J86: Nee | K86: Nee | L86: nvt | M86: nvt | O86: Geldig als dagkaart op alle Arriva buslijnen in Zuid-Holland. Op werkdagen na 9:00 en op weekend- en feestdagen de hele dag. | S86: Niet geldig op Keukenhof Express lijnen
A87: E-ticket | B87: Dagkaart stad (wordt alleen verkocht via Tiqets platform i.c.m. met uitje) | C87: nvt | D87: nvt | E87: 3.2 | F87: 3.2 | G87: 3.2 | H87: 3.2 | I87: nvt | J87: Nee | K87: Nee | L87: nvt | M87: nvt | O87: Geldig als dagkaart op alle Arriva buslijnen binnen de stadsgrenzen van Leiden, Alphen en Gouda in Zuid-Holland. Op werkdagen na 9:00 en op weekend- en feestdagen de hele dag. | S87: Niet geldig op Keukenhof Express lijnen
A88: E-ticket | B88: Dagkaart Kind (wordt alleen verkocht via Tiqets platform i.c.m. met uitje) | C88: nvt | D88: nvt | E88: 2.5 | F88: 2.5 | G88: 2.5 | H88: 2.5 | I88: nvt | J88: Nee | K88: Nee | L88: nvt | M88: nvt | O88: Geldig als dagkaart op alle Arriva buslijnen (streek- stads- en buurtbussen) in Zuid-Holland. Op werkdagen na 9:00 en op weekend- en feestdagen de hele dag. | S88: Niet geldig op Keukenhof Express lijnen
B89: Regio Abonnementen maand (Interoperabel) | C89: Productnr | D89: Contract Tariff Id | E89: 2023 Vaststelling | F89: 2023 Toegepast | G89: 2024 Aanvraag | H89: 2024 Toegepast | O89: Regio abonnementen maand (Interoperabel)
A90: OV-chipkaart producten | B90: Regio Maandabonnement 1 ster - kind (gereduceerd tarief) | C90: 6525 | D90: 6526 | E90: 39 | F90: 39 | G90: 39 | H90: 39 | I90: ja | J90: ja | K90: Nee | L90: ja | M90: ja | O90: In het geldigheidsgebied kan je onbeperkt reizen met de bus, de tram en de metro in Zuid-Holland. Van Arriva, Connexxion, EBS, HTM, HTMbuzz, Qbuzz en RET. Het is ook geldig op de Utrechtse buslijnen 195 en 295 (Utrecht- Rotterdam) die worden gereden door Arriva en Syntus gezamenlijk, én op de R-net treinverbinding Gouda-Alphen aan den Rijn. Je hoeft alleen maar in en uit te checken | P90: BTM +Trein (Rnet) | Q90: 4 t/m11 jaar | R90: meer | S90: Het Regio Abonnement is niet geldig in de Nachtbus 800 van Arriva, de OV-taxi, de RET BOB-bus, de nachtbussen van HTMbuzz en de Waterbus, en niet op de RET Fast Ferry
A91: OV-chipkaart producten | B91: Regio Maandabonnement 1 ster - 12 t/m 18 jr (gereduceerd tarief) | C91: 6525 | D91: 6527 | E91: 39 | F91: 39 | G91: 39 | H91: 39 | I91: ja | J91: ja | K91: Nee | L91: ja | M91: ja | O91: In het geldigheidsgebied kan je onbeperkt reizen met de bus, de tram en de metro in Zuid-Holland. Van Arriva, Connexxion, EBS, HTM, HTMbuzz, Qbuzz en RET. Het is ook geldig op de Utrechtse buslijnen 195 en 295 (Utrecht- Rotterdam) die worden gereden door Arriva en Syntus gezamenlijk, én op de R-net treinverbinding Gouda-Alphen aan den Rijn. Je hoeft alleen maar in en uit te checken | P91: BTM +Trein (Rnet) | Q91: 12 t/m 18 jaar | R91: meer | S91: Het Regio Abonnement is niet geldig in de Nachtbus 800 van Arriva, de OV-taxi, de RET BOB-bus, de nachtbussen van HTMbuzz en de Waterbus, en niet op de RET Fast Ferry
A92: OV-chipkaart producten | B92: Regio Maandabonnement 1 ster - volwassen (vol tarief) | C92: 6525 | D92: 6528 | E92: 59 | F92: 59 | G92: 59 | H92: 59 | I92: ja | J92: ja | K92: Nee | L92: ja | M92: ja | O92: In het geldigheidsgebied kan je onbeperkt reizen met de bus, de tram en de metro in Zuid-Holland. Van Arriva, Connexxion, EBS, HTM, HTMbuzz, Qbuzz en RET. Het is ook geldig op de Utrechtse buslijnen 195 en 295 (Utrecht- Rotterdam) die worden gereden door Arriva en Syntus gezamenlijk, én op de R-net treinverbinding Gouda-Alphen aan den Rijn. Je hoeft alleen maar in en uit te checken | P92: BTM +Trein (Rnet) | Q92: 19 tm 64 jaar | R92: meer | S92: Het Regio Abonnement is niet geldig in de Nachtbus 800 van Arriva, de OV-taxi, de RET BOB-bus, de nachtbussen van HTMbuzz en de Waterbus, en niet op de RET Fast Ferry
A93: OV-chipkaart producten | B93: Regio Maandabonnement 1 ster - senior (gereduceerd tarief) | C93: 6525 | D93: 6529 | E93: 39 | F93: 39 | G93: 39 | H93: 39 | I93: ja | J93: ja | K93: Nee | L93: ja | M93: ja | O93: In het geldigheidsgebied kan je onbeperkt reizen met de bus, de tram en de metro in Zuid-Holland. Van Arriva, Connexxion, EBS, HTM, HTMbuzz, Qbuzz en RET. Het is ook geldig op de Utrechtse buslijnen 195 en 295 (Utrecht- Rotterdam) die worden gereden door Arriva en Syntus gezamenlijk, én op de R-net treinverbinding Gouda-Alphen aan den Rijn. Je hoeft alleen maar in en uit te checken | P93: BTM +Trein (Rnet) | Q93: 65+ | R93: meer | S93: Het Regio Abonnement is niet geldig in de Nachtbus 800 van Arriva, de OV-taxi, de RET BOB-bus, de nachtbussen van HTMbuzz en de Waterbus, en niet op de RET Fast Ferry
A94: OV-chipkaart producten | B94: Regio Maandabonnement 2 ster - kind (gereduceerd tarief) | C94: 6525 | D94: 6526 | E94: 63 | F94: 63 | G94: 63 | H94: 63 | I94: ja | J94: ja | K94: Nee | L94: ja | M94: ja | O94: In het geldigheidsgebied kan je onbeperkt reizen met de bus, de tram en de metro in Zuid-Holland. Van Arriva, Connexxion, EBS, HTM, HTMbuzz, Qbuzz en RET. Het is ook geldig op de Utrechtse buslijnen 195 en 295 (Utrecht- Rotterdam) die worden gereden door Arriva en Syntus gezamenlijk, én op de R-net treinverbinding Gouda-Alphen aan den Rijn. Je hoeft alleen maar in en uit te checken | P94: BTM +Trein (Rnet) | Q94: 4 t/m11 jaar | R94: meer | S94: Het Regio Abonnement is niet geldig in de Nachtbus 800 van Arriva, de OV-taxi, de RET BOB-bus, de nachtbussen van HTMbuzz en de Waterbus, en niet op de RET Fast Ferry
A95: OV-chipkaart producten | B95: Regio Maandabonnement 2 ster - 12 t/m 18 jr (gereduceerd tarief) | C95: 6525 | D95: 6527 | E95: 63 | F95: 63 | G95: 63 | H95: 63 | I95: ja | J95: ja | K95: Nee | L95: ja | M95: ja | O95: In het geldigheidsgebied kan je onbeperkt reizen met de bus, de tram en de metro in Zuid-Holland. Van Arriva, Connexxion, EBS, HTM, HTMbuzz, Qbuzz en RET. Het is ook geldig op de Utrechtse buslijnen 195 en 295 (Utrecht- Rotterdam) die worden gereden door Arriva en Syntus gezamenlijk, én op de R-net treinverbinding Gouda-Alphen aan den Rijn. Je hoeft alleen maar in en uit te checken | P95: BTM +Trein (Rnet) | Q95: 12 t/m 18 jaar | R95: meer | S95: Het Regio Abonnement is niet geldig in de Nachtbus 800 van Arriva, de OV-taxi, de RET BOB-bus, de nachtbussen van HTMbuzz en de Waterbus, en niet op de RET Fast Ferry
A96: OV-chipkaart producten | B96: Regio Maandabonnement 2 ster - volwassen (vol tarief) | C96: 6525 | D96: 6528 | E96: 96 | F96: 96 | G96: 96 | H96: 96 | I96: ja | J96: ja | K96: Nee | L96: ja | M96: ja | O96: In het geldigheidsgebied kan je onbeperkt reizen met de bus, de tram en de metro in Zuid-Holland. Van Arriva, Connexxion, EBS, HTM, HTMbuzz, Qbuzz en RET. Het is ook geldig op de Utrechtse buslijnen 195 en 295 (Utrecht- Rotterdam) die worden gereden door Arriva en Syntus gezamenlijk, én op de R-net treinverbinding Gouda-Alphen aan den Rijn. Je hoeft alleen maar in en uit te checken | P96: BTM +Trein (Rnet) | Q96: 19 tm 64 jaar | R96: meer | S96: Het Regio Abonnement is niet geldig in de Nachtbus 800 van Arriva, de OV-taxi, de RET BOB-bus, de nachtbussen van HTMbuzz en de Waterbus, en niet op de RET Fast Ferry
A97: OV-chipkaart producten | B97: Regio Maandabonnement 2 ster - senior (gereduceerd tarief) | C97: 6525 | D97: 6529 | E97: 63 | F97: 63 | G97: 63 | H97: 63 | I97: ja | J97: ja | K97: Nee | L97: ja | M97: ja | O97: In het geldigheidsgebied kan je onbeperkt reizen met de bus, de tram en de metro in Zuid-Holland. Van Arriva, Connexxion, EBS, HTM, HTMbuzz, Qbuzz en RET. Het is ook geldig op de Utrechtse buslijnen 195 en 295 (Utrecht- Rotterdam) die worden gereden door Arriva en Syntus gezamenlijk, én op de R-net treinverbinding Gouda-Alphen aan den Rijn. Je hoeft alleen maar in en uit te checken | P97: BTM +Trein (Rnet) | Q97: 65+ | R97: meer | S97: Het Regio Abonnement is niet geldig in de Nachtbus 800 van Arriva, de OV-taxi, de RET BOB-bus, de nachtbussen van HTMbuzz en de Waterbus, en niet op de RET Fast Ferry
A98: OV-chipkaart producten | B98: Regio Maandabonnement 3 ster - kind (gereduceerd tarief) | C98: 6525 | D98: 6526 | E98: 94 | F98: 94 | G98: 94 | H98: 94 | I98: ja | J98: ja | K98: Nee | L98: ja | M98: ja | O98: In het geldigheidsgebied kan je onbeperkt reizen met de bus, de tram en de metro in Zuid-Holland. Van Arriva, Connexxion, EBS, HTM, HTMbuzz, Qbuzz en RET. Het is ook geldig op de Utrechtse buslijnen 195 en 295 (Utrecht- Rotterdam) die worden gereden door Arriva en Syntus gezamenlijk, én op de R-net treinverbinding Gouda-Alphen aan den Rijn. Je hoeft alleen maar in en uit te checken | P98: BTM +Trein (Rnet) | Q98: 4 t/m11 jaar | R98: meer | S98: Het Regio Abonnement is niet geldig in de Nachtbus 800 van Arriva, de OV-taxi, de RET BOB-bus, de nachtbussen van HTMbuzz en de Waterbus, en niet op de RET Fast Ferry
A99: OV-chipkaart producten | B99: Regio Maandabonnement 3 ster - 12 t/m 18 jr (gereduceerd tarief) | C99: 6525 | D99: 6527 | E99: 94 | F99: 94 | G99: 94 | H99: 94 | I99: ja | J99: ja | K99: Nee | L99: ja | M99: ja | O99: In het geldigheidsgebied kan je onbeperkt reizen met de bus, de tram en de metro in Zuid-Holland. Van Arriva, Connexxion, EBS, HTM, HTMbuzz, Qbuzz en RET. Het is ook geldig op de Utrechtse buslijnen 195 en 295 (Utrecht- Rotterdam) die worden gereden door Arriva en Syntus gezamenlijk, én op de R-net treinverbinding Gouda-Alphen aan den Rijn. Je hoeft alleen maar in en uit te checken | P99: BTM +Trein (Rnet) | Q99: 12 t/m 18 jaar | R99: meer | S99: Het Regio Abonnement is niet geldig in de Nachtbus 800 van Arriva, de OV-taxi, de RET BOB-bus, de nachtbussen van HTMbuzz en de Waterbus, en niet op de RET Fast Ferry
A100: OV-chipkaart producten | B100: Regio Maandabonnement 3 ster - volwassen (vol tarief) | C100: 6525 | D100: 6528 | E100: 142 | F100: 142 | G100: 142 | H100: 142 | I100: ja | J100: ja | K100: Nee | L100: ja | M100: ja | O100: In het geldigheidsgebied kan je onbeperkt reizen met de bus, de tram en de metro in Zuid-Holland. Van Arriva, Connexxion, EBS, HTM, HTMbuzz, Qbuzz en RET. Het is ook geldig op de Utrechtse buslijnen 195 en 295 (Utrecht- Rotterdam) die worden gereden door Arriva en Syntus gezamenlijk, én op de R-net treinverbinding Gouda-Alphen aan den Rijn. Je hoeft alleen maar in en uit te checken | P100: BTM +Trein (Rnet) | Q100: 19 tm 64 jaar | R100: meer | S100: Het Regio Abonnement is niet geldig in de Nachtbus 800 van Arriva, de OV-taxi, de RET BOB-bus, de nachtbussen van HTMbuzz en de Waterbus, en niet op de RET Fast Ferry
A101: OV-chipkaart producten | B101: Regio Maandabonnement 3 ster - senior (gereduceerd tarief) | C101: 6525 | D101: 6529 | E101: 94 | F101: 94 | G101: 94 | H101: 94 | I101: ja | J101: ja | K101: Nee | L101: ja | M101: ja | O101: In het geldigheidsgebied kan je onbeperkt reizen met de bus, de tram en de metro in Zuid-Holland. Van Arriva, Connexxion, EBS, HTM, HTMbuzz, Qbuzz en RET. Het is ook geldig op de Utrechtse buslijnen 195 en 295 (Utrecht- Rotterdam) die worden gereden door Arriva en Syntus gezamenlijk, én op de R-net treinverbinding Gouda-Alphen aan den Rijn. Je hoeft alleen maar in en uit te checken | P101: BTM +Trein (Rnet) | Q101: 65+ | R101: meer | S101: Het Regio Abonnement is niet geldig in de Nachtbus 800 van Arriva, de OV-taxi, de RET BOB-bus, de nachtbussen van HTMbuzz en de Waterbus, en niet op de RET Fast Ferry
... A113: OV-chipkaart producten | B113: Regio Maandabonnement 6 ster - senior (gereduceerd tarief) | C113: 6525 | D113: 6529 | E113: 187 | F113: 187 | G113: 187 | H113: 187 | I113: ja | J113: ja | K113: Nee | L113: ja | M113: ja | O113: In het geldigheidsgebied kan je onbeperkt reizen met de bus, de tram en de metro in Zuid-Holland. Van Arriva, Connexxion, EBS, HTM, HTMbuzz, Qbuzz en RET. Het is ook geldig op de Utrechtse buslijnen 195 en 295 (Utrecht- Rotterdam) die worden gereden door Arriva en Syntus gezamenlijk, én op de R-net treinverbinding Gouda-Alphen aan den Rijn. Je hoeft alleen maar in en uit te checken | P113: BTM +Trein (Rnet) | Q113: 65+ | R113: meer | S113: Het Regio Abonnement is niet geldig in de Nachtbus 800 van Arriva, de OV-taxi, de RET BOB-bus, de nachtbussen van HTMbuzz en de Waterbus, en niet op de RET Fast Ferry
A114: OV-chipkaart producten | B114: Randstad Noord 2024 maand | C114: Chipoffice | D114: Chipoffice | I114: ja | J114: nee | K114: Nee | L114: nee | M114: nee | O114: AHS 37080 en AHS 38958. Niet geldig op lijn 800. ALLE LIJNEN ZHN,m.u.v. nachtnetlijnen
A115: OV-chipkaart producten | B115: UW-OV sterabonnement maand 2024 | C115: 7520 | D115: 7520 | I115: ja | J115: nee | K115: Nee | L115: nee | M115: nee | O115: Alleen geldig op 295
B116: Regio Abonnementen jaar (Interoperabel) Is 10 maal maandabonnement. | C116: Productnr | D116: Contract Tariff Id | E116: 2023 Vaststelling | F116: 2023 Toegepast | G116: 2024 Aanvraag | H116: 2024 Toegepast | O116: Regio abonnementen jaar (Interoperabel)
A117: OV-chipkaart producten | B117: Regio Jaarabonnement 1 ster - kind (gereduceerd tarief) | C117: 6530 | D117: 6531 | E117: 390 | F117: 390 | G117: 390 | H117: 390 | I117: ja | J117: ja | K117: Nee | L117: ja | M117: ja | O117: In het geldigheidsgebied kan je onbeperkt reizen met de bus, de tram en de metro in Zuid-Holland. Van Arriva, Connexxion, EBS, HTM, HTMbuzz, Qbuzz en RET. Het is ook geldig op de Utrechtse buslijnen 195 en 295 (Utrecht- Rotterdam) die worden gereden door Arriva en Syntus gezamenlijk, én op de R-net treinverbinding Gouda-Alphen aan den Rijn. Je hoeft alleen maar in en uit te checken | P117: BTM +Trein (Rnet) | Q117: 4 t/m11 jaar | R117: meer | S117: Het Regio Abonnement is niet geldig in de Nachtbus 800 van Arriva, de OV-taxi, de RET BOB-bus, de nachtbussen van HTMbuzz en de Waterbus, en niet op de RET Fast Ferry
A118: OV-chipkaart producten | B118: Regio Jaarabonnement 1 ster - 12 t/m 18 jaar (gereduceerd tarief) | C118: 6530 | D118: 6532 | E118: 390 | F118: 390 | G118: 390 | H118: 390 | I118: ja | J118: ja | K118: Nee | L118: ja | M118: ja | O118: In het geldigheidsgebied kan je onbeperkt reizen met de bus, de tram en de metro in Zuid-Holland. Van Arriva, Connexxion, EBS, HTM, HTMbuzz, Qbuzz en RET. Het is ook geldig op de Utrechtse buslijnen 195 en 295 (Utrecht- Rotterdam) die worden gereden door Arriva en Syntus gezamenlijk, én op de R-net treinverbinding Gouda-Alphen aan den Rijn. Je hoeft alleen maar in en uit te checken | P118: BTM +Trein (Rnet) | Q118: 12 t/m 18 jaar | R118: meer | S118: Het Regio Abonnement is niet geldig in de Nachtbus 800 van Arriva, de OV-taxi, de RET BOB-bus, de nachtbussen van HTMbuzz en de Waterbus, en niet op de RET Fast Ferry
A119: OV-chipkaart producten | B119: Regio Jaarabonnement 1 ster - volwassene (vol tarief) | C119: 6530 | D119: 6533 | E119: 590 | F119: 590 | G119: 590 | H119: 590 | I119: ja | J119: ja | K119: Nee | L119: ja | M119: ja | O119: In het geldigheidsgebied kan je onbeperkt reizen met de bus, de tram en de metro in Zuid-Holland. Van Arriva, Connexxion, EBS, HTM, HTMbuzz, Qbuzz en RET. Het is ook geldig op de Utrechtse buslijnen 195 en 295 (Utrecht- Rotterdam) die worden gereden door Arriva en Syntus gezamenlijk, én op de R-net treinverbinding Gouda-Alphen aan den Rijn. Je hoeft alleen maar in en uit te checken | P119: BTM +Trein (Rnet) | Q119: 19 tm 64 jaar | R119: meer | S119: Het Regio Abonnement is niet geldig in de Nachtbus 800 van Arriva, de OV-taxi, de RET BOB-bus, de nachtbussen van HTMbuzz en de Waterbus, en niet op de RET Fast Ferry
A120: OV-chipkaart producten | B120: Regio Jaarabonnement 1 ster - senior (gereduceerd tarief) | C120: 6530 | D120: 6534 | E120: 390 | F120: 390 | G120: 390 | H120: 390 | I120: ja | J120: ja | K120: Nee | L120: ja | M120: ja | O120: In het geldigheidsgebied kan je onbeperkt reizen met de bus, de tram en de metro in Zuid-Holland. Van Arriva, Connexxion, EBS, HTM, HTMbuzz, Qbuzz en RET. Het is ook geldig op de Utrechtse buslijnen 195 en 295 (Utrecht- Rotterdam) die worden gereden door Arriva en Syntus gezamenlijk, én op de R-net treinverbinding Gouda-Alphen aan den Rijn. Je hoeft alleen maar in en uit te checken | P120: BTM +Trein (Rnet) | Q120: 65+ | R120: meer | S120: Het Regio Abonnement is niet geldig in de Nachtbus 800 van Arriva, de OV-taxi, de RET BOB-bus, de nachtbussen van HTMbuzz en de Waterbus, en niet op de RET Fast Ferry
A121: OV-chipkaart producten | B121: Regio Jaarabonnement 2 ster - kind (gereduceerd tarief) | C121: 6530 | D121: 6531 | E121: 630 | F121: 630 | G121: 630 | H121: 630 | I121: ja | J121: ja | K121: Nee | L121: ja | M121: ja | O121: In het geldigheidsgebied kan je onbeperkt reizen met de bus, de tram en de metro in Zuid-Holland. Van Arriva, Connexxion, EBS, HTM, HTMbuzz, Qbuzz en RET. Het is ook geldig op de Utrechtse buslijnen 195 en 295 (Utrecht- Rotterdam) die worden gereden door Arriva en Syntus gezamenlijk, én op de R-net treinverbinding Gouda-Alphen aan den Rijn. Je hoeft alleen maar in en uit te checken | P121: BTM +Trein (Rnet) | Q121: 4 t/m11 jaar | R121: meer | S121: Het Regio Abonnement is niet geldig in de Nachtbus 800 van Arriva, de OV-taxi, de RET BOB-bus, de nachtbussen van HTMbuzz en de Waterbus, en niet op de RET Fast Ferry
A122: OV-chipkaart producten | B122: Regio Jaarabonnement 2 ster - 12 t/m 18 jaar (gereduceerd tarief) | C122: 6530 | D122: 6532 | E122: 630 | F122: 630 | G122: 630 | H122: 630 | I122: ja | J122: ja | K122: Nee | L122: ja | M122: ja | O122: In het geldigheidsgebied kan je onbeperkt reizen met de bus, de tram en de metro in Zuid-Holland. Van Arriva, Connexxion, EBS, HTM, HTMbuzz, Qbuzz en RET. Het is ook geldig op de Utrechtse buslijnen 195 en 295 (Utrecht- Rotterdam) die worden gereden door Arriva en Syntus gezamenlijk, én op de R-net treinverbinding Gouda-Alphen aan den Rijn. Je hoeft alleen maar in en uit te checken | P122: BTM +Trein (Rnet) | Q122: 12 t/m 18 jaar | R122: meer | S122: Het Regio Abonnement is niet geldig in de Nachtbus 800 van Arriva, de OV-taxi, de RET BOB-bus, de nachtbussen van HTMbuzz en de Waterbus, en niet op de RET Fast Ferry
